Workbook
Name \c: #REF!
Name \c: #REF!
Name \c: #REF!
Name \c: #REF!
Name \c: #REF!
Name \c: #REF!
Name \c: #REF!
Name \c: #REF!
Name \c: #REF!
Name \c: #REF!
Name \c: #REF!
Name \D: #REF!
Name \D: #REF!
Name \G: #REF!
Name \G: #REF!
Name \I: #REF!
Name \I: #REF!
Name \I: #REF!
Name \I: #REF!
Name \I: #REF!
Name \I: #REF!
Name \I: #REF!
Name \I: #REF!
Name \I: #REF!
Name \I: #REF!
Name \M: #REF!
Name \M: #REF!
Name \p: #REF!
Name \p: #REF!
Name \p: #REF!
Name \p: #REF!
Name \p: #REF!
Name \p: #REF!
Name \p: #REF!
Name \p: #REF!
Name \p: #REF!
Name \p: #REF!
Name \p: #REF!
Name \R: #REF!
Name \R: #REF!
Name \S: #REF!
Name \S: #REF!
Name \S: #REF!
Name \S: #REF!
Name \S: #REF!
Name \S: #REF!
Name \t: #REF!
Name \t: #REF!
Name \t: #REF!
Name \t: #REF!
Name \t: #REF!
Name \t: #REF!
Name \Y: #REF!
Name \Y: #REF!
Name _: #REF!
Name _: #REF!
Name ______ms299: #REF!
Name ______ms299: #REF!
Name ______ms299: #REF!
Name ______ms299: #REF!

Sheet DMT
B2: JARDIM ANTUNES ETAPA 2 E JARDIM MATE DAS LARANJEIRAS
B4: QUADRO RESUMO DE DISTÂNCIAS DE TRANSPORTE
B5: MATERIAL | C5: PERCURSO | E5: TRANSPORTE COMERCIAL (km) | F5: DMT TOTAL (km)
C6: ORIGEM | D6: DESTINO
B7: CBUQ - COMERCIAL | C7: AMAMBAI | D7: CORONEL SAPUCAIA | E7: 65.4 | F7: =E7 -> 65.4
B8: EMULSÃO ASFÁLTICA TIPO RR-2C | C8: CAMPO GRANDE | D8: CORONEL SAPUCAIA | E8: ='MAT BET'!H9 -> 402.9 | F8: =E8 -> 402.9
B9: EMULSÃO ASFÁLTICA - EAI | C9: CAMPO GRANDE | D9: CORONEL SAPUCAIA | E9: ='MAT BET'!H6 -> 402.9 | F9: =E9 -> 402.9
B10: BRITA, BICA CORRIDA E RACHÃO OU PEDRA DE MÃO | C10: AMAMBAI | D10: CORONEL SAPUCAIA | E10: =E7 -> 65.4 | F10: =E10 -> 65.4
B11: TUBOS DE CONCRETO | C11: DOURADOS | D11: CORONEL SAPUCAIA | E11: 170 | F11: =E11 -> 170
B12: TUBOS PEAD | D12: CORONEL SAPUCAIA | F12: =E12 -> 0
B13: PISO TÁTIL | C13: DOURADOS | D13: CORONEL SAPUCAIA | E13: =E11 -> 170 | F13: =E13 -> 170
B14: GRELHAS | C14: CURITIBA/PR | D14: CORONEL SAPUCAIA | E14: =GRELHA!H5 -> 876.8 | F14: =E14 -> 876.8
B15: BOTA FORA | C15: CORONEL SAPUCAIA | D15: CORONEL SAPUCAIA | E15: 3.4 | F15: =E15 -> 3.4
B16: MATERIAL PARA BASE | C16: AMAMBAI | D16: CORONEL SAPUCAIA | E16: =E7 -> 65.4 | F16: =E16 -> 65.4

Sheet MAT BET
B2: PREÇO MÉDIO DE AQUISIÇÃO DE MATERIAL PARA IMPRIMAÇÃO
B3: Produto | C3: Período | D3: Empresa | E3: UF | F3: Valor R$/kg | G3: Valor R$/t | H3: DMT (km) | I3: TRANSPORTE DMT ATÉ 30 KM (R$/t) | J3: TRANSPORTE DMT EXCEDENTE A 30 KM (R$/t) | K3: Pedágio R$/t | L3: Total Aquisição + Pedágio (R$/t) | M3: Total Aquisição + Alíquota + Pedágio + Transporte (R$/t)
B4: EMULSÃO ASFÁLTICA PARA IMPRIMAÇÃO | C4: 46023 | D4: CBB Asfaltos | E4: Apucarana/PR | F4: 3.26 | G4: =TRUNC(F4*1000,2) -> 3260 | H4: 574.1 | I4: =2.49*30 -> 74.7 | J4: =(H4-30)*0.98 -> 533.218 | K4: =D17 -> 3 | L4: =G4+K4 -> 3263 | M4: =G4+I4+J4+K4 -> 3870.918
C5: 46023 | D5: Greca Asfaltos | E5: Campo Grande/MS | F5: 3.732 | G5: =TRUNC(F5*1000,2) -> 3732 | H5: 402.1 | I5: 0 | J5: 0 | K5: =E17 -> 0 | L5: =G5+K5 -> 3732 | M5: =G5+I5+J5+K5 -> 3732
C6: 46023 | D6: Betunel | E6: Campo Grande/MS | F6: 3 | G6: =TRUNC(F6*1000,2) -> 3000 | H6: 402.9 | I6: =2.49*30 -> 74.7 | J6: =(H6-30)*0.98 -> 365.442 | K6: =F17 -> 13.44 | L6: =G6+K6 -> 3013.44 | M6: =G6+I6+J6+K6 -> 3453.582
B7: EMULSÃO ASFÁLTICA RR-2C | C7: =C4 -> 46023 | D7: CBB Asfaltos | E7: Apucarana/PR | F7: 3.67 | G7: =TRUNC(F7*1000,2) -> 3670 | H7: =H4 -> 574.1 | I7: =2.49*30 -> 74.7 | J7: =(H7-30)*0.98 -> 533.218 | K7: =D17 -> 3 | L7: =G7+K7 -> 3673 | M7: =G7+I7+J7+K7 -> 4280.918
C8: =C5 -> 46023 | D8: Greca Asfaltos | E8: Campo Grande/MS | F8: 4.602 | G8: =TRUNC(F8*1000,2) -> 4602 | H8: =H5 -> 402.1 | I8: 0 | J8: 0 | K8: =E17 -> 0 | L8: =G8+K8 -> 4602 | M8: =G8+I8+J8+K8 -> 4602
C9: =C6 -> 46023 | D9: Betunel | E9: Campo Grande/MS | F9: 3.7 | G9: =TRUNC(F9*1000,2) -> 3700 | H9: =H6 -> 402.9 | I9: =2.49*30 -> 74.7 | J9: =(H9-30)*0.98 -> 365.442 | K9: =F17 -> 13.44 | L9: =G9+K9 -> 3713.44 | M9: =G9+I9+J9+K9 -> 4153.582
L10: * O valor da Greca é CIF
B11: TRANSPORTE DE MATERIAL PARA IMPRIMAÇÃO - PEDÁGIO
B12: Descrição | D12: Apucarana/PR | E12: Campo Grande/MS | F12: Campo Grande/MS | G12: Unidade
B13: Custo c/ Pedágio | C13: Ida | D13: 39 | E13: 0 | F13: 168 | G13: R$/viagem
C14: Volta | D14: 36 | E14: =E13 -> 0 | F14: =F13 -> 168 | G14: R$/viagem
C15: Total | D15: =D13+D14 -> 75 | E15: =E13+E14 -> 0 | F15: =F13+F14 -> 336 | G15: R$/viagem
B16: Capacidade da carreta 6 eixos: | D16: 25 | E16: 25 | F16: 25 | G16: t/viagem
B17: Valor Total: | D17: =ROUND(D15/D16,2) -> 3 | E17: =ROUND(E15/E16,2) -> 0 | F17: =ROUND(F15/F16,2) -> 13.44 | G17: R$/t
C19: Apucarana/PR | H19: Campo Grande/MS | L19: Campo Grande/MS
C20: CBB Asfaltos | H20: GRECA | L20: BETUNEL

Sheet GRELHA
B2: PREÇO MÉDIO DE AQUISIÇÃO DE GRELHAS PARA BOCAS DE LOBO
B3: Produto | C3: Período | D3: Empresa | E3: UF | F3: Valor R$/und | G3: Valor R$/und | H3: DMT (km) | I3: TRANSPORTE DMT ATÉ 30 KM (R$/und) | J3: TRANSPORTE DMT EXCEDENTE A 30 KM (R$/und) | K3: Pedágio R$/t | L3: Total Aquisição + Pedágio (R$/t) | M3: Total Aquisição + Pedágio + Transporte (R$/t)
B4: GRELHAS | C4: 45931 | D4: ALEA | E4: Carmo da Mata/MG | F4: 350 | G4: =TRUNC(F4,2) -> 350 | H4: 1481.5 | I4: =2.2*30*0.04 -> 2.64 | J4: =(H4-30)*0.87*0.04 -> 50.5122 | K4: =D14 -> 4.33 | L4: =G4+K4 -> 354.33 | M4: =G4+I4+J4+K4 -> 407.4822
C5: 45931 | D5: LGR | E5: Curitiba/PR | F5: 801 | G5: =TRUNC(F5,2) -> 801 | H5: 876.8 | I5: =2.2*30*0.04 -> 2.64 | J5: =(H5-30)*0.87*0.04 -> 29.46864 | K5: =E14 -> 1.02 | L5: =G5+K5 -> 802.02 | M5: =G5+I5+J5+K5 -> 834.12864
C6: 45931 | D6: Mais Fer | E6: Claudio/MG | F6: 795 | G6: =TRUNC(F6,2) -> 795 | H6: 1483.6 | I6: =2.2*30*0.04 -> 2.64 | J6: =(H6-30)*0.87*0.04 -> 50.58528 | K6: =F14 -> 4.33 | L6: =G6+K6 -> 799.33 | M6: =G6+I6+J6+K6 -> 852.55528
B8: TRANSPORTE DE MATERIAL PARA GRELHAS - PEDÁGIO
B9: Descrição | D9: =E4 -> Carmo da Mata/MG | E9: =E5 -> Curitiba/PR | F9: =E6 -> Claudio/MG | G9: Unidade | I9: Capacidade de carga carroceria 9T | K9: 9000 | L9: kg
B10: Custo c/ Pedágio | C10: Ida | D10: 487.45 | E10: 115.2 | F10: 487.45 | G10: R$/viagem | I10: Peso adotado p/ grelha | K10: 40 | L10: kg/unidade
C11: Volta | D11: =D10 -> 487.45 | E11: =E10 -> 115.2 | F11: =F10 -> 487.45 | G11: R$/viagem | I11: Capacidade de carga | K11: =K9/K10 -> 225 | L11: und
C12: Total | D12: =D10+D11 -> 974.9 | E12: =E10+E11 -> 230.4 | F12: =F10+F11 -> 974.9 | G12: R$/viagem
B13: Capacidade da carreta 3 eixos: | D13: =K11 -> 225 | E13: =K11 -> 225 | F13: =K11 -> 225 | G13: und/viagem
B14: Valor Total: | D14: =ROUND(D12/D13,2) -> 4.33 | E14: =ROUND(E12/E13,2) -> 1.02 | F14: =ROUND(F12/F13,2) -> 4.33 | G14: R$/t
B16: =E4 -> Carmo da Mata/MG | E16: =E5 -> Curitiba/PR | K16: =F9 -> Claudio/MG

Sheet PRELIMINARES - JDML+JDA-E2
B2: MEMORIAL DE CÁLCULO DE QUANTITATIVOS DE SERVIÇOS PRELIMINARES
B4: Extensão rede de drenagem | D4: ='DRENAGEM - JDML'!AU18+'DRENAGEM - JDA-E2'!AU21+'DRENO - JDA-E2'!L12 -> 2120.8
B5: Extensão pavimentação asfáltica | D5: ='PAVIMENTAÇÃO - JDML'!I12+'PAVIMENTAÇÃO - JDA-E2'!I13 -> 2183.678
B7: Serviço | C7: Critério | G7: Total
B8: Barracão de obra | C8: Implantação Asfáltica até 3.000m ou Rede drenagem até 3.000m ou Drenagem + Pavimentação até 4.000m | E8: 15 | F8: =D4+D5 -> 4304.478 | G8: N.A.
C9: Implantação Asfáltica até 6.000m ou Rede drenagem até 6.000m ou Drenagem + Pavimentação até 8.000m | E9: 30
C10: Implantação Asfáltica acima 6.000m ou Rede drenagem acima 6.000m ou Drenagem + Pavimentação acima 8.000m | E10: 45
B11: Placa de advertência fundo laranja | C11: 2 Placas de (2,0 x 1,125) m² a cada 200,00m de rede ou implantação (aproximandamente uma quadra fechada) | F11: =D4+D5 -> 4304.478 | G11: =ROUNDUP(F11/200,0) -> 22
B12: Tela plástica | C12: Rede de drenagem + dreno X 1,20m (Considerando que as redes e dreno sejam executados em 2 etapas, no mínimo) | F12: =D4 -> 2120.8 | G12: =ROUNDUP(F12*1.2/4,0) -> 637
B13: Sinalização noturna | C13: Rede de drenagem + dreno (Considerando que as redes e dreno sejam executados em 2 etapas, no mínimo) | F13: =D4 -> 2120.8 | G13: =ROUNDUP(F13/4,0) -> 531

Sheet DEMOLIÇÃO - JDML
D4: MEMORIAL DE CÁLCULO DE DEMOLIÇÕES
D5: ESTRUTURA | E5: QUANTIDADE | F5: UNIDADE | G5: CONCRETO SIMPLES (m³/und) | H5: CONCRETO ARMADO (m³/und) | I5: ÁREA DE PAVIMENTO (m²) | J5: TOTAL CONCRETO SIMPLES (m³) | K5: TOTAL CONCRETO ARMADO (m³) | L5: TOTAL PAVIMENTO (m²)
D6: BOCA DE LOBO SIMPLES | E6: 0 | F6: und | G6: 0 | H6: 0.729 | I6: 0 | J6: =TRUNC(E6*G6,2) -> 0 | K6: =TRUNC(E6*H6,2) -> 0 | L6: -
D7: PAVIMENTO EXISTENTE | E7: =44.07+45.43 -> 89.5 | F7: m² | G7: 0 | H7: 0 | I7: =E7 -> 89.5 | J7: - | K7: - | L7: =I7 -> 89.5
D8: MEIO-FIO EXISTENTE | E8: 79.75 | F8: m | G8: 0.0615 | H8: 0 | I8: 0 | J8: =TRUNC(E8*G8,2) -> 4.9 | K8: =TRUNC(E8*H8,2) -> 0 | L8: -
D9: CALÇADA EXISTENTE | E9: 0 | F9: m² | G9: =1*0.07 -> 0.07 | H9: 0 | I9: 0 | J9: =TRUNC(E9*G9,2) -> 0 | K9: =TRUNC(E9*H9,2) -> 0 | L9: -
D10: TOTAL | J10: =SUM(J6:J9) -> 4.9 | K10: =SUM(K6:K9) -> 0 | L10: =SUM(L6:L9) -> 89.5
I12: CARGA, MAN. E DESCARGA MATERIAL DEMOLIDO (EMP. 30%): | J12: =TRUNC((J10+K10+(L10*0.03))*1.3,2) -> 9.86 | K12: m³
I13: DMT BOTA-FORA: | J13: =DMT!F15 -> 3.4 | K13: km
I14: TRANSPORTE MATERIAL DEMOLIDO PARA BOTA-FORA: | J14: =TRUNC(J12*J13,2) -> 33.52 | K14: m³.km

Sheet COORD RETIRADAS
B3: POSTES A REMANEJAR | F3: ÁRVORES A REMOVER
B4: DECRIÇÃO | C4: NORTE | D4: ESTE | F4: DECRIÇÃO | G4: NORTE | H4: ESTE
B5: POSTE XX | F5: ÁRVORE XX
B6: POSTE XX | F6: ÁRVORE XX
B7: POSTE XX | F7: ÁRVORE XX
B8: POSTE XX | F8: ÁRVORE XX
B9: POSTE XX | F9: ÁRVORE XX

Sheet DRENO - JDA-E2
B2: QUANTIFICAÇÃO DOS DRENOS E COLCHÃO DRENANTE
B3: Rua | C3: ESTACAS | I3: Extensão (m) | J3: Larg. de Regularização (m) | K3: TIPO DE DRENO | M3: DRENO SUB-SUPERFICIAL | P3: DRENO PROFUNDO | S3: MACADAME SECO (COLCHÃO DRENANTE) | V3: MANTA GEOTÊXTIL (COLCHÃO DRENANTE)
C4: Início | F4: Fim | K4: Tipo | L4: Extensão (m) | M4: Coef. (m³/m) | N4: Extensão (m) | O4: Volume (m³) | P4: Coef. (m³/m) | Q4: Extensão (m) | R4: Volume (m³) | S4: Área (m²) | T4: Espessura (m) | U4: Volume (m³) | V4: Acréscimo* (m) | W4: Área (m²)
B5: Rua Clemência Antunes | C5: =[1]PAVIMENTAÇÃO!C7 -> 0 | D5: + | E5: 0 | F5: 5 | G5: + | H5: 9.08 | I5: =(F5*20+H5)-(C5*20+E5) -> 109.08 | J5: 7.44 | K5: SUBSUPERFICIAL | L5: =ROUNDUP(I5,0)*2 -> 220 | M5: 0.1674 | N5: =L5 -> 220 | O5: =M5*N5*2 -> 73.656 | P5: 0 | Q5: 0 | R5: =P5*Q5*2 -> 0 | S5: =(I5*J5) -> 811.5552 | T5: 0.3 | U5: =T5*S5 -> 243.46656 | V5: =T5*2 -> 0.6 | W5: =(I5*(V5+J5)) -> 877.0032
B6: Rua Clemência Antunes | C6: 6 | D6: =[1]PAVIMENTAÇÃO!D9 -> + | E6: 12.378 | F6: 11 | G6: =[1]PAVIMENTAÇÃO!G9 -> + | H6: 13.571 | I6: =(F6*20+H6)-(C6*20+E6) -> 101.193 | J6: 0 | K6: PROFUNDO | L6: =ROUNDUP(I6,0)*2 -> 204 | M6: 0 | N6: =(M6*L6)*2 -> 0 | O6: 0 | P6: 0.8164 | Q6: =(P6*L6)*2 -> 333.0912 | R6: =P6*Q6*2 -> 543.87131 | S6: 0 | T6: 0 | U6: =T6*S6 -> 0 | V6: 0 | W6: 0
B7: Rua Clemência Antunes | C7: 12 | D7: =[1]PAVIMENTAÇÃO!D10 -> + | E7: 14.17 | F7: 17 | G7: =[1]PAVIMENTAÇÃO!G10 -> + | H7: 11.688 | I7: =(F7*20+H7)-(C7*20+E7) -> 97.518 | J7: 0 | K7: PROFUNDO | L7: =ROUNDUP(I7,0)*2 -> 196 | M7: 0 | N7: =(M7*L7)*2 -> 0 | O7: 0 | P7: 0.8164 | Q7: =(P7*L7)*2 -> 320.0288 | R7: =P7*Q7*2 -> 522.54302 | S7: 0 | T7: 0 | U7: =T7*S7 -> 0 | V7: 0 | W7: 0
B8: Rua Clemência Antunes | C8: 18 | D8: =[1]PAVIMENTAÇÃO!D11 -> + | E8: 12.177 | F8: 21 | G8: =[1]PAVIMENTAÇÃO!G11 -> + | H8: 8.865 | I8: =(F8*20+H8)-(C8*20+E8) -> 56.688 | J8: 0 | K8: PROFUNDO | L8: =ROUNDUP(I8,0)*2 -> 114 | M8: 0 | N8: =(M8*L8)*2 -> 0 | O8: 0 | P8: 0.8164 | Q8: =(P8*L8)*2 -> 186.1392 | R8: =P8*Q8*2 -> 303.92809 | S8: 0 | T8: 0 | U8: =T8*S8 -> 0 | V8: 0 | W8: 0
B9: Rua José Guiomar | C9: =[1]PAVIMENTAÇÃO!C10 -> 0 | D9: =[1]PAVIMENTAÇÃO!D10 -> + | E9: 6.378 | F9: 4 | G9: =[1]PAVIMENTAÇÃO!G10 -> + | H9: 9.034 | I9: =(F9*20+H9)-(C9*20+E9) -> 82.656 | J9: 0 | K9: PROFUNDO | L9: =ROUNDUP(I9,0)*2 -> 166 | M9: 0 | N9: =(M9*L9)*2 -> 0 | O9: 0 | P9: 0.8164 | Q9: =(P9*L9)*2 -> 271.0448 | R9: =P9*Q9*2 -> 442.56195 | S9: 0 | T9: 0 | U9: =T9*S9 -> 0 | V9: 0 | W9: 0
B10: Rua Batista Terra | C10: =[1]PAVIMENTAÇÃO!C11 -> 0 | D10: =[1]PAVIMENTAÇÃO!D11 -> + | E10: 6.594 | F10: 4 | G10: =[1]PAVIMENTAÇÃO!G11 -> + | H10: 6.488 | I10: =(F10*20+H10)-(C10*20+E10) -> 79.894 | J10: 0 | K10: PROFUNDO | L10: =ROUNDUP(I10,0)*2 -> 160 | M10: 0 | N10: =(M10*L10)*2 -> 0 | O10: 0 | P10: 0.8164 | Q10: =(P10*L10)*2 -> 261.248 | R10: =P10*Q10*2 -> 426.56573 | S10: 0 | T10: 0 | U10: =T10*S10 -> 0 | V10: 0 | W10: 0
B11: Rua Fortunato de Oliveira | C11: =[1]PAVIMENTAÇÃO!C12 -> 0 | D11: + | E11: 6.687 | F11: 4 | G11: + | H11: 4.65 | I11: =(F11*20+H11)-(C11*20+E11) -> 77.963 | J11: 0 | K11: PROFUNDO | L11: =ROUNDUP(I11,0)*2 -> 156 | M11: 0 | N11: =(M11*L11)*2 -> 0 | O11: 0 | P11: 0.8164 | Q11: =(P11*L11)*2 -> 254.7168 | R11: =P11*Q11*2 -> 415.90159 | S11: 0 | T11: 0 | U11: =T11*S11 -> 0 | V11: 0 | W11: 0
B12: TOTAIS | L12: =+SUM(L5:L11) -> 1216 | N12: =+SUM(N5:N11) -> 220 | O12: =+SUM(O5:O11) -> 73.656 | Q12: =+SUM(Q5:Q11) -> 1626.2688 | R12: =+SUM(R5:R11) -> 2655.3717 | U12: =+SUM(U5:U11) -> 243.46656 | W12: =+SUM(W5:W11) -> 877.0032
B14: 1 - Cálculo de manta geotêxtil: ( Extensão do trecho x (Larg. de Regularização + Acréscimo)); | O14: TRANSPORTE
B15: 2 - Cálculo de macadame seco: ( Extensão do trecho x Larg. de Regularização ) x Espessura da camada; | O15: Volume Total de Pedra (Macadame + Brita 2) (m³) : | U15: =(O12*0.1674)+(U12*0.8164)+(R12*(1.1+0.3)) -> 3928.6165
B16: 3 - * A extensão do acréscimo de manta refere-se a 2 vezes a espessura do macadame para transpasse nas laterais. | O16: TRANSP. DE PEDRA (DMT até 30Km) (m³ x km) : | U16: =U15*30 -> 117858.49
O17: TRANSP. DE PEDRA (DMT exc. a 30Km) (t x km) : | U17: =U15*(DMT!F10-30) -> 139073.02
O18: CARGA, MANOBRA E DESCARGA : | U18: =U15 -> 3928.6165

Sheet DRENAGEM - JDML
B1: OBRA: | C1: Implantação de Pavimentação Asfáltica e Drenagem de Águas Pluviais - Parque Industrial e Jardim Mate Laranjeira
B2: CIDADE: | C2: Coronel Sapucaias/MS
G3: Tempo de Retorno (anos): | K3: =C8 -> 10
B4: Equação da Chuva | G4: Vazão (Deflúvio a escoar): | K4: Q = 2,78 x n x I x A x f
G5: Tempo de Concentração - Formulação de Mc Cuen - (tc): L - comprimento talvegue (km) ; S - Declividade (m/m) | K5: Tc = 10,5721 x L⁰’⁵⁵⁵² x S¯⁰’²⁰⁷⁰
B6: a= | C6: 1873.91 | D6: tc= | E6: VAR | G6: Coeficiente de impermeabilidade (C): | K6: 0.6
B7: b= | C7: 0.192 | D7: c= | E7: 13 | G7: Coeficiente de Deflúvio ( f ): | K7: f = a x (I x tc)^1/3
B8: Tr= | C8: 10 | D8: d= | E8: 0.827 | G8: Fator impermeabilidade ( a ): | K8: a = (2,913 + 64,073 x C) x 10³
B10: MEMORIAL DE DIMENSIONAMENTO DA REDE DE DRENAGEM | AT10: MEMORIAL DE CÁLCULO DE QUANTITATIVOS DE TERRAPLENAGEM DRENAGEM
B11: TRECHO | C11: EXTENSÃO (m) | D11: Área de Contribuição (ha) | F11: C Coef. Impermeabilidade | G11: n (A-0,15) Coef. Distribuição | H11: n (A-0,15) Coef. Distribuição | I11: f Coef. de Deflúvio | J11: I Precipitação (L/s/ha) | K11: Vazão Q (m³/s) | L11: Vazão Q Existente (m³/s) | M11: tc (min) | N11: te Tempo Percurso (min) | O11: Desnível (m) | P11: Declividade (%) | Q11: Vazão que Escoa Pela Rua (m³/s) | R11: Desnível Rua (m) | S11: Declividade da Rua (m/m) | T11: Diâmetro de Projeto (m) | U11: Linhas Existentes (und) | V11: Diâmetro Existente (m) | W11: Linhas a Implantar (und) | X11: Diâmetro Comercial (m) | Y11: V (m/s) | Z11: FH | AA11: RH/D | AB11: Tirante y/D (%) | AC11: Tirante Normal Y (m) | AD11: RH | AE11: Vazão Máxima d/D=0,80 (Projetada) (m³/s) | AF11: Vazão Máxima d/D=0,80 (Existente) (m³/s) | AG11: Vazão Máxima TOTAL (m³/s) | AH11: Cota do Terreno ou Greide (m) | AJ11: Profundidade PV (m) | AM11: Cota da Geratriz Inferior Externa (m) | AO11: Cota do Nível d'água (m) | AQ11: Recobrimento da Galeria (m) | AT11: TRECHOS | AU11: EXTENSÃO | AW11: TUBULAÇÃO | BA11: PROFUNDIDADE DA LINHA D'ÁGUA | BC11: ESPESSURA LASTRO - BASE DA GALERIA (se for o caso) | BD11: INCLINAÇÃO TALUDE - 1:(V) | BE11: PRESENÇA DE ESCORAMENTO | BF11: PROFUNDIDADE DA VALA | BH11: LARGURA DA VALA | BJ11: ESCAVAÇÃO MECÂNICA | BV11: BOTA-FORA | CA11: ESCORAMENTO (2 x Prof x Ext) | CG11: PREPARO DE FUNDO DA VALA | CI11: LASTRO COM PREPARO DE FUNDO DE VALA (BASE DA GALERIA) (se for o caso) | CN11: REATERRO | CU11: TRANSPORTE DO TUBO | CV11: TUBOS DN 400MM: | CW11: TUBOS DN 600MM: | CX11: TUBOS DN 800MM: | CY11: TUBOS DN 1000MM: | CZ11: TUBOS DN 1200MM: | DA11: TUBOS DN 1500MM: | DB11: CHAMINÉ PARA PV:
D12: SIMPLES | E12: ACUMULADA | AH12: Montante | AI12: Jusante | AJ12: Degrau | AK12: Montante | AL12: Jusante | AM12: Montante | AN12: Jusante | AO12: Montante | AP12: Jusante | AQ12: Montante | AR12: Jusante | AV12: Nº LINHAS EXISTENTE | AW12: Nº LINHAS | AX12: DIÂMETRO NOMINAL EXISTENTE | AY12: DIÂMETRO NOMINAL | AZ12: PS-1 / PA-1 / PA-2 / PVC | BA12: MONTANTE | BB12: JUSANTE | BF12: MÉDIA ENTRE MONTANTE E JUSANTE | BG12: TOTAL (MÉDIA + BOLSA + LASTRO) | BH12: INFERIOR (BASE DA VALA) | BI12: SUPERIOR (TOPO DA VALA) | BJ12: 0,00 < PROF ≤ 1,50 (0,00 < LARG ≤ 0,80) | BK12: 0,00 < PROF ≤ 1,50 (0,80 < LARG ≤ 1,50) | BL12: 0,00 < PROF ≤ 1,50 (1,50 < LARG ≤ 2,50) | BM12: 1,50 < PROF ≤ 3,00 (0,00 < LARG ≤ 0,80) | BN12: 1,50 < PROF ≤ 3,00 (0,80 < LARG ≤ 1,50) | BO12: 1,50 < PROF ≤ 3,00 (1,50 < LARG ≤ 2,50) | BP12: 3,00 < PROF ≤ 4,50 (0,00 < LARG ≤ 0,80) | BQ12: 3,00 < PROF ≤ 4,50 (0,80 < LARG ≤ 1,50) | BR12: 3,00 < PROF ≤ 4,50 (1,50 < LARG ≤ 2,50) | BS12: 4,50 < PROF ≤ 6,00 (0,00 < LARG ≤ 0,80) | BT12: 4,50 < PROF ≤ 6,00 (0,80 < LARG ≤ 1,50) | BU12: 4,50 < PROF ≤ 6,00 (1,50 < LARG ≤ 2,50) | BV12: VOLUME DO TUBO (SEÇÃO EXTERNA) | BW12: TAXA INSERVÍVEL DO MATERIAL ESCAVADO | BX12: FATOR DE EMPOLAMENTO MAT. ESCAVADO | BY12: VOLUME ESCAVADO INSERVÍVEL | BZ12: VOLUME TOTAL BOTA-FORA (EMPOLADO) | CA12: 0,00 < PROF ≤ 1,50 (0,00 < LARG ≤ 1,50) | CB12: 0,00 < PROF ≤ 1,50 (1,50 < LARG ≤ 2,50) | CC12: 1,50 < PROF ≤ 3,00 (0,00 < LARG ≤ 1,50) | CD12: 1,50 < PROF ≤ 3,00 (1,50 < LARG ≤ 2,50) | CE12: 3,00 < PROF ≤ 4,50 (0,00 < LARG ≤ 1,50) | CF12: 3,00 < PROF ≤ 4,50 (1,50 < LARG ≤ 2,50) | CG12: LARG. DA BASE < 1,50m | CH12: LARG. DA BASE ≥ 1,50m | CI12: MATERIAL | CJ12: VOLUME GEOMÉTRICO (BASE < 1,50m) | CK12: VOLUME GEOMÉTRICO (BASE ≥ 1,50m) | CL12: TAXA DE EMPOLAMENTO MATER. DA BASE | CM12: VOLUME EMPOLADO | CN12: 0,00 < PROF ≤ 1,50 (0,00 < LARG ≤ 0,80) | CO12: 1,50 < PROF ≤ 3,00 (0,00 < LARG ≤ 0,80) | CP12: 0,00 < PROF ≤ 1,50 (0,80 < LARG ≤ 1,50) | CQ12: 1,50 < PROF ≤ 3,00 (0,80 < LARG ≤ 1,50) | CR12: 0,00 < PROF ≤ 1,50 (1,50 < LARG ≤ 2,50) | CS12: 1,50 < PROF ≤ 3,00 (1,50 < LARG ≤ 2,50) | CT12: 3,00 < PROF ≤ 6,00 (1,50 < LARG ≤ 2,50)
AU13: m | AV13: und | AW13: und | AX13: mm | AY13: mm | AZ13: - | BA13: m | BB13: m | BC13: m | BD13: - | BE13: - | BF13: m | BG13: m | BH13: m | BI13: m | BJ13: m³ | BK13: m³ | BL13: m³ | BM13: m³ | BN13: m³ | BO13: m³ | BP13: m³ | BQ13: m³ | BR13: m³ | BS13: m³ | BT13: m³ | BU13: m³ | BV13: m³ | BW13: % | BX13: % | BY13: m³ | BZ13: m³ | CA13: m² | CB13: m² | CC13: m² | CD13: m² | CE13: m² | CF13: m² | CG13: m² | CH13: m² | CI13: - | CJ13: m³ | CK13: m³ | CL13: % | CM13: m³ | CN13: m³ | CO13: m³ | CP13: m³ | CQ13: m³ | CR13: m³ | CS13: m³ | CT13: m³ | CU13: T | CV13: m | CW13: m | CX13: m | CY13: m | CZ13: m | DA13: m | DB13: m
B14: TR-01 | C14: 55 | D14: 1.34 | E14: =D14 -> 1.34 | F14: 0.6 | G14: =IF(E14<1,1,E14^-0.15) -> 0.95704923 | H14: =$E14^-0.15 -> 0.95704923 | I14: =0.0725*F14*((J14*M14)^(0.333333333333333)) -> 0.52985559 | J14: =$C$6*($C$8^$C$7)/(M14+$E$7)^$E$8 -> 239.3599 | K14: =2.78*G14*E14*I14*J14/1000 -> 0.45216067 | L14: 0 | M14: =10.57215256*(C14/1000)^0.5552*P14^-0.207 -> 7.5501119 | N14: =C14/(Y14*60) -> 0.84466878 | O14: =AM14-AN14 -> 0.117 | P14: =O14/C14 -> 0.0021272727 | Q14: =2.78*G14*J14*D14*I14/1000 -> 0.45216067 | R14: =AH14-AI14 -> 0.017 | S14: =R14/C14 -> 0.00030909091 | T14: =1.55*(K14*0.015/(P14)^(1/2))^(3/8) -> 0.75532502 | U14: 0 | V14: 0 | W14: 1 | X14: 0.8 | Y14: =((AD14^(2/3))*(P14^0.5))/0.015 -> 1.085238 | Z14: =IF(W14=1,(K14*0.01)/(((X14)^(8/3))*(P14^0.5)),IF(W14=2,(K14*0.015*0.5)/(((X14)^(8/3))*(P14^0.5)),IF(W14=3,((K14*0.015)/3)/(((X14)^(8/3))*(P14^0.5)),"ERRO"))) -> 0.1777493 | AA14: =VLOOKUP(Z14,$A$103:$C$202,2,TRUE) -> 0.2621 | AB14: =VLOOKUP(Z14,$A$103:$C$202,3,TRUE) -> 0.54 | AC14: =AB14*X14 -> 0.432 | AD14: =AA14*X14 -> 0.20968 | AE14: =((1/0.015)*((0.3042*X14)^(2/3))*(0.6736*(X14^2)*(SQRT(P14))))*W14 -> 0.51669609 | AF14: =((1/0.015)*((0.3042*V14)^(2/3))*(0.6736*(V14^2)*(SQRT(P14))))*U14 -> 0 | AG14: =AE14+AF14 -> 0.51669609 | AH14: 525.331 | AI14: 525.314 | AK14: 1.4 | AL14: 1.5 | AM14: =AH14-AK14 -> 523.931 | AN14: =AI14-AL14 -> 523.814 | AO14: =AM14+AC14 -> 524.363 | AP14: =AN14+AC14 -> 524.246 | AQ14: =AH14-X14*1.105-AM14 -> 0.516 | AR14: =AI14-X14*1.105-AN14 -> 0.616 | AT14: =B14 -> TR-01 | AU14: =C14 -> 55 | AV14: =U14 -> 0 | AW14: =W14 -> 1 | AX14: =V14 -> 0 | AY14: =X14*1000 -> 800 | AZ14: =IF(AY14=600,"PS-1","PA-1") -> PA-1 | BA14: =AK14 -> 1.4 | BB14: =AL14 -> 1.5 | BC14: =IF(AY14>=1000,0.2,0) -> 0 | BD14: 4 | BE14: =IF(BF14>1.25,"Com","Sem") -> Com | BF14: =AVERAGE(BA14:BB14) -> 1.45 | BG14: =BF14+BC14+0.21*AY14/1000 -> 1.618 | BH14: =IF(AW14=1,2*AY14/1000,IF(AW14=2,((1.21*2*(AY14/1000))+0.4),IF(AW14=3,((3*1.21*(AY14/1000))+0.6),0))) -> 1.6 | BI14: =IF(BD14=0,BH14,BH14+2*(1/BD14)*BG14) -> 2.409 | BJ14: =IF(AND(BG14<=1.5,BI14<=0.8),(BI14+BH14)*BG14/2*AU14,"") | BK14: =IF(AND(BG14<=1.5,BI14>0.8,BI14<=1.5),(BI14+BH14)*BG14/2*AU14,"") | BL14: =IF(AND(BG14<=1.5,BI14>1.5),(BI14+BH14)*BG14/2*AU14,"") | BM14: =IF(AND(BG14>1.5,BG14<=3,BI14<=0.8),(BI14+BH14)*BG14/2*AU14,"") | BN14: =IF(AND(BG14>1.5,BG14<=3,BI14>0.8,BI14<=1.5),(BI14+BH14)*BG14/2*AU14,"") | BO14: =IF(AND(BG14>1.5,BG14<=3,BI14>1.5),(BI14+BH14)*BG14/2*AU14,"") -> 178.38046 | BP14: =IF(AND(BG14>3,BG14<=4.5,BI14<=0.8),(BI14+BH14)*BG14/2*AU14,"") | BQ14: =IF(AND(BG14>3,BG14<=4.5,BI14>0.8,BI14<=1.5),(BI14+BH14)*BG14/2*AU14,"") | BR14: =IF(AND(BG14>3,BG14<=4.5,BI14>1.5),(BI14+BH14)*BG14/2*AU14,"") | BS14: =IF(AND(BG14>4.5,BI14<=0.8),(BI14+BH14)*BG14/2*AU14,"") | BT14: =IF(AND(BG14>4.5,BI14>0.8,BI14<=1.5),(BI14+BH14)*BG14/2*AU14,"") | BU14: =IF(AND(BG14>4.5,BI14>1.5),(BI14+BH14)*BG14/2*AU14,"") | BV14: =(PI()*(AY14/1000*1.21)^2/4*AU14)*AW14 -> 40.476531 | BW14: 0 | BX14: 0.15 | BY14: =BW14*SUM(BJ14:BU14) -> 0 | BZ14: =MAX(BY14,BV14)*(1+BX14) -> 46.548011 | CA14: =IF(BE14="Sem","",IF(AND(BG14<=1.5,BI14<=1.5),2*BG14*AU14,"")) | CB14: =IF(BE14="Sem","",IF(AND(BG14<=1.5,BI14>1.5),2*BG14*AU14,"")) | CC14: =IF(BE14="Sem","",IF(AND(BG14>1.5,BG14<=3,BI14<=1.5),2*BG14*AU14,"")) | CD14: =IF(BE14="Sem","",IF(AND(BG14>1.5,BG14<=3,BI14>1.5),2*BG14*AU14,"")) -> 177.98 | CE14: =IF(BE14="Sem","",IF(AND(BG14>3,BI14<=1.5),2*BG14*AU14,"")) | CF14: =IF(BE14="Sem","",IF(AND(BG14>3,BI14>1.5),2*BG14*AU14,"")) | CG14: =IF(BC14<>0,"",IF(BH14<1.5,BH14*AU14,"")) | CH14: =IF(BC14<>0,"",IF(BH14>=1.5,BH14*AU14,"")) -> 88 | CI14: =IF(BC14=0,"-","Brita") -> - | CJ14: =IF(BC14=0,"",IF(BH14<1.5,BC14*BH14*AU14,"")) | CK14: =IF(BC14=0,"",IF(BH14>=1.5,BC14*BH14*AU14,"")) | CL14: 0.1 | CM14: =SUM(CJ14:CK14)*(1+CL14) -> 0 | CN14: =IF(AND(BG14<=1.5,BI14<=0.8),SUM(BJ14:BU14)-BV14,"") | CO14: =IF(AND(BG14>1.5,BG14<=3,BI14<=0.8),SUM(BJ14:BU14)-BV14,"") | CP14: =IF(AND(BG14<=1.5,BI14>0.8,BI14<=1.5),SUM(BJ14:BU14)-BV14,"") | CQ14: =IF(AND(BG14>1.5,BG14<=3,BI14>0.8,BI14<=1.5),SUM(BJ14:BU14)-BV14,"") | CR14: =IF(AND(BG14<=1.5,BI14>1.5),SUM(BJ14:BU14)-BV14,"") | CS14: =IF(AND(BG14>1.5,BG14<=3,BI14>1.5),SUM(BJ14:BU14)-BV14,"") -> 137.90392 | CT14: =IF(AND(BG14>3,BG14<=6,BI14>1.5),SUM(BJ14:BU14)-BV14,"") | CU14: =HLOOKUP(AY14,$AV$25:$BA$26,2,FALSE)*AU14*AW14 -> 29.15 | CV14: =IF(AY14=400,AU14*AW14,0) -> 0 | CW14: =IF($AY14=600,$AU14*AW14,0) -> 0 | CX14: =IF($AY14=800,$AU14*AW14,0) -> 55 | CY14: =IF($AY14=1000,$AU14*AW14,0) -> 0 | CZ14: =IF($AY14=1200,$AU14*AW14,0) -> 0 | DA14: =IF($AY14=1500,$AU14*AW14,0) -> 0 | DB14: =IF(AK14=0,0,(IF(AK14<=1.9,0.3,AK14-1.5))) -> 0.3
B15: TR-02 | C15: 55 | D15: 1.3 | E15: =D15 -> 1.3 | F15: 0.6 | G15: =IF(E15<1,1,E15^-0.15) -> 0.96140969 | H15: =$E15^-0.15 -> 0.96140969 | I15: =0.0725*F15*((J15*M15)^(0.333333333333333)) -> 0.50449087 | J15: =$C$6*($C$8^$C$7)/(M15+$E$7)^$E$8 -> 253.78125 | K15: =2.78*G15*E15*I15*J15/1000 -> 0.4448458 | L15: 0 | M15: =10.57215256*(C15/1000)^0.5552*P15^-0.207 -> 6.1465672 | N15: =C15/(Y15*60) -> 0.53042075 | O15: =AM15-AN15 -> 0.316 | P15: =O15/C15 -> 0.0057454545 | Q15: =2.78*G15*J15*D15*I15/1000 -> 0.4448458 | R15: =AH15-AI15 -> 0.216 | S15: =R15/C15 -> 0.0039272727 | T15: =1.55*(K15*0.015/(P15)^(1/2))^(3/8) -> 0.62311924 | U15: 0 | V15: 0 | W15: 1 | X15: 0.8 | Y15: =((AD15^(2/3))*(P15^0.5))/0.015 -> 1.7281878 | Z15: =IF(W15=1,(K15*0.015)/(((X15)^(8/3))*(P15^0.5)),IF(W15=2,(K15*0.015*0.5)/(((X15)^(8/3))*(P15^0.5)),IF(W15=3,((K15*0.015)/3)/(((X15)^(8/3))*(P15^0.5)),"ERRO"))) -> 0.1596119 | AA15: =VLOOKUP(Z15,$A$103:$C$202,2,TRUE) -> 0.25 | AB15: =VLOOKUP(Z15,$A$103:$C$202,3,TRUE) -> 0.5 | AC15: =AB15*X15 -> 0.4 | AD15: =AA15*X15 -> 0.2 | AE15: =((1/0.015)*((0.3042*X15)^(2/3))*(0.6736*(X15^2)*(SQRT(P15))))*W15 -> 0.84915269 | AF15: =((1/0.015)*((0.3042*V15)^(2/3))*(0.6736*(V15^2)*(SQRT(P15))))*U15 -> 0 | AG15: =AE15+AF15 -> 0.84915269 | AH15: 524.907 | AI15: 524.691 | AK15: 1.4 | AL15: 1.5 | AM15: =AH15-AK15 -> 523.507 | AN15: =AI15-AL15 -> 523.191 | AO15: =AM15+AC15 -> 523.907 | AP15: =AN15+AC15 -> 523.591 | AQ15: =AH15-X15*1.105-AM15 -> 0.516 | AR15: =AI15-X15*1.105-AN15 -> 0.616 | AT15: =B15 -> TR-02 | AU15: =C15 -> 55 | AV15: =U15 -> 0 | AW15: =W15 -> 1 | AX15: =V15 -> 0 | AY15: =X15*1000 -> 800 | AZ15: =IF(AY15=600,"PS-1","PA-1") -> PA-1 | BA15: =AK15 -> 1.4 | BB15: =AL15 -> 1.5 | BC15: =IF(AY15>=1000,0.2,0) -> 0 | BD15: 4 | BE15: =IF(BF15>1.25,"Com","Sem") -> Com | BF15: =AVERAGE(BA15:BB15) -> 1.45 | BG15: =BF15+BC15+0.21*AY15/1000 -> 1.618 | BH15: =IF(AW15=1,2*AY15/1000,IF(AW15=2,((1.21*2*(AY15/1000))+0.4),IF(AW15=3,((3*1.21*(AY15/1000))+0.6),0))) -> 1.6 | BI15: =IF(BD15=0,BH15,BH15+2*(1/BD15)*BG15) -> 2.409 | BJ15: =IF(AND(BG15<=1.5,BI15<=0.8),(BI15+BH15)*BG15/2*AU15,"") | BK15: =IF(AND(BG15<=1.5,BI15>0.8,BI15<=1.5),(BI15+BH15)*BG15/2*AU15,"") | BL15: =IF(AND(BG15<=1.5,BI15>1.5),(BI15+BH15)*BG15/2*AU15,"") | BM15: =IF(AND(BG15>1.5,BG15<=3,BI15<=0.8),(BI15+BH15)*BG15/2*AU15,"") | BN15: =IF(AND(BG15>1.5,BG15<=3,BI15>0.8,BI15<=1.5),(BI15+BH15)*BG15/2*AU15,"") | BO15: =IF(AND(BG15>1.5,BG15<=3,BI15>1.5),(BI15+BH15)*BG15/2*AU15,"") -> 178.38046 | BP15: =IF(AND(BG15>3,BG15<=4.5,BI15<=0.8),(BI15+BH15)*BG15/2*AU15,"") | BQ15: =IF(AND(BG15>3,BG15<=4.5,BI15>0.8,BI15<=1.5),(BI15+BH15)*BG15/2*AU15,"") | BR15: =IF(AND(BG15>3,BG15<=4.5,BI15>1.5),(BI15+BH15)*BG15/2*AU15,"") | BS15: =IF(AND(BG15>4.5,BI15<=0.8),(BI15+BH15)*BG15/2*AU15,"") | BT15: =IF(AND(BG15>4.5,BI15>0.8,BI15<=1.5),(BI15+BH15)*BG15/2*AU15,"") | BU15: =IF(AND(BG15>4.5,BI15>1.5),(BI15+BH15)*BG15/2*AU15,"") | BV15: =(PI()*(AY15/1000*1.21)^2/4*AU15)*AW15 -> 40.476531 | BW15: 0 | BX15: 0.15 | BY15: =BW15*SUM(BJ15:BU15) -> 0 | BZ15: =MAX(BY15,BV15)*(1+BX15) -> 46.548011 | CA15: =IF(BE15="Sem","",IF(AND(BG15<=1.5,BI15<=1.5),2*BG15*AU15,"")) | CB15: =IF(BE15="Sem","",IF(AND(BG15<=1.5,BI15>1.5),2*BG15*AU15,"")) | CC15: =IF(BE15="Sem","",IF(AND(BG15>1.5,BG15<=3,BI15<=1.5),2*BG15*AU15,"")) | CD15: =IF(BE15="Sem","",IF(AND(BG15>1.5,BG15<=3,BI15>1.5),2*BG15*AU15,"")) -> 177.98 | CE15: =IF(BE15="Sem","",IF(AND(BG15>3,BI15<=1.5),2*BG15*AU15,"")) | CF15: =IF(BE15="Sem","",IF(AND(BG15>3,BI15>1.5),2*BG15*AU15,"")) | CG15: =IF(BC15<>0,"",IF(BH15<1.5,BH15*AU15,"")) | CH15: =IF(BC15<>0,"",IF(BH15>=1.5,BH15*AU15,"")) -> 88 | CI15: =IF(BC15=0,"-","Brita") -> - | CJ15: =IF(BC15=0,"",IF(BH15<1.5,BC15*BH15*AU15,"")) | CK15: =IF(BC15=0,"",IF(BH15>=1.5,BC15*BH15*AU15,"")) | CL15: 0.1 | CM15: =SUM(CJ15:CK15)*(1+CL15) -> 0 | CN15: =IF(AND(BG15<=1.5,BI15<=0.8),SUM(BJ15:BU15)-BV15,"") | CO15: =IF(AND(BG15>1.5,BG15<=3,BI15<=0.8),SUM(BJ15:BU15)-BV15,"") | CP15: =IF(AND(BG15<=1.5,BI15>0.8,BI15<=1.5),SUM(BJ15:BU15)-BV15,"") | CQ15: =IF(AND(BG15>1.5,BG15<=3,BI15>0.8,BI15<=1.5),SUM(BJ15:BU15)-BV15,"") | CR15: =IF(AND(BG15<=1.5,BI15>1.5),SUM(BJ15:BU15)-BV15,"") | CS15: =IF(AND(BG15>1.5,BG15<=3,BI15>1.5),SUM(BJ15:BU15)-BV15,"") -> 137.90392 | CT15: =IF(AND(BG15>3,BG15<=6,BI15>1.5),SUM(BJ15:BU15)-BV15,"") | CU15: =HLOOKUP(AY15,$AV$25:$BA$26,2,FALSE)*AU15*AW15 -> 29.15 | CV15: =IF(AY15=400,AU15*AW15,0) -> 0 | CW15: =IF($AY15=600,$AU15*AW15,0) -> 0 | CX15: =IF($AY15=800,$AU15*AW15,0) -> 55 | CY15: =IF($AY15=1000,$AU15*AW15,0) -> 0 | CZ15: =IF($AY15=1200,$AU15*AW15,0) -> 0 | DA15: =IF($AY15=1500,$AU15*AW15,0) -> 0 | DB15: =IF(AK15=0,0,(IF(AK15<=1.9,0.3,AK15-1.5))) -> 0.3
B16: TR-03 | C16: 55 | D16: 1.34 | E16: =D16 -> 1.34 | F16: 0.6 | G16: =IF(E16<1,1,E16^-0.15) -> 0.95704923 | H16: =$E16^-0.15 -> 0.95704923 | I16: =0.0725*F16*((J16*M16)^(0.333333333333333)) -> 0.5143349 | J16: =$C$6*($C$8^$C$7)/(M16+$E$7)^$E$8 -> 248.32309 | K16: =2.78*G16*E16*I16*J16/1000 -> 0.45535171 | L16: 0 | M16: =10.57215256*(C16/1000)^0.5552*P16^-0.207 -> 6.6566098 | N16: =C16/(Y16*60) -> 0.67376737 | O16: =AM16-AN16 -> 0.215 | P16: =O16/C16 -> 0.0039090909 | Q16: =2.78*G16*J16*D16*I16/1000 -> 0.45535171 | R16: =AH16-AI16 -> 0.115 | S16: =R16/C16 -> 0.0020909091 | T16: =1.55*(K16*0.015/(P16)^(1/2))^(3/8) -> 0.67566563 | U16: 0 | V16: 0 | W16: 1 | X16: 0.8 | Y16: =((AD16^(2/3))*(P16^0.5))/0.015 -> 1.3605091 | Z16: =IF(W16=1,(K16*0.01)/(((X16)^(8/3))*(P16^0.5)),IF(W16=2,(K16*0.015*0.5)/(((X16)^(8/3))*(P16^0.5)),IF(W16=3,((K16*0.015)/3)/(((X16)^(8/3))*(P16^0.5)),"ERRO"))) -> 0.1320492 | AA16: =VLOOKUP(Z16,$A$103:$C$202,2,TRUE) -> 0.2331 | AB16: =VLOOKUP(Z16,$A$103:$C$202,3,TRUE) -> 0.45 | AC16: =AB16*X16 -> 0.36 | AD16: =AA16*X16 -> 0.18648 | AE16: =((1/0.015)*((0.3042*X16)^(2/3))*(0.6736*(X16^2)*(SQRT(P16))))*W16 -> 0.70042474 | AF16: =((1/0.015)*((0.3042*V16)^(2/3))*(0.6736*(V16^2)*(SQRT(P16))))*U16 -> 0 | AG16: =AE16+AF16 -> 0.70042474 | AH16: 525.393 | AI16: 525.278 | AK16: 1.4 | AL16: 1.5 | AM16: =AH16-AK16 -> 523.993 | AN16: =AI16-AL16 -> 523.778 | AO16: =AM16+AC16 -> 524.353 | AP16: =AN16+AC16 -> 524.138 | AQ16: =AH16-X16*1.105-AM16 -> 0.516 | AR16: =AI16-X16*1.105-AN16 -> 0.616 | AT16: =B16 -> TR-03 | AU16: =C16 -> 55 | AV16: =U16 -> 0 | AW16: =W16 -> 1 | AX16: =V16 -> 0 | AY16: =X16*1000 -> 800 | AZ16: =IF(AY16=600,"PS-1","PA-1") -> PA-1 | BA16: =AK16 -> 1.4 | BB16: =AL16 -> 1.5 | BC16: =IF(AY16>=1000,0.2,0) -> 0 | BD16: 4 | BE16: =IF(BF16>1.25,"Com","Sem") -> Com | BF16: =AVERAGE(BA16:BB16) -> 1.45 | BG16: =BF16+BC16+0.21*AY16/1000 -> 1.618 | BH16: =IF(AW16=1,2*AY16/1000,IF(AW16=2,((1.21*2*(AY16/1000))+0.4),IF(AW16=3,((3*1.21*(AY16/1000))+0.6),0))) -> 1.6 | BI16: =IF(BD16=0,BH16,BH16+2*(1/BD16)*BG16) -> 2.409 | BJ16: =IF(AND(BG16<=1.5,BI16<=0.8),(BI16+BH16)*BG16/2*AU16,"") | BK16: =IF(AND(BG16<=1.5,BI16>0.8,BI16<=1.5),(BI16+BH16)*BG16/2*AU16,"") | BL16: =IF(AND(BG16<=1.5,BI16>1.5),(BI16+BH16)*BG16/2*AU16,"") | BM16: =IF(AND(BG16>1.5,BG16<=3,BI16<=0.8),(BI16+BH16)*BG16/2*AU16,"") | BN16: =IF(AND(BG16>1.5,BG16<=3,BI16>0.8,BI16<=1.5),(BI16+BH16)*BG16/2*AU16,"") | BO16: =IF(AND(BG16>1.5,BG16<=3,BI16>1.5),(BI16+BH16)*BG16/2*AU16,"") -> 178.38046 | BP16: =IF(AND(BG16>3,BG16<=4.5,BI16<=0.8),(BI16+BH16)*BG16/2*AU16,"") | BQ16: =IF(AND(BG16>3,BG16<=4.5,BI16>0.8,BI16<=1.5),(BI16+BH16)*BG16/2*AU16,"") | BR16: =IF(AND(BG16>3,BG16<=4.5,BI16>1.5),(BI16+BH16)*BG16/2*AU16,"") | BS16: =IF(AND(BG16>4.5,BI16<=0.8),(BI16+BH16)*BG16/2*AU16,"") | BT16: =IF(AND(BG16>4.5,BI16>0.8,BI16<=1.5),(BI16+BH16)*BG16/2*AU16,"") | BU16: =IF(AND(BG16>4.5,BI16>1.5),(BI16+BH16)*BG16/2*AU16,"") | BV16: =(PI()*(AY16/1000*1.21)^2/4*AU16)*AW16 -> 40.476531 | BW16: 0 | BX16: 0.15 | BY16: =BW16*SUM(BJ16:BU16) -> 0 | BZ16: =MAX(BY16,BV16)*(1+BX16) -> 46.548011 | CA16: =IF(BE16="Sem","",IF(AND(BG16<=1.5,BI16<=1.5),2*BG16*AU16,"")) | CB16: =IF(BE16="Sem","",IF(AND(BG16<=1.5,BI16>1.5),2*BG16*AU16,"")) | CC16: =IF(BE16="Sem","",IF(AND(BG16>1.5,BG16<=3,BI16<=1.5),2*BG16*AU16,"")) | CD16: =IF(BE16="Sem","",IF(AND(BG16>1.5,BG16<=3,BI16>1.5),2*BG16*AU16,"")) -> 177.98 | CE16: =IF(BE16="Sem","",IF(AND(BG16>3,BI16<=1.5),2*BG16*AU16,"")) | CF16: =IF(BE16="Sem","",IF(AND(BG16>3,BI16>1.5),2*BG16*AU16,"")) | CG16: =IF(BC16<>0,"",IF(BH16<1.5,BH16*AU16,"")) | CH16: =IF(BC16<>0,"",IF(BH16>=1.5,BH16*AU16,"")) -> 88 | CI16: =IF(BC16=0,"-","Brita") -> - | CJ16: =IF(BC16=0,"",IF(BH16<1.5,BC16*BH16*AU16,"")) | CK16: =IF(BC16=0,"",IF(BH16>=1.5,BC16*BH16*AU16,"")) | CL16: 0.1 | CM16: =SUM(CJ16:CK16)*(1+CL16) -> 0 | CN16: =IF(AND(BG16<=1.5,BI16<=0.8),SUM(BJ16:BU16)-BV16,"") | CO16: =IF(AND(BG16>1.5,BG16<=3,BI16<=0.8),SUM(BJ16:BU16)-BV16,"") | CP16: =IF(AND(BG16<=1.5,BI16>0.8,BI16<=1.5),SUM(BJ16:BU16)-BV16,"") | CQ16: =IF(AND(BG16>1.5,BG16<=3,BI16>0.8,BI16<=1.5),SUM(BJ16:BU16)-BV16,"") | CR16: =IF(AND(BG16<=1.5,BI16>1.5),SUM(BJ16:BU16)-BV16,"") | CS16: =IF(AND(BG16>1.5,BG16<=3,BI16>1.5),SUM(BJ16:BU16)-BV16,"") -> 137.90392 | CT16: =IF(AND(BG16>3,BG16<=6,BI16>1.5),SUM(BJ16:BU16)-BV16,"") | CU16: =HLOOKUP(AY16,$AV$25:$BA$26,2,FALSE)*AU16*AW16 -> 29.15 | CV16: =IF(AY16=400,AU16*AW16,0) -> 0 | CW16: =IF($AY16=600,$AU16*AW16,0) -> 0 | CX16: =IF($AY16=800,$AU16*AW16,0) -> 55 | CY16: =IF($AY16=1000,$AU16*AW16,0) -> 0 | CZ16: =IF($AY16=1200,$AU16*AW16,0) -> 0 | DA16: =IF($AY16=1500,$AU16*AW16,0) -> 0 | DB16: =IF(AK16=0,0,(IF(AK16<=1.9,0.3,AK16-1.5))) -> 0.3
AT17: TUBO 40cm (Tubos de Ligação) | AU17: 124 | AV17: =U17 -> 0 | AW17: 1 | AX17: =V17 -> 0 | AY17: 400 | AZ17: PS-1 | BA17: 1 | BB17: 1.5 | BC17: =IF(AY17>=1000,0.2,0) -> 0 | BD17: 4 | BE17: =IF(BF17>1.25,"Com","Sem") -> Sem | BF17: =AVERAGE(BA17:BB17) -> 1.25 | BG17: =BF17+BC17+0.21*AY17/1000 -> 1.334 | BH17: =IF(AW17=1,2*AY17/1000,IF(AW17=2,((1.21*2*(AY17/1000))+0.4),IF(AW17=3,((3*1.21*(AY17/1000))+0.6),0))) -> 0.8 | BI17: =IF(BD17=0,BH17,BH17+2*(1/BD17)*BG17) -> 1.467 | BJ17: =IF(AND(BG17<=1.5,BI17<=0.8),(BI17+BH17)*BG17/2*AU17,"") | BK17: =IF(AND(BG17<=1.5,BI17>0.8,BI17<=1.5),(BI17+BH17)*BG17/2*AU17,"") -> 187.49904 | BL17: =IF(AND(BG17<=1.5,BI17>1.5),(BI17+BH17)*BG17/2*AU17,"") | BM17: =IF(AND(BG17>1.5,BG17<=3,BI17<=0.8),(BI17+BH17)*BG17/2*AU17,"") | BN17: =IF(AND(BG17>1.5,BG17<=3,BI17>0.8,BI17<=1.5),(BI17+BH17)*BG17/2*AU17,"") | BO17: =IF(AND(BG17>1.5,BG17<=3,BI17>1.5),(BI17+BH17)*BG17/2*AU17,"") | BP17: =IF(AND(BG17>3,BG17<=4.5,BI17<=0.8),(BI17+BH17)*BG17/2*AU17,"") | BQ17: =IF(AND(BG17>3,BG17<=4.5,BI17>0.8,BI17<=1.5),(BI17+BH17)*BG17/2*AU17,"") | BR17: =IF(AND(BG17>3,BG17<=4.5,BI17>1.5),(BI17+BH17)*BG17/2*AU17,"") | BS17: =IF(AND(BG17>4.5,BI17<=0.8),(BI17+BH17)*BG17/2*AU17,"") | BT17: =IF(AND(BG17>4.5,BI17>0.8,BI17<=1.5),(BI17+BH17)*BG17/2*AU17,"") | BU17: =IF(AND(BG17>4.5,BI17>1.5),(BI17+BH17)*BG17/2*AU17,"") | BV17: =(PI()*(AY17/1000*1.21)^2/4*AU17)*AW17 -> 22.814045 | BW17: 0 | BX17: 0.15 | BY17: =BW17*SUM(BJ17:BU17) -> 0 | BZ17: =MAX(BY17,BV17)*(1+BX17) -> 26.236152 | CA17: =IF(BE17="Sem","",IF(AND(BG17<=1.5,BI17<=1.5),2*BG17*AU17,"")) | CB17: =IF(BE17="Sem","",IF(AND(BG17<=1.5,BI17>1.5),2*BG17*AU17,"")) | CC17: =IF(BE17="Sem","",IF(AND(BG17>1.5,BG17<=3,BI17<=1.5),2*BG17*AU17,"")) | CD17: =IF(BE17="Sem","",IF(AND(BG17>1.5,BG17<=3,BI17>1.5),2*BG17*AU17,"")) | CE17: =IF(BE17="Sem","",IF(AND(BG17>3,BI17<=1.5),2*BG17*AU17,"")) | CF17: =IF(BE17="Sem","",IF(AND(BG17>3,BI17>1.5),2*BG17*AU17,"")) | CG17: =IF(BC17<>0,"",IF(BH17<1.5,BH17*AU17,"")) -> 99.2 | CH17: =IF(BC17<>0,"",IF(BH17>=1.5,BH17*AU17,"")) | CI17: =IF(BC17=0,"-","Brita") -> - | CJ17: =IF(BC17=0,"",IF(BH17<1.5,BC17*BH17*AU17,"")) | CK17: =IF(BC17=0,"",IF(BH17>=1.5,BC17*BH17*AU17,"")) | CL17: 0.1 | CM17: =SUM(CJ17:CK17)*(1+CL17) -> 0 | CN17: =IF(AND(BG17<=1.5,BI17<=0.8),SUM(BJ17:BU17)-BV17,"") | CO17: =IF(AND(BG17>1.5,BG17<=3,BI17<=0.8),SUM(BJ17:BU17)-BV17,"") | CP17: =IF(AND(BG17<=1.5,BI17>0.8,BI17<=1.5),SUM(BJ17:BU17)-BV17,"") -> 164.68499 | CQ17: =IF(AND(BG17>1.5,BG17<=3,BI17>0.8,BI17<=1.5),SUM(BJ17:BU17)-BV17,"") | CR17: =IF(AND(BG17<=1.5,BI17>1.5),SUM(BJ17:BU17)-BV17,"") | CS17: =IF(AND(BG17>1.5,BG17<=3,BI17>1.5),SUM(BJ17:BU17)-BV17,"") | CT17: =IF(AND(BG17>3,BG17<=6,BI17>1.5),SUM(BJ17:BU17)-BV17,"") | CU17: =HLOOKUP(AY17,$AV$25:$BA$26,2,FALSE)*AU17*AW17 -> 22.32 | CV17: =IF(AY17=400,AU17*AW17,0) -> 124 | CW17: =IF($AY17=600,$AU17*AW17,0) -> 0 | CX17: =IF($AY17=800,$AU17*AW17,0) -> 0 | CY17: =IF($AY17=1000,$AU17*AW17,0) -> 0 | CZ17: =IF($AY17=1200,$AU17*AW17,0) -> 0 | DA17: =IF($AY17=1500,$AU17*AW17,0) -> 0 | DB17: =IF($AY17=1500,$AU17*AX17,0) -> 0
AT18: TOTAL | AU18: =SUM(CV18:DA18) -> 289 | AV18: - | AW18: - | AX18: - | AY18: - | AZ18: - | BA18: - | BB18: - | BC18: - | BD18: - | BE18: - | BF18: - | BG18: - | BH18: - | BI18: - | BJ18: =SUM(BJ14:BJ17) -> 0 | BK18: =TRUNC(SUM(BK14:BK17),2) -> 187.49 | BL18: =TRUNC(SUM(BL14:BL17),2) -> 0 | BM18: =TRUNC(SUM(BM14:BM17),2) -> 0 | BN18: =TRUNC(SUM(BN14:BN17),2) -> 0 | BO18: =TRUNC(SUM(BO14:BO17),2) -> 535.14 | BP18: =TRUNC(SUM(BP14:BP17),2) -> 0 | BQ18: =TRUNC(SUM(BQ14:BQ17),2) -> 0 | BR18: =TRUNC(SUM(BR14:BR17),2) -> 0 | ... BV18: =TRUNC(SUM(BV14:BV17),2) -> 144.24 | BW18: - | BX18: - | BY18: - | BZ18: =TRUNC(SUM(BZ14:BZ17),2) -> 165.88 | CA18: =TRUNC(SUM(CA14:CA17),2) -> 0 | CB18: =TRUNC(SUM(CB14:CB17),2) -> 0 | CC18: =TRUNC(SUM(CC14:CC17),2) -> 0 | CD18: =TRUNC(SUM(CD14:CD17),2) -> 533.94 | CE18: =TRUNC(SUM(CE14:CE17),2) -> 0 | CF18: =TRUNC(SUM(CF14:CF17),2) -> 0 | CG18: =TRUNC(SUM(CG14:CG17),2) -> 99.2 | CH18: =TRUNC(SUM(CH14:CH17),2) -> 264 | CI18: - | CJ18: =SUM(CJ14:CJ17) -> 0 | CK18: =TRUNC(SUM(CK14:CK17),2) -> 0 | CL18: - | CM18: =TRUNC(SUM(CM14:CM17),2) -> 0 | CN18: =TRUNC(SUM(CN14:CN17),2) -> 0 | CO18: =TRUNC(SUM(CO14:CO17),2) -> 0 | CP18: =TRUNC(SUM(CP14:CP17),2) -> 164.68 | CQ18: =TRUNC(SUM(CQ14:CQ17),2) -> 0 | CR18: =TRUNC(SUM(CR14:CR17),2) -> 0 | CS18: =TRUNC(SUM(CS14:CS17),2) -> 413.71 | CT18: =TRUNC(SUM(CT14:CT17),2) -> 0 | ... CY18: =TRUNC(SUM(CY14:CY17),2) -> 0 | CZ18: =SUM(CZ14:CZ17) -> 0 | DA18: =SUM(DA14:DA17) -> 0 | DB18: =SUM(DB14:DB17) -> 0.9
Z19: CONFERIR AS COLUNAS: Y Z E AF (VELOCIDADE FH E VAZÃO) | CS19: PEAD
Z20: * PARA TUBOS PEAD USAR O COEF. = 0,01; | AT20: 1) NOSSO USUAL PARA O TALUDE DE ESCAVAÇÃO É 1/4; | CS20: CONCRETO
Z21: * PARA TUBOS DE CONCRETO USAR O COEF. = 0,015; | AT21: 2) PESO DOS TUBOS SÃO OS MESMOS ADOTADOS PELA DEIURB/AGESUL.
AV23: CONCRETO | BB23: PEAD
AV24: PS-1 | AW24: PS-1 | AX24: PA-1 | AY24: PA-1 | AZ24: PA-1 | BA24: PA-1 | BB24: PEAD | BC24: PEAD | BD24: PEAD
AT25: Diâmetro | AV25: 400 | AW25: 600 | AX25: 800 | AY25: 1000 | AZ25: 1200 | BA25: 1500 | BB25: 600 | BC25: 800 | BD25: 1000
AT26: Peso linear (t/m) | AV26: 0.18 | AW26: 0.35 | AX26: 0.53 | AY26: 0.8 | AZ26: 1.36 | BA26: 1.93 | BB26: 0.02 | BC26: 0.029 | BD26: 0.035
AT28: PLANILHA DE QUANTIDADES DE SERVIÇOS DA DRENAGEM PROFUNDA
AT29: DRENAGEM PROFUNDA - DRENO PROFUNDO COM TUBO PEAD | AV29: Hmédia(m) | AW29: COMPRIM. (M) | AX29: BASE INFERIOR (M) | AY29: BASE SUPERIOR (M) | AZ29: ESCAVAÇÃO MECANICA (M³) | BA29: REATERRO MECÂNICO PROF. 0,0 A 1,50m (M³) | BB29: BOTA FORA (M³) | BC29: TUBO PEAD DN 150MM | BD29: PEDRA BRITADA Nº3 | BE29: MANTA GEOTEXTIL 200G/M²
AZ30: =(((AY30+AX30)*$AV30)/2)*$AW30 -> 0 | BA30: =AZ30-BB30/1.3 -> 0 | BB30: =0.2799*AW30*1.3 -> 0 | BC30: =AW30 -> 0 | BD30: =0.2323*AW30 -> 0 | BE30: =2.1*AW30 -> 0
AU33: TRANSP. TUBOS DMT ATÉ 30km: | AV33: =IF(AV43>30,TRUNC((CU18)*30,2),TRUNC((CU18)*AV43,2)) -> 3293.1 | AW33: t.km
AU34: TRANSP. TUBOS DMT EXC 30km: | AV34: =IF(AV43>30,TRUNC((CU18)*(AV43-30),2),0) -> 15367.8 | AW34: t.km
AU35: TRANSP. TUBOS PEAD DMT ATÉ 30km: | AV35: =IF(AV44>30,TRUNC((#REF!+#REF!+#REF!+#REF!+#REF!+#REF!+#REF!)*30,2),TRUNC((#REF!+#REF!+#REF!+#REF!+#REF!+#REF!+#REF!)*AV44,2)) -> #REF! | AW35: t.km
AU36: TRANSP. TUBOS PEAD DMT EXC 30km: | AV36: =IF(AV44>30,TRUNC((#REF!+#REF!+#REF!+#REF!+#REF!+#REF!+#REF!)*(AV44-30),2),0) -> 0 | AW36: t.km
AU37: TRANSP. BOTA FORA: | AV37: =TRUNC(BZ18*AV45,2) -> 563.99 | AW37: m³.km
AU38: TRANSP. BRITA DMT ATÉ 30km: | AV38: =TRUNC(BG43*AV46,2) -> 0 | AW38: m³.km
AU39: TRANSP. BRITA DMT EXC 30km: | AV39: 0 | AW39: m³.km
AU40: TRANSP. BRITA LASTRO DMT ATÉ 30km: | AV40: =TRUNC(CM18*AV46,2) -> 0 | AW40: m³.km
AU41: TRANSP. BRITA LASTRO DMT ATÉ 30km: | AV41: =IF(AV47>30,TRUNC(CM18*30,2),TRUNC(CM18*AV47,2)) -> 0 | AW41: m³.km
AU42: TRANSP. BRITA LASTRO DMT EXC 30km: | AV42: =IF(AV47>30,TRUNC(CM18*(AV47-30),2),0) -> 0 | AW42: m³.km
AU43: DMT TUBOS DE CONCRETO: | AV43: =DMT!F11 -> 170 | AW43: km
AU44: DMT TUBOS PEAD: | AV44: =[2]DMT!F10 -> 0 | AW44: km
AU45: DMT BOTA FORA: | AV45: =DMT!F15 -> 3.4 | AW45: km
AU46: DMT BRITA: | AV46: =[2]DMT!F8 -> 65.8 | AW46: km
AU47: DMT BRITA: | AV47: =DMT!F10 -> 65.4 | AW47: km
A83: Coeficiente de Impermeabilização e Fator a
A85: Graus de Urbanização | B85: Uso do Solo | C85: Coeficiente de Impermeabilidade (C) | D85: Fator a
A86: 1 | B86: Áreas densamente urbanizadas | C86: 0.8 | D86: 0.058
A87: 2 | B87: Zonas residenciais urbanas | C87: 0.6 | D87: 0.043
A88: 3 | B88: Zonas suburbanas | C88: 0.4 | D88: 0.029
A89: 4 | B89: Zona Rural | C89: 0.25 | D89: 0.018
A92: Tempo de entrada em áreas urbanas
A94: Natureza da área a montante | B94: Declividade da sarjeta
B95: I <= 3% | C95: I > 3%
A96: Áreas densamente construídas | B96: 10 min | C96: 5 min
A97: Áreas residenciais | B97: 12 min | C97: 10 min
A98: Parques e jardins | B98: 15 min | C98: 12 min
A101: FH de 0.001 a 0.080 | N101: C2 | O101: C3 | P101: y d | Q101: C1
A102: FH | B102: RH/D | C102: y/D | N102: 0.0152 | O102: 0.0237 | P102: 0.15 | Q102: 0.0739
A103: 0.0001 | B103: 0.0066 | C103: 0.01 | N103: 0.0174 | O103: 0.0269 | P103: 0.16 | Q103: 0.0811
A104: 0.0002 | B104: 0.0132 | C104: 0.02 | N104: 0.0197 | O104: 0.0304 | P104: 0.17 | Q104: 0.0805
A105: 0.0005 | B105: 0.0197 | C105: 0.03 | N105: 0.0221 | O105: 0.034 | P105: 0.18 | Q105: 0.0961
A106: 0.0009 | B106: 0.0262 | C106: 0.04 | N106: 0.0246 | O106: 0.0377 | P106: 0.19 | Q106: 0.103
A107: 0.0015 | B107: 0.0326 | C107: 0.05 | N107: 0.0273 | O107: 0.0418 | P107: 0.2 | Q107: 0.111
A108: 0.0022 | B108: 0.0389 | C108: 0.06 | N108: 0.0302 | O108: 0.0461 | P108: 0.21 | Q108: 0.1199
A109: 0.0031 | B109: 0.0451 | C109: 0.07 | N109: 0.0331 | O109: 0.0304 | P109: 0.22 | Q109: 0.1261
A110: 0.0041 | B110: 0.0513 | C110: 0.08 | N110: 0.0361 | O110: 0.0549 | P110: 0.23 | Q110: 0.1366
A111: 0.0052 | B111: 0.0575 | C111: 0.09 | N111: 0.0394 | O111: 0.0597 | P111: 0.24 | Q111: 0.1449
A112: 0.0065 | B112: 0.0635 | C112: 0.1 | N112: 0.0427 | O112: 0.0646 | P112: 0.25 | Q112: 0.1535
A113: 0.008 | B113: 0.0695 | C113: 0.11 | N113: 0.0432 | O113: 0.0698 | P113: 0.26 | Q113: 0.1623
A114: 0.0095 | B114: 0.0755 | C114: 0.12 | N114: 0.0498 | O114: 0.0752 | P114: 0.27 | Q114: 0.1711
... A150: 0.1453 | B150: 0.2435 | C150: 0.48 | N150: 0.2251 | O150: 0.3828 | P150: 0.63 | Q150: 0.522
A151: 0.1506 | B151: 0.2468 | C151: 0.49 | N151: 0.2305 | O151: 0.3949 | P151: 0.64 | Q151: 0,5310.
A152: 0.1558 | B152: 0.25 | C152: 0.5 | N152: 0.2354 | O152: 0.4062 | P152: 0.65 | Q152: 0.54
A153: 0.1612 | B153: 0.2531 | C153: 0.51 | N153: 0.241 | O153: 0.4162 | P153: 0.66 | Q153: 0.55
A154: 0.1665 | B154: 0.2562 | C154: 0.52 | N154: 0.2461 | O154: 0.4312 | P154: 0.67 | Q154: 0.559
A155: 0.1718 | B155: 0.2592 | C155: 0.53 | N155: 0.251 | O155: 0.4444 | P155: 0.68 | Q155: 0.569
A156: 0.1772 | B156: 0.2621 | C156: 0.54 | N156: 0.2561 | O156: 0.457 | P156: 0.69 | Q156: 0.578
A157: 0.1826 | B157: 0.2649 | C157: 0.55 | N157: 0.2607 | O157: 0.47 | P157: 0.7 | Q157: 0.587
A158: 0.1879 | B158: 0.2676 | C158: 0.56 | N158: 0.2659 | O158: 0.4831 | P158: 0.71 | Q158: 0.696
A159: 0.1933 | B159: 0.2703 | C159: 0.57 | N159: 0.2705 | O159: 0.4987 | P159: 0.72 | Q159: 0.605
A160: 0.1987 | B160: 0.2728 | C160: 0.58 | N160: 0.2751 | O160: 0.5108 | P160: 0.73 | Q160: 0.614
A161: 0.2041 | B161: 0.2753 | C161: 0.59 | N161: 0.2798 | O161: 0.524 | P161: 0.74 | Q161: 0.623
A162: 0.2094 | B162: 0.2776 | C162: 0.6 | N162: 0.2845 | O162: 0.54 | P162: 0.75 | Q162: 0.632
A163: 0.2147 | B163: 0.2799 | C163: 0.61 | N163: 0.2881 | O163: 0.5543 | P163: 0.76 | Q163: 0.64
... A176: 0.2798 | B176: 0.3008 | C176: 0.74 | N176: 0.33 | O176: 0.8017 | P176: 0.89 | Q176: 0.738
A177: 0.2842 | B177: 0.3017 | C177: 0.75
A178: 0.2886 | B178: 0.3024 | C178: 0.76
A179: 0.2928 | B179: 0.3031 | C179: 0.77
A180: 0.2969 | B180: 0.3036 | C180: 0.78
A181: 0.3009 | B181: 0.304 | C181: 0.79
A182: 0.3047 | B182: 0.3042 | C182: 0.8
A183: 0.3083 | B183: 0.3043 | C183: 0.81
A184: 0.3118 | B184: 0.3043 | C184: 0.82
A185: 0.3151 | B185: 0.3041 | C185: 0.83
A186: 0.3183 | B186: 0.3038 | C186: 0.84
A187: 0.3212 | B187: 0.3033 | C187: 0.85
A188: 0.3239 | B188: 0.3026 | C188: 0.86
... A202: 0.3117 | B202: 0.25 | C202: 1

Sheet DRENAGEM - JDA-E2
B1: OBRA: | C1: Implantação de Pavimentação Asfáltica e Drenagem de Águas Pluviais - Jardim Antunes - Etapa II
B2: CIDADE: | C2: Coronel Sapucaia/MS
G3: Tempo de Retorno (anos): | K3: =C8 -> 10
B4: Equação da Chuva | G4: Vazão (Deflúvio a escoar): | K4: Q = 2,78 x n x I x A x f
G5: Tempo de Concentração - Formulação de Mc Cuen - (tc): L - comprimento talvegue (km) ; S - Declividade (m/m) | K5: Tc = 10,5721 x L⁰’⁵⁵⁵² x S¯⁰’²⁰⁷⁰
B6: a= | C6: 1873.91 | D6: tc= | E6: VAR | G6: Coeficiente de impermeabilidade (C): | K6: =F14 -> 0.6 | AI6: 516.422 | AJ6: 515.945
B7: b= | C7: 0.192 | D7: c= | E7: 13 | G7: Coeficiente de Deflúvio ( f ): | K7: f = a x (I x tc)^1/3
B8: Tr= | C8: 10 | D8: d= | E8: 0.827 | G8: Fator impermeabilidade ( a ): | K8: a = (2,913 + 64,073 x C) x 10³
B10: PLANILHA DE DIMENSIONAMENTO | Y10: PLANILHA DE DIMENSIONAMENTO | AT10: PLANILHA DE QUANTIDADES DE SERVIÇOS DA TERRAPLENAGEM DRENAGEM
B11: TRECHO | C11: EXTENSÃO (m) | D11: Área de Contribuição (ha) | F11: C Coef. Impermeabilidade | G11: n (A-0,15) Coef. Distribuição | H11: n (A-0,15) Coef. Distribuição | I11: f Coef. de Deflúvio | J11: I Precipitação (L/s/ha) | K11: Vazão Q (m³/s) | L11: Vazão Q Existente (m³/s) | M11: tc (min) | N11: te Tempo Percurso (min) | O11: Desnível (m) | P11: Declividade (%) | Q11: Vazão que Escoa Pela Rua (m³/s) | R11: Desnível Rua (m) | S11: Declividade da Rua (m/m) | T11: Diâmetro de Projeto (m) | U11: Linhas Existentes (und) | V11: Diâmetro Existente (m) | W11: Linhas a Implantar (und) | X11: Verificação Diâmetro 1 Linha | Y11: Diâmetro Comercial (m) | Z11: V (m/s) | AA11: FH | AB11: RH/D | AC11: Tirante y/D (%) | AD11: Tirante Normal Y (m) | AE11: RH | AF11: Vazão Máxima p/ h=0,94d (Projetada) (m³/s) | AG11: Vazão Máxima p/ h=0,94d (Existente) (m³/s) | AH11: Vazão Máxima TOTAL (m³/s) | AI11: Cota do Terreno ou Greide (m) | AK11: Profundidade PV (m) | AM11: Cota da Geratriz Inferior Externa (m) | AO11: Cota do Nível d'água (m) | AQ11: Recobrimento da Galeria (m) | AT11: TRECHOS | AU11: EXTENSÃO | AW11: TUBULAÇÃO | BA11: PROFUNDIDADE DA LINHA D'ÁGUA | BC11: ESPESSURA LASTRO - BASE DA GALERIA (se for o caso) | BD11: INCLINAÇÃO TALUDE - 1:(V) | BE11: PRESENÇA DE ESCORAMENTO | BF11: PROFUNDIDADE DA VALA | BH11: LARGURA DA VALA | BJ11: ESCAVAÇÃO MECÂNICA | BV11: BOTA-FORA | CA11: ESCORAMENTO (2 x Prof x Ext) | CG11: PREPARO DE FUNDO DA VALA | CI11: LASTRO COM PREPARO DE FUNDO DE VALA (BASE DA GALERIA) (se for o caso) | CN11: REATERRO | CZ11: TRANSPORTE DO TUBO | DA11: TUBOS DN 400MM: | DB11: TUBOS DN 600MM: | DC11: TUBOS DN 600MM PEAD: | DD11: TUBOS DN 800MM: | DE11: TUBOS DN 1000MM: | DF11: TUBOS DN 1200MM: | DG11: TUBOS DN 1500MM:
D12: SIMPLES | E12: ACUMULADA | AI12: Montante | AJ12: Jusante | AK12: Montante | AL12: Jusante | AM12: Montante | AN12: Jusante | AO12: Montante | AP12: Jusante | AQ12: Montante | AR12: Jusante | AV12: Nº LINHAS EXISTENTE | AW12: Nº LINHAS | AX12: DIÂMETRO NOMINAL EXISTENTE | AY12: DIÂMETRO NOMINAL | AZ12: PS-1 / PA-1 / PA-2 / PVC | BA12: MONTANTE | BB12: JUSANTE | BF12: MÉDIA ENTRE MONTANTE E JUSANTE | BG12: TOTAL (MÉDIA + BOLSA + LASTRO) | BH12: INFERIOR (BASE DA VALA) | BI12: SUPERIOR (TOPO DA VALA) | BJ12: 0,00 < PROF ≤ 1,50 (0,00 < LARG ≤ 0,80) | BK12: 0,00 < PROF ≤ 1,50 (0,80 < LARG ≤ 1,50) | BL12: 0,00 < PROF ≤ 1,50 (1,50 < LARG ≤ 2,50) | BM12: 1,50 < PROF ≤ 3,00 (0,00 < LARG ≤ 0,80) | BN12: 1,50 < PROF ≤ 3,00 (0,80 < LARG ≤ 1,50) | BO12: 1,50 < PROF ≤ 3,00 (1,50 < LARG ≤ 2,50) | BP12: 3,00 < PROF ≤ 4,50 (0,00 < LARG ≤ 0,80) | BQ12: 3,00 < PROF ≤ 4,50 (0,80 < LARG ≤ 1,50) | BR12: 3,00 < PROF ≤ 4,50 (1,50 < LARG ≤ 2,50) | BS12: 4,50 < PROF ≤ 6,00 (0,00 < LARG ≤ 0,80) | BT12: 4,50 < PROF ≤ 6,00 (0,80 < LARG ≤ 1,50) | BU12: 4,50 < PROF ≤ 6,00 (1,50 < LARG ≤ 2,50) | BV12: VOLUME DO TUBO (SEÇÃO EXTERNA) | BW12: TAXA INSERVÍVEL DO MATERIAL ESCAVADO | BX12: FATOR DE EMPOLAMENTO MAT. ESCAVADO | BY12: VOLUME ESCAVADO INSERVÍVEL | BZ12: VOLUME TOTAL BOTA-FORA (EMPOLADO) | CA12: 0,00 < PROF ≤ 1,50 (0,00 < LARG ≤ 1,50) | CB12: 0,00 < PROF ≤ 1,50 (1,50 < LARG ≤ 2,50) | CC12: 1,50 < PROF ≤ 3,00 (0,00 < LARG ≤ 1,50) | CD12: 1,50 < PROF ≤ 3,00 (1,50 < LARG ≤ 2,50) | CE12: 3,00 < PROF ≤ 4,50 (0,00 < LARG ≤ 1,50) | CF12: 3,00 < PROF ≤ 4,50 (1,50 < LARG ≤ 2,50) | CG12: LARG. DA BASE < 1,50m | CH12: LARG. DA BASE ≥ 1,50m | CI12: MATERIAL | CJ12: VOLUME GEOMÉTRICO (BASE < 1,50m) | CK12: VOLUME GEOMÉTRICO (BASE ≥ 1,50m) | CL12: TAXA DE EMPOLAMENTO MATER. DA BASE | CM12: VOLUME EMPOLADO | CN12: 0,00 < PROF ≤ 1,50 (0,00 < LARG ≤ 0,80) | CO12: 0,00 < PROF ≤ 1,50 (0,80 < LARG ≤ 1,50) | CP12: 0,00 < PROF ≤ 1,50 (1,50 < LARG ≤ 2,50) | CQ12: 1,50 < PROF ≤ 3,00 (0,00 < LARG ≤ 0,80) | CR12: 1,50 < PROF ≤ 3,00 (0,80 < LARG ≤ 1,50) | CS12: 1,50 < PROF ≤ 3,00 (1,50 < LARG ≤ 2,50) | CT12: 3,00 < PROF ≤ 4,50 (0,00 < LARG ≤ 0,80) | CU12: 3,00 < PROF ≤ 4,50 (0,80 < LARG ≤ 1,50) | CV12: 3,00 < PROF ≤ 4,50 (1,50 < LARG ≤ 2,50) | CW12: 4,50 < PROF ≤ 6,00 (0,00 < LARG ≤ 0,80) | CX12: 4,50 < PROF ≤ 6,00 (0,80 < LARG ≤ 1,50) | CY12: 4,50 < PROF ≤ 6,00 (1,50 < LARG ≤ 2,50)
AT13: TRECHOS | AU13: m | AV13: und | AW13: und | AX13: mm | AY13: mm | AZ13: - | BA13: m | BB13: m | BC13: m | BD13: - | BE13: - | BF13: m | BG13: m | BH13: m | BI13: m | BJ13: m³ | BK13: m³ | BL13: m³ | BM13: m³ | BN13: m³ | BO13: m³ | BP13: m³ | BQ13: m³ | BR13: m³ | BS13: m³ | BT13: m³ | BU13: m³ | BV13: m³ | BW13: % | BX13: % | BY13: m³ | BZ13: m³ | CA13: m² | CB13: m² | CC13: m² | CD13: m² | CE13: m² | CF13: m² | CG13: m² | CH13: m² | CI13: - | CJ13: m³ | CK13: m³ | CL13: % | CM13: m³ | CN13: m³ | CO13: m³ | CP13: m³ | CQ13: m³ | CR13: m³ | CS13: m³ | CT13: m³ | CU13: m³ | CV13: m³ | CW13: m³ | CX13: m³ | CY13: m³ | CZ13: T | DA13: m | DB13: m | DC13: m | DD13: m | DE13: m | DF13: m | DG13: m
B14: TR-01 | C14: 47 | D14: 0.97 | E14: 0.97 | F14: 0.6 | G14: =IF(E14<1,1,IF(H14<0.5,0.5,H14)) -> 1 | H14: =$E14^-0.15 -> 1.0045793 | I14: =0.0725*F14*((J14*M14)^(0.333333333333333)) -> 0.4939075 | J14: =$C$6*($C$8^$C$7)/(M14+$E$7)^$E$8 -> 259.45173 | K14: =2.78*G14*E14*I14*J14/1000 -> 0.34555623 | L14: 0 | M14: =10.57215256*(C14/1000)^0.5552*P14^-0.207 -> 5.6417327 | N14: =C14/(Z14*60) -> 0.49082565 | O14: =AM14-AN14 -> 0.268 | P14: =O14/C14 -> 0.0057021277 | Q14: =2.78*G14*J14*D14*I14/1000 -> 0.34555623 | R14: =AI14-AJ14 -> 0.168 | S14: =R14/C14 -> 0.0035744681 | T14: =1.55*(K14*0.015/(P14)^(1/2))^(3/8) -> 0.56761455 | U14: 0 | V14: 0 | W14: 1 | Y14: 0.6 | Z14: =((AE14^(2/3))*(P14^0.5))/0.015 -> 1.5959503 | AA14: =IF(W14=1,(K14*0.015)/(((Y14)^(8/3))*(P14^0.5)),IF(W14=2,(K14*0.015*0.5)/(((Y14)^(8/3))*(P14^0.5)),IF(W14=3,((K14*0.015)/3)/(((Y14)^(8/3))*(P14^0.5)),"ERRO"))) -> 0.26803295 | AB14: =VLOOKUP(AA14,$A$106:$C$205,2,TRUE) -> 0.2975 | AC14: =VLOOKUP(AA14,$A$106:$C$205,3,TRUE) -> 0.71 | AD14: =AC14*Y14 -> 0.426 | AE14: =AB14*Y14 -> 0.1785 | AF14: =((1/0.015)*((0.2895*Y14)^(2/3))*(0.7662*(Y14^2)*(SQRT(P14))))*W14 -> 0.43228656 | AG14: =((1/0.015)*((0.2895*V14)^(2/3))*(0.7662*(V14^2)*(SQRT(P14))))*U14 -> 0 | AH14: =AF14+AG14 -> 0.43228656 | AI14: 516.137 | AJ14: 515.969 | AK14: 1.7 | AL14: 1.8 | AM14: =AI14-AK14 -> 514.437 | AN14: =AJ14-AL14 -> 514.169 | AO14: =AM14+AD14 -> 514.863 | AP14: =AN14+AD14 -> 514.595 | AQ14: =AI14-Y14*1.105-AM14 -> 1.037 | AR14: =AJ14-Y14*1.105-AN14 -> 1.137 | AT14: =B14 -> TR-01 | AU14: =C14 -> 47 | AV14: =U14 -> 0 | AW14: =W14 -> 1 | AX14: =V14 -> 0 | AY14: =Y14*1000 -> 600 | AZ14: PA-1 | BA14: =AK14 -> 1.7 | BB14: =AL14 -> 1.8 | BC14: 0.3 | BD14: 4 | BE14: =IF(BF14>1.25,"Com","Sem") -> Com | BF14: =AVERAGE(BA14:BB14) -> 1.75 | BG14: =BF14+BC14+0.21*AY14/1000 -> 2.176 | BH14: =IF(AW14=1,2*AY14/1000,IF(AW14=2,((1.21*2*(AY14/1000))+0.4),IF(AW14=3,((3*1.21*(AY14/1000))+0.6),0))) -> 1.2 | BI14: =IF(BD14=0,BH14,BH14+2*(1/BD14)*BG14) -> 2.288 | BJ14: =IF(AND(BG14<=1.5,BI14<=0.8),(BI14+BH14)*BG14/2*AU14,"") | BK14: =IF(AND(BG14<=1.5,BI14>0.8,BI14<=1.5),(BI14+BH14)*BG14/2*AU14,"") | BL14: =IF(AND(BG14<=1.5,BI14>1.5),(BI14+BH14)*BG14/2*AU14,"") | BM14: =IF(AND(BG14>1.5,BG14<=3,BI14<=0.8),(BI14+BH14)*BG14/2*AU14,"") | BN14: =IF(AND(BG14>1.5,BG14<=3,BI14>0.8,BI14<=1.5),(BI14+BH14)*BG14/2*AU14,"") | BO14: =IF(AND(BG14>1.5,BG14<=3,BI14>1.5),(BI14+BH14)*BG14/2*AU14,"") -> 178.36237 | BP14: =IF(AND(BG14>3,BG14<=4.5,BI14<=0.8),(BI14+BH14)*BG14/2*AU14,"") | BQ14: =IF(AND(BG14>3,BG14<=4.5,BI14>0.8,BI14<=1.5),(BI14+BH14)*BG14/2*AU14,"") | BR14: =IF(AND(BG14>3,BG14<=4.5,BI14>1.5),(BI14+BH14)*BG14/2*AU14,"") | BS14: =IF(AND(BG14>4.5,BI14<=0.8),(BI14+BH14)*BG14/2*AU14,"") | BT14: =IF(AND(BG14>4.5,BI14>0.8,BI14<=1.5),(BI14+BH14)*BG14/2*AU14,"") | BU14: =IF(AND(BG14>4.5,BI14>1.5),(BI14+BH14)*BG14/2*AU14,"") | BV14: =PI()*(AY14/1000*1.21)^2/4*AU14 -> 19.456333 | BW14: 0 | BX14: 0.3 | BY14: =BW14*SUM(BJ14:BU14) -> 0 | BZ14: =MAX(BY14,BV14)*(1+BX14) -> 25.293232 | CA14: =IF(BE14="Sem","",IF(AND(BG14<=1.5,BI14<=1.5),2*BG14*AU14,"")) | CB14: =IF(BE14="Sem","",IF(AND(BG14<=1.5,BI14>1.5),2*BG14*AU14,"")) | CC14: =IF(BE14="Sem","",IF(AND(BG14>1.5,BG14<=3,BI14<=1.5),2*BG14*AU14,"")) | CD14: =IF(BE14="Sem","",IF(AND(BG14>1.5,BG14<=3,BI14>1.5),2*BG14*AU14,"")) -> 204.544 | CE14: =IF(BE14="Sem","",IF(AND(BG14>3,BI14<=1.5),2*BG14*AU14,"")) | CF14: =IF(BE14="Sem","",IF(AND(BG14>3,BI14>1.5),2*BG14*AU14,"")) | CG14: =IF(BC14<>0,"",IF(BH14<1.5,BH14*AU14,"")) | CH14: =IF(BC14<>0,"",IF(BH14>=1.5,BH14*AU14,"")) | CI14: Brita | CJ14: =IF(BC14=0,"",IF(BH14<1.5,BC14*BH14*AU14,"")) -> 16.92 | CK14: =IF(BC14=0,"",IF(BH14>=1.5,BC14*BH14*AU14,"")) | CL14: 0.3 | CM14: =SUM(CJ14:CK14)*(1+CL14) -> 21.996 | CN14: =IF(AND(BG14<=1.5,BI14<=0.8),SUM(BJ14:BU14)-BV14,"") | CO14: =IF(AND(BG14<=1.5,BI14>0.8,BI14<=1.5),SUM(BJ14:BU14)-BV14,"") | CP14: =IF(AND(BG14<=1.5,BI14>1.5),SUM(BJ14:BU14)-BV14,"") | CQ14: =IF(AND(BG14>1.5,BG14<=3,BI14<=0.8),SUM(BJ14:BU14)-BV14,"") | CR14: =IF(AND(BG14>1.5,BG14<=3,BI14>0.8,BI14<=1.5),SUM(BJ14:BU14)-BV14,"") | CS14: =IF(AND(BG14>1.5,BG14<=3,BI14>1.5),SUM(BJ14:BU14)-BV14,"") -> 158.90604 | CT14: =IF(AND(BG14>3,BG14<=4.5,BI14<=0.8),SUM(BJ14:BU14)-BV14,"") | CU14: =IF(AND(BG14>3,BG14<=4.5,BI14>0.8,BI14<=1.5),SUM(BJ14:BU14)-BV14,"") | CV14: =IF(AND(BG14>3,BG14<=4.5,BI14>1.5),SUM(BJ14:BU14)-BV14,"") | CW14: =IF(AND(BG14>4.5,BI14<=0.8),SUM(BJ14:BU14)-BV14,"") | CX14: =IF(AND(BG14>4.5,BI14>0.8,BI14<=1.5),SUM(BJ14:BU14)-BV14,"") | CY14: =IF(AND(BG14>4.5,BI14>1.5),SUM(BJ14:BU14)-BV14,"") | CZ14: =IFERROR(IF(AZ14="PA-1",HLOOKUP(AY14,$AV$27:$BF$28,2,FALSE)*AU14*AW14,AZ$28*AU14),0) -> 14.711 | DA14: =IF(AY14=400,AU14*AW14,0) -> 0 | DB14: =IF($AY14=600,$AU14,0) -> 47 | DC14: =IF(AND($AY14=600,$AZ14="PEAD"),$AU14*AW14,0) -> 0 | DD14: =IF($AY14=800,$AU14*AW14,0) -> 0 | DE14: =IF($AY14=1000,$AU14*AW14,0) -> 0 | DF14: =IF($AY14=1200,$AU14*AW14,0) -> 0 | DG14: =IF($AY14=1500,$AU14*AW14,0) -> 0
B15: TR-02 | C15: 118 | D15: 0.97 | E15: =E14+D15 -> 1.94 | F15: 0.6 | G15: =IF(E15<1,1,IF(H15<0.5,0.5,H15)) -> 0.90537759 | H15: =$E15^-0.15 -> 0.90537759 | I15: =0.0725*F15*((J15*M15)^(0.333333333333333)) -> 0.50420904 | J15: =$C$6*($C$8^$C$7)/(M15+$E$7)^$E$8 -> 253.93492 | K15: =2.78*G15*E15*I15*J15/1000 -> 0.6251861 | L15: 0 | M15: =+M14+N14 -> 6.1325584 | N15: =C15/(Z15*60) -> 0.56437525 | O15: =AM15-AN15 -> 3.518 | P15: =O15/C15 -> 0.029813559 | Q15: =2.78*G15*J15*D15*I15/1000 -> 0.31259305 | R15: =AI15-AJ15 -> 3.418 | S15: =R15/C15 -> 0.028966102 | T15: =1.55*(K15*0.015/(P15)^(1/2))^(3/8) -> 0.51989641 | U15: 0 | V15: 0 | W15: 1 | Y15: 0.6 | Z15: =((AE15^(2/3))*(P15^0.5))/0.015 -> 3.4846791 | AA15: =IF(W15=1,(K15*0.015)/(((Y15)^(8/3))*(P15^0.5)),IF(W15=2,(K15*0.015*0.5)/(((Y15)^(8/3))*(P15^0.5)),IF(W15=3,((K15*0.015)/3)/(((Y15)^(8/3))*(P15^0.5)),"ERRO"))) -> 0.21207541 | AB15: =VLOOKUP(AA15,$A$106:$C$205,2,TRUE) -> 0.2776 | AC15: =VLOOKUP(AA15,$A$106:$C$205,3,TRUE) -> 0.6 | AD15: =AC15*Y15 -> 0.36 | AE15: =AB15*Y15 -> 0.16656 | AF15: =((1/0.015)*((0.2895*Y15)^(2/3))*(0.7662*(Y15^2)*(SQRT(P15))))*W15 -> 0.98846246 | AG15: =((1/0.015)*((0.2895*V15)^(2/3))*(0.7662*(V15^2)*(SQRT(P15))))*U15 -> 0 | AH15: =AF15+AG15 -> 0.98846246 | AI15: =AJ14 -> 515.969 | AJ15: 512.551 | AK15: =AL14 -> 1.8 | AL15: 1.9 | AM15: =AI15-AK15 -> 514.169 | AN15: =AJ15-AL15 -> 510.651 | AO15: =AM15+AD15 -> 514.529 | AP15: =AN15+AD15 -> 511.011 | AQ15: =AI15-Y15*1.105-AM15 -> 1.137 | AR15: =AJ15-Y15*1.105-AN15 -> 1.237 | AT15: =B15 -> TR-02 | AU15: =C15 -> 118 | AV15: =U15 -> 0 | AW15: =W15 -> 1 | AX15: =V15 -> 0 | AY15: =Y15*1000 -> 600 | AZ15: PA-1 | BA15: =AK15 -> 1.8 | BB15: =AL15 -> 1.9 | BC15: 0.3 | BD15: 4 | BE15: =IF(BF15>1.25,"Com","Sem") -> Com | BF15: =AVERAGE(BA15:BB15) -> 1.85 | BG15: =BF15+BC15+0.21*AY15/1000 -> 2.276 | BH15: =IF(AW15=1,2*AY15/1000,IF(AW15=2,((1.21*2*(AY15/1000))+0.4),IF(AW15=3,((3*1.21*(AY15/1000))+0.6),0))) -> 1.2 | BI15: =IF(BD15=0,BH15,BH15+2*(1/BD15)*BG15) -> 2.338 | BJ15: =IF(AND(BG15<=1.5,BI15<=0.8),(BI15+BH15)*BG15/2*AU15,"") | BK15: =IF(AND(BG15<=1.5,BI15>0.8,BI15<=1.5),(BI15+BH15)*BG15/2*AU15,"") | BL15: =IF(AND(BG15<=1.5,BI15>1.5),(BI15+BH15)*BG15/2*AU15,"") | BM15: =IF(AND(BG15>1.5,BG15<=3,BI15<=0.8),(BI15+BH15)*BG15/2*AU15,"") | BN15: =IF(AND(BG15>1.5,BG15<=3,BI15>0.8,BI15<=1.5),(BI15+BH15)*BG15/2*AU15,"") | BO15: =IF(AND(BG15>1.5,BG15<=3,BI15>1.5),(BI15+BH15)*BG15/2*AU15,"") -> 475.09679 | BP15: =IF(AND(BG15>3,BG15<=4.5,BI15<=0.8),(BI15+BH15)*BG15/2*AU15,"") | BQ15: =IF(AND(BG15>3,BG15<=4.5,BI15>0.8,BI15<=1.5),(BI15+BH15)*BG15/2*AU15,"") | BR15: =IF(AND(BG15>3,BG15<=4.5,BI15>1.5),(BI15+BH15)*BG15/2*AU15,"") | BS15: =IF(AND(BG15>4.5,BI15<=0.8),(BI15+BH15)*BG15/2*AU15,"") | BT15: =IF(AND(BG15>4.5,BI15>0.8,BI15<=1.5),(BI15+BH15)*BG15/2*AU15,"") | BU15: =IF(AND(BG15>4.5,BI15>1.5),(BI15+BH15)*BG15/2*AU15,"") | BV15: =PI()*(AY15/1000*1.21)^2/4*AU15 -> 48.847814 | BW15: 0 | BX15: 0.3 | BY15: =BW15*SUM(BJ15:BU15) -> 0 | BZ15: =MAX(BY15,BV15)*(1+BX15) -> 63.502158 | CA15: =IF(BE15="Sem","",IF(AND(BG15<=1.5,BI15<=1.5),2*BG15*AU15,"")) | CB15: =IF(BE15="Sem","",IF(AND(BG15<=1.5,BI15>1.5),2*BG15*AU15,"")) | CC15: =IF(BE15="Sem","",IF(AND(BG15>1.5,BG15<=3,BI15<=1.5),2*BG15*AU15,"")) | CD15: =IF(BE15="Sem","",IF(AND(BG15>1.5,BG15<=3,BI15>1.5),2*BG15*AU15,"")) -> 537.136 | CE15: =IF(BE15="Sem","",IF(AND(BG15>3,BI15<=1.5),2*BG15*AU15,"")) | CF15: =IF(BE15="Sem","",IF(AND(BG15>3,BI15>1.5),2*BG15*AU15,"")) | CG15: =IF(BC15<>0,"",IF(BH15<1.5,BH15*AU15,"")) | CH15: =IF(BC15<>0,"",IF(BH15>=1.5,BH15*AU15,"")) | CI15: Brita | CJ15: =IF(BC15=0,"",IF(BH15<1.5,BC15*BH15*AU15,"")) -> 42.48 | CK15: =IF(BC15=0,"",IF(BH15>=1.5,BC15*BH15*AU15,"")) | CL15: 0.3 | CM15: =SUM(CJ15:CK15)*(1+CL15) -> 55.224 | CN15: =IF(AND(BG15<=1.5,BI15<=0.8),SUM(BJ15:BU15)-BV15,"") | CO15: =IF(AND(BG15<=1.5,BI15>0.8,BI15<=1.5),SUM(BJ15:BU15)-BV15,"") | CP15: =IF(AND(BG15<=1.5,BI15>1.5),SUM(BJ15:BU15)-BV15,"") | CQ15: =IF(AND(BG15>1.5,BG15<=3,BI15<=0.8),SUM(BJ15:BU15)-BV15,"") | CR15: =IF(AND(BG15>1.5,BG15<=3,BI15>0.8,BI15<=1.5),SUM(BJ15:BU15)-BV15,"") | CS15: =IF(AND(BG15>1.5,BG15<=3,BI15>1.5),SUM(BJ15:BU15)-BV15,"") -> 426.24898 | CT15: =IF(AND(BG15>3,BG15<=4.5,BI15<=0.8),SUM(BJ15:BU15)-BV15,"") | CU15: =IF(AND(BG15>3,BG15<=4.5,BI15>0.8,BI15<=1.5),SUM(BJ15:BU15)-BV15,"") | CV15: =IF(AND(BG15>3,BG15<=4.5,BI15>1.5),SUM(BJ15:BU15)-BV15,"") | CW15: =IF(AND(BG15>4.5,BI15<=0.8),SUM(BJ15:BU15)-BV15,"") | CX15: =IF(AND(BG15>4.5,BI15>0.8,BI15<=1.5),SUM(BJ15:BU15)-BV15,"") | CY15: =IF(AND(BG15>4.5,BI15>1.5),SUM(BJ15:BU15)-BV15,"") | CZ15: =IFERROR(IF(AZ15="PA-1",HLOOKUP(AY15,$AV$27:$BF$28,2,FALSE)*AU15*AW15,AZ$28*AU15),0) -> 36.934 | DA15: =IF(AY15=400,AU15*AW15,0) -> 0 | DB15: =IF($AY15=600,$AU15,0) -> 118 | DC15: =IF(AND($AY15=600,$AZ15="PEAD"),$AU15*AW15,0) -> 0 | DD15: =IF($AY15=800,$AU15*AW15,0) -> 0 | DE15: =IF($AY15=1000,$AU15*AW15,0) -> 0 | DF15: =IF($AY15=1200,$AU15*AW15,0) -> 0 | DG15: =IF($AY15=1500,$AU15*AW15,0) -> 0
B16: TR-03 | C16: 58 | D16: 0.3 | E16: =E15+D16 -> 2.24 | F16: 0.6 | G16: =IF(E16<1,1,IF(H16<0.5,0.5,H16)) -> 0.88605932 | H16: =$E16^-0.15 -> 0.88605932 | I16: =0.0725*F16*((J16*M16)^(0.333333333333333)) -> 0.51508031 | J16: =$C$6*($C$8^$C$7)/(M16+$E$7)^$E$8 -> 247.90259 | K16: =2.78*G16*E16*I16*J16/1000 -> 0.70454969 | L16: 0 | M16: =+M15+N15 -> 6.6969336 | N16: =C16/(Z16*60) -> 0.24061662 | O16: =AM16-AN16 -> 2.324 | P16: =O16/C16 -> 0.040068966 | Q16: =2.78*G16*J16*D16*I16/1000 -> 0.094359333 | R16: =AI16-AJ16 -> 2.424 | S16: =R16/C16 -> 0.041793103 | T16: =1.55*(K16*0.015/(P16)^(1/2))^(3/8) -> 0.51440627 | U16: 0 | V16: 0 | W16: 1 | Y16: 0.6 | Z16: =((AE16^(2/3))*(P16^0.5))/0.015 -> 4.0174559 | AA16: =IF(W16=1,(K16*0.015)/(((Y16)^(8/3))*(P16^0.5)),IF(W16=2,(K16*0.015*0.5)/(((Y16)^(8/3))*(P16^0.5)),IF(W16=3,((K16*0.015)/3)/(((Y16)^(8/3))*(P16^0.5)),"ERRO"))) -> 0.20615577 | AB16: =VLOOKUP(AA16,$A$106:$C$205,2,TRUE) -> 0.2753 | AC16: =VLOOKUP(AA16,$A$106:$C$205,3,TRUE) -> 0.59 | AD16: =AC16*Y16 -> 0.354 | AE16: =AB16*Y16 -> 0.16518 | AF16: =((1/0.015)*((0.2895*Y16)^(2/3))*(0.7662*(Y16^2)*(SQRT(P16))))*W16 -> 1.145928 | AG16: =((1/0.015)*((0.2895*V16)^(2/3))*(0.7662*(V16^2)*(SQRT(P16))))*U16 -> 0 | AH16: =AF16+AG16 -> 1.145928 | AI16: =AJ15 -> 512.551 | AJ16: 510.127 | AK16: =AL15 -> 1.9 | AL16: 1.8 | AM16: =AI16-AK16 -> 510.651 | AN16: =AJ16-AL16 -> 508.327 | AO16: =AM16+AD16 -> 511.005 | AP16: =AN16+AD16 -> 508.681 | AQ16: =AI16-Y16*1.105-AM16 -> 1.237 | AR16: =AJ16-Y16*1.105-AN16 -> 1.137 | AT16: =B16 -> TR-03 | AU16: =C16 -> 58 | AV16: =U16 -> 0 | AW16: =W16 -> 1 | AX16: =V16 -> 0 | AY16: =Y16*1000 -> 600 | AZ16: PA-1 | BA16: =AK16 -> 1.9 | BB16: =AL16 -> 1.8 | BC16: 0.3 | BD16: 4 | BE16: =IF(BF16>1.25,"Com","Sem") -> Com | BF16: =AVERAGE(BA16:BB16) -> 1.85 | BG16: =BF16+BC16+0.21*AY16/1000 -> 2.276 | BH16: =IF(AW16=1,2*AY16/1000,IF(AW16=2,((1.21*2*(AY16/1000))+0.4),IF(AW16=3,((3*1.21*(AY16/1000))+0.6),0))) -> 1.2 | BI16: =IF(BD16=0,BH16,BH16+2*(1/BD16)*BG16) -> 2.338 | BJ16: =IF(AND(BG16<=1.5,BI16<=0.8),(BI16+BH16)*BG16/2*AU16,"") | BK16: =IF(AND(BG16<=1.5,BI16>0.8,BI16<=1.5),(BI16+BH16)*BG16/2*AU16,"") | BL16: =IF(AND(BG16<=1.5,BI16>1.5),(BI16+BH16)*BG16/2*AU16,"") | BM16: =IF(AND(BG16>1.5,BG16<=3,BI16<=0.8),(BI16+BH16)*BG16/2*AU16,"") | BN16: =IF(AND(BG16>1.5,BG16<=3,BI16>0.8,BI16<=1.5),(BI16+BH16)*BG16/2*AU16,"") | BO16: =IF(AND(BG16>1.5,BG16<=3,BI16>1.5),(BI16+BH16)*BG16/2*AU16,"") -> 233.52215 | BP16: =IF(AND(BG16>3,BG16<=4.5,BI16<=0.8),(BI16+BH16)*BG16/2*AU16,"") | BQ16: =IF(AND(BG16>3,BG16<=4.5,BI16>0.8,BI16<=1.5),(BI16+BH16)*BG16/2*AU16,"") | BR16: =IF(AND(BG16>3,BG16<=4.5,BI16>1.5),(BI16+BH16)*BG16/2*AU16,"") | BS16: =IF(AND(BG16>4.5,BI16<=0.8),(BI16+BH16)*BG16/2*AU16,"") | BT16: =IF(AND(BG16>4.5,BI16>0.8,BI16<=1.5),(BI16+BH16)*BG16/2*AU16,"") | BU16: =IF(AND(BG16>4.5,BI16>1.5),(BI16+BH16)*BG16/2*AU16,"") | BV16: =PI()*(AY16/1000*1.21)^2/4*AU16 -> 24.009942 | BW16: 0 | BX16: 0.3 | BY16: =BW16*SUM(BJ16:BU16) -> 0 | BZ16: =MAX(BY16,BV16)*(1+BX16) -> 31.212925 | CA16: =IF(BE16="Sem","",IF(AND(BG16<=1.5,BI16<=1.5),2*BG16*AU16,"")) | CB16: =IF(BE16="Sem","",IF(AND(BG16<=1.5,BI16>1.5),2*BG16*AU16,"")) | CC16: =IF(BE16="Sem","",IF(AND(BG16>1.5,BG16<=3,BI16<=1.5),2*BG16*AU16,"")) | CD16: =IF(BE16="Sem","",IF(AND(BG16>1.5,BG16<=3,BI16>1.5),2*BG16*AU16,"")) -> 264.016 | CE16: =IF(BE16="Sem","",IF(AND(BG16>3,BI16<=1.5),2*BG16*AU16,"")) | CF16: =IF(BE16="Sem","",IF(AND(BG16>3,BI16>1.5),2*BG16*AU16,"")) | CG16: =IF(BC16<>0,"",IF(BH16<1.5,BH16*AU16,"")) | CH16: =IF(BC16<>0,"",IF(BH16>=1.5,BH16*AU16,"")) | CI16: Brita | CJ16: =IF(BC16=0,"",IF(BH16<1.5,BC16*BH16*AU16,"")) -> 20.88 | CK16: =IF(BC16=0,"",IF(BH16>=1.5,BC16*BH16*AU16,"")) | CL16: 0.3 | CM16: =SUM(CJ16:CK16)*(1+CL16) -> 27.144 | CN16: =IF(AND(BG16<=1.5,BI16<=0.8),SUM(BJ16:BU16)-BV16,"") | CO16: =IF(AND(BG16<=1.5,BI16>0.8,BI16<=1.5),SUM(BJ16:BU16)-BV16,"") | CP16: =IF(AND(BG16<=1.5,BI16>1.5),SUM(BJ16:BU16)-BV16,"") | CQ16: =IF(AND(BG16>1.5,BG16<=3,BI16<=0.8),SUM(BJ16:BU16)-BV16,"") | CR16: =IF(AND(BG16>1.5,BG16<=3,BI16>0.8,BI16<=1.5),SUM(BJ16:BU16)-BV16,"") | CS16: =IF(AND(BG16>1.5,BG16<=3,BI16>1.5),SUM(BJ16:BU16)-BV16,"") -> 209.51221 | CT16: =IF(AND(BG16>3,BG16<=4.5,BI16<=0.8),SUM(BJ16:BU16)-BV16,"") | CU16: =IF(AND(BG16>3,BG16<=4.5,BI16>0.8,BI16<=1.5),SUM(BJ16:BU16)-BV16,"") | CV16: =IF(AND(BG16>3,BG16<=4.5,BI16>1.5),SUM(BJ16:BU16)-BV16,"") | CW16: =IF(AND(BG16>4.5,BI16<=0.8),SUM(BJ16:BU16)-BV16,"") | CX16: =IF(AND(BG16>4.5,BI16>0.8,BI16<=1.5),SUM(BJ16:BU16)-BV16,"") | CY16: =IF(AND(BG16>4.5,BI16>1.5),SUM(BJ16:BU16)-BV16,"") | CZ16: =IFERROR(IF(AZ16="PA-1",HLOOKUP(AY16,$AV$27:$BF$28,2,FALSE)*AU16*AW16,AZ$28*AU16),0) -> 18.154 | DA16: =IF(AY16=400,AU16*AW16,0) -> 0 | DB16: =IF($AY16=600,$AU16,0) -> 58 | DC16: =IF(AND($AY16=600,$AZ16="PEAD"),$AU16*AW16,0) -> 0 | DD16: =IF($AY16=800,$AU16*AW16,0) -> 0 | DE16: =IF($AY16=1000,$AU16*AW16,0) -> 0 | DF16: =IF($AY16=1200,$AU16*AW16,0) -> 0 | DG16: =IF($AY16=1500,$AU16*AW16,0) -> 0
B17: TR-04 | C17: 57 | D17: 0.29 | E17: =E16+D17 -> 2.53 | F17: 1.6 | G17: =IF(E17<1,1,IF(H17<0.5,0.5,H17)) -> 0.87002538 | H17: =$E17^-0.15 -> 0.87002538 | I17: =0.0725*F17*((J17*M17)^(0.333333333333333)) -> 1.3851605 | J17: =$C$6*($C$8^$C$7)/(M17+$E$7)^$E$8 -> 245.42577 | K17: =2.78*G17*E17*I17*J17/1000 -> 2.0802593 | L17: 1 | M17: =+M16+N16 -> 6.9375502 | N17: =C17/(Z17*60) -> 0.20480343 | O17: =AM17-AN17 -> 1.817 | P17: =O17/C17 -> 0.031877193 | Q17: =2.78*G17*J17*D17*I17/1000 -> 0.2384487 | R17: =AI17-AJ17 -> 0.717 | S17: =R17/C17 -> 0.012578947 | T17: =1.55*(K17*0.015/(P17)^(1/2))^(3/8) -> 0.80585603 | U17: 0 | V17: 0 | W17: 1 | Y17: 0.8 | Z17: =((AE17^(2/3))*(P17^0.5))/0.015 -> 4.6385942 | AA17: =IF(W17=1,(K17*0.015)/(((Y17)^(8/3))*(P17^0.5)),IF(W17=2,(K17*0.015*0.5)/(((Y17)^(8/3))*(P17^0.5)),IF(W17=3,((K17*0.015)/3)/(((Y17)^(8/3))*(P17^0.5)),"ERRO"))) -> 0.31688042 | AB17: =VLOOKUP(AA17,$A$106:$C$205,2,TRUE) -> 0.3041 | AC17: =VLOOKUP(AA17,$A$106:$C$205,3,TRUE) -> 0.83 | AD17: =AC17*Y17 -> 0.664 | AE17: =AB17*Y17 -> 0.24328 | AF17: =((1/0.015)*((0.2895*Y17)^(2/3))*(0.7662*(Y17^2)*(SQRT(P17))))*W17 -> 2.2012191 | AG17: =((1/0.015)*((0.2895*V17)^(2/3))*(0.7662*(V17^2)*(SQRT(P17))))*U17 -> 0 | AH17: =AF17+AG17 -> 2.2012191 | AI17: =AJ16 -> 510.127 | AJ17: 509.41 | AK17: 1.8 | AL17: 2.9 | AM17: =AI17-AK17 -> 508.327 | AN17: =AJ17-AL17 -> 506.51 | AO17: =AM17+AD17 -> 508.991 | AP17: =AN17+AD17 -> 507.174 | AQ17: =AI17-Y17*1.105-AM17 -> 0.916 | AR17: =AJ17-Y17*1.105-AN17 -> 2.016 | CI17: Brita
B18: TR-04 | C18: 16 | D18: 0.19 | E18: =E16+D18 -> 2.43 | F18: 0.6 | G18: =IF(E18<1,1,IF(H18<0.5,0.5,H18)) -> 0.87530429 | H18: =$E18^-0.15 -> 0.87530429 | I18: =0.0725*F18*((J18*M18)^(0.333333333333333)) -> 0.51943517 | J18: =$C$6*($C$8^$C$7)/(M18+$E$7)^$E$8 -> 245.42577 | K18: =2.78*G18*E18*I18*J18/1000 -> 0.75380956 | L18: 0 | M18: =+M16+N16 -> 6.9375502 | N18: =C18/(Z18*60) -> 0.1200528 | O18: =AM18-AN18 -> 0.128 | P18: =O18/C18 -> 0.008 | Q18: =2.78*G18*J18*D18*I18/1000 -> 0.058939842 | R18: =AI18-AJ18 -> -0.172 | S18: =R18/C18 -> -0.01075 | T18: =1.55*(K18*0.015/(P18)^(1/2))^(3/8) -> 0.71369008 | U18: 0 | V18: 0 | W18: 1 | Y18: 0.8 | Z18: =((AE18^(2/3))*(P18^0.5))/0.015 -> 2.2212449 | AA18: =IF(W18=1,(K18*0.015)/(((Y18)^(8/3))*(P18^0.5)),IF(W18=2,(K18*0.015*0.5)/(((Y18)^(8/3))*(P18^0.5)),IF(W18=3,((K18*0.015)/3)/(((Y18)^(8/3))*(P18^0.5)),"ERRO"))) -> 0.22921055 | AB18: =VLOOKUP(AA18,$A$106:$C$205,2,TRUE) -> 0.2842 | AC18: =VLOOKUP(AA18,$A$106:$C$205,3,TRUE) -> 0.63 | AD18: =AC18*Y18 -> 0.504 | AE18: =AB18*Y18 -> 0.22736 | AF18: =((1/0.015)*((0.2895*Y18)^(2/3))*(0.7662*(Y18^2)*(SQRT(P18))))*W18 -> 1.1027276 | AG18: =((1/0.015)*((0.2895*V18)^(2/3))*(0.7662*(V18^2)*(SQRT(P18))))*U18 -> 0 | AH18: =AF18+AG18 -> 1.1027276 | AI18: =AJ17 -> 509.41 | AJ18: 509.582 | AK18: 2.9 | AL18: 3.2 | AM18: =AI18-AK18 -> 506.51 | AN18: =AJ18-AL18 -> 506.382 | AO18: =AM18+AD18 -> 507.014 | AP18: =AN18+AD18 -> 506.886 | AQ18: =AI18-Y18*1.105-AM18 -> 2.016 | AR18: =AJ18-Y18*1.105-AN18 -> 2.316 | AT18: =B18 -> TR-04 | AU18: =C18 -> 16 | AV18: =U18 -> 0 | AW18: =W18 -> 1 | AX18: =V18 -> 0 | AY18: =Y18*1000 -> 800 | AZ18: PA-1 | BA18: =AK18 -> 2.9 | BB18: =AL18 -> 3.2 | BC18: 0.3 | BD18: 4 | BE18: =IF(BF18>1.25,"Com","Sem") -> Com | BF18: =AVERAGE(BA18:BB18) -> 3.05 | BG18: =BF18+BC18+0.21*AY18/1000 -> 3.518 | BH18: =IF(AW18=1,2*AY18/1000,IF(AW18=2,((1.21*2*(AY18/1000))+0.4),IF(AW18=3,((3*1.21*(AY18/1000))+0.6),0))) -> 1.6 | BI18: =IF(BD18=0,BH18,BH18+2*(1/BD18)*BG18) -> 3.359 | BJ18: =IF(AND(BG18<=1.5,BI18<=0.8),(BI18+BH18)*BG18/2*AU18,"") | BK18: =IF(AND(BG18<=1.5,BI18>0.8,BI18<=1.5),(BI18+BH18)*BG18/2*AU18,"") | BL18: =IF(AND(BG18<=1.5,BI18>1.5),(BI18+BH18)*BG18/2*AU18,"") | BM18: =IF(AND(BG18>1.5,BG18<=3,BI18<=0.8),(BI18+BH18)*BG18/2*AU18,"") | BN18: =IF(AND(BG18>1.5,BG18<=3,BI18>0.8,BI18<=1.5),(BI18+BH18)*BG18/2*AU18,"") | BO18: =IF(AND(BG18>1.5,BG18<=3,BI18>1.5),(BI18+BH18)*BG18/2*AU18,"") | BP18: =IF(AND(BG18>3,BG18<=4.5,BI18<=0.8),(BI18+BH18)*BG18/2*AU18,"") | BQ18: =IF(AND(BG18>3,BG18<=4.5,BI18>0.8,BI18<=1.5),(BI18+BH18)*BG18/2*AU18,"") | BR18: =IF(AND(BG18>3,BG18<=4.5,BI18>1.5),(BI18+BH18)*BG18/2*AU18,"") -> 139.5661 | BS18: =IF(AND(BG18>4.5,BI18<=0.8),(BI18+BH18)*BG18/2*AU18,"") | BT18: =IF(AND(BG18>4.5,BI18>0.8,BI18<=1.5),(BI18+BH18)*BG18/2*AU18,"") | BU18: =IF(AND(BG18>4.5,BI18>1.5),(BI18+BH18)*BG18/2*AU18,"") | BV18: =PI()*(AY18/1000*1.21)^2/4*AU18 -> 11.774991 | BW18: 0 | BX18: 0.3 | BY18: =BW18*SUM(BJ18:BU18) -> 0 | BZ18: =MAX(BY18,BV18)*(1+BX18) -> 15.307488 | CA18: =IF(BE18="Sem","",IF(AND(BG18<=1.5,BI18<=1.5),2*BG18*AU18,"")) | CB18: =IF(BE18="Sem","",IF(AND(BG18<=1.5,BI18>1.5),2*BG18*AU18,"")) | CC18: =IF(BE18="Sem","",IF(AND(BG18>1.5,BG18<=3,BI18<=1.5),2*BG18*AU18,"")) | CD18: =IF(BE18="Sem","",IF(AND(BG18>1.5,BG18<=3,BI18>1.5),2*BG18*AU18,"")) | CE18: =IF(BE18="Sem","",IF(AND(BG18>3,BI18<=1.5),2*BG18*AU18,"")) | CF18: =IF(BE18="Sem","",IF(AND(BG18>3,BI18>1.5),2*BG18*AU18,"")) -> 112.576 | CG18: =IF(BC18<>0,"",IF(BH18<1.5,BH18*AU18,"")) | CH18: =IF(BC18<>0,"",IF(BH18>=1.5,BH18*AU18,"")) | CI18: Brita | CJ18: =IF(BC18=0,"",IF(BH18<1.5,BC18*BH18*AU18,"")) | CK18: =IF(BC18=0,"",IF(BH18>=1.5,BC18*BH18*AU18,"")) -> 7.68 | CL18: 0.3 | CM18: =SUM(CJ18:CK18)*(1+CL18) -> 9.984 | CN18: =IF(AND(BG18<=1.5,BI18<=0.8),SUM(BJ18:BU18)-BV18,"") | CO18: =IF(AND(BG18<=1.5,BI18>0.8,BI18<=1.5),SUM(BJ18:BU18)-BV18,"") | CP18: =IF(AND(BG18<=1.5,BI18>1.5),SUM(BJ18:BU18)-BV18,"") | CQ18: =IF(AND(BG18>1.5,BG18<=3,BI18<=0.8),SUM(BJ18:BU18)-BV18,"") | CR18: =IF(AND(BG18>1.5,BG18<=3,BI18>0.8,BI18<=1.5),SUM(BJ18:BU18)-BV18,"") | CS18: =IF(AND(BG18>1.5,BG18<=3,BI18>1.5),SUM(BJ18:BU18)-BV18,"") | CT18: =IF(AND(BG18>3,BG18<=4.5,BI18<=0.8),SUM(BJ18:BU18)-BV18,"") | CU18: =IF(AND(BG18>3,BG18<=4.5,BI18>0.8,BI18<=1.5),SUM(BJ18:BU18)-BV18,"") | CV18: =IF(AND(BG18>3,BG18<=4.5,BI18>1.5),SUM(BJ18:BU18)-BV18,"") -> 127.79111 | CW18: =IF(AND(BG18>4.5,BI18<=0.8),SUM(BJ18:BU18)-BV18,"") | CX18: =IF(AND(BG18>4.5,BI18>0.8,BI18<=1.5),SUM(BJ18:BU18)-BV18,"") | CY18: =IF(AND(BG18>4.5,BI18>1.5),SUM(BJ18:BU18)-BV18,"") | CZ18: =IFERROR(IF(AZ18="PA-1",HLOOKUP(AY18,$AV$27:$BF$28,2,FALSE)*AU18*AW18,AZ$28*AU18),0) -> 6.88 | DA18: =IF(AY18=400,AU18*AW18,0) -> 0 | DB18: =IF($AY18=600,$AU18,0) -> 0 | DC18: =IF(AND($AY18=600,$AZ18="PEAD"),$AU18*AW18,0) -> 0 | DD18: =IF($AY18=800,$AU18*AW18,0) -> 16 | DE18: =IF($AY18=1000,$AU18*AW18,0) -> 0 | DF18: =IF($AY18=1200,$AU18*AW18,0) -> 0 | DG18: =IF($AY18=1500,$AU18*AW18,0) -> 0
B19: TR-05 | C19: 124 | D19: 0.67 | E19: =E18 -> 2.43 | F19: 0.6 | G19: =IF(E19<1,1,IF(H19<0.5,0.5,H19)) -> 0.87530429 | H19: =$E19^-0.15 -> 0.87530429 | I19: =0.0725*F19*((J19*M19)^(0.333333333333333)) -> 0.52155045 | J19: =$C$6*($C$8^$C$7)/(M19+$E$7)^$E$8 -> 244.2103 | K19: =2.78*G19*E19*I19*J19/1000 -> 0.75313082 | L19: 0 | M19: =+M18+N18 -> 7.057603 | N19: =C19/(Z19*60) -> 0.89997473 | O19: =AM19-AN19 -> 1.082 | P19: =O19/C19 -> 0.0087258065 | Q19: =2.78*G19*J19*D19*I19/1000 -> 0.20765335 | R19: =AI19-AJ19 -> 1.082 | S19: =R19/C19 -> 0.0087258065 | T19: =1.55*(K19*0.015/(P19)^(1/2))^(3/8) -> 0.70192592 | U19: 0 | V19: 0 | W19: 1 | Y19: 0.8 | Z19: =((AE19^(2/3))*(P19^0.5))/0.015 -> 2.2963608 | AA19: =IF(W19=1,(K19*0.015)/(((Y19)^(8/3))*(P19^0.5)),IF(W19=2,(K19*0.015*0.5)/(((Y19)^(8/3))*(P19^0.5)),IF(W19=3,((K19*0.015)/3)/(((Y19)^(8/3))*(P19^0.5)),"ERRO"))) -> 0.21927322 | AB19: =VLOOKUP(AA19,$A$106:$C$205,2,TRUE) -> 0.2799 | AC19: =VLOOKUP(AA19,$A$106:$C$205,3,TRUE) -> 0.61 | AD19: =AC19*Y19 -> 0.488 | AE19: =AB19*Y19 -> 0.22392 | AF19: =((1/0.015)*((0.2895*Y19)^(2/3))*(0.7662*(Y19^2)*(SQRT(P19))))*W19 -> 1.1516646 | AG19: =((1/0.015)*((0.2895*V19)^(2/3))*(0.7662*(V19^2)*(SQRT(P19))))*U19 -> 0 | AH19: =AF19+AG19 -> 1.1516646 | AI19: =AJ18 -> 509.582 | AJ19: 508.5 | AK19: =AL18 -> 3.2 | AL19: 3.2 | AM19: =AI19-AK19 -> 506.382 | AN19: =AJ19-AL19 -> 505.3 | AO19: =AM19+AD19 -> 506.87 | AP19: =AN19+AD19 -> 505.788 | AQ19: =AI19-Y19*1.105-AM19 -> 2.316 | AR19: =AJ19-Y19*1.105-AN19 -> 2.316 | AT19: =B19 -> TR-05 | AU19: =C19 -> 124 | AV19: =U19 -> 0 | AW19: =W19 -> 1 | AX19: =V19 -> 0 | AY19: =Y19*1000 -> 800 | AZ19: PA-1 | BA19: =AK19 -> 3.2 | BB19: =AL19 -> 3.2 | BC19: 0.3 | BD19: 4 | BE19: =IF(BF19>1.25,"Com","Sem") -> Com | BF19: =AVERAGE(BA19:BB19) -> 3.2 | BG19: =BF19+BC19+0.21*AY19/1000 -> 3.668 | BH19: =IF(AW19=1,2*AY19/1000,IF(AW19=2,((1.21*2*(AY19/1000))+0.4),IF(AW19=3,((3*1.21*(AY19/1000))+0.6),0))) -> 1.6 | BI19: =IF(BD19=0,BH19,BH19+2*(1/BD19)*BG19) -> 3.434 | BJ19: =IF(AND(BG19<=1.5,BI19<=0.8),(BI19+BH19)*BG19/2*AU19,"") | BK19: =IF(AND(BG19<=1.5,BI19>0.8,BI19<=1.5),(BI19+BH19)*BG19/2*AU19,"") | BL19: =IF(AND(BG19<=1.5,BI19>1.5),(BI19+BH19)*BG19/2*AU19,"") | BM19: =IF(AND(BG19>1.5,BG19<=3,BI19<=0.8),(BI19+BH19)*BG19/2*AU19,"") | BN19: =IF(AND(BG19>1.5,BG19<=3,BI19>0.8,BI19<=1.5),(BI19+BH19)*BG19/2*AU19,"") | BO19: =IF(AND(BG19>1.5,BG19<=3,BI19>1.5),(BI19+BH19)*BG19/2*AU19,"") | BP19: =IF(AND(BG19>3,BG19<=4.5,BI19<=0.8),(BI19+BH19)*BG19/2*AU19,"") | BQ19: =IF(AND(BG19>3,BG19<=4.5,BI19>0.8,BI19<=1.5),(BI19+BH19)*BG19/2*AU19,"") | BR19: =IF(AND(BG19>3,BG19<=4.5,BI19>1.5),(BI19+BH19)*BG19/2*AU19,"") -> 1144.8121 | BS19: =IF(AND(BG19>4.5,BI19<=0.8),(BI19+BH19)*BG19/2*AU19,"") | BT19: =IF(AND(BG19>4.5,BI19>0.8,BI19<=1.5),(BI19+BH19)*BG19/2*AU19,"") | BU19: =IF(AND(BG19>4.5,BI19>1.5),(BI19+BH19)*BG19/2*AU19,"") | BV19: =PI()*(AY19/1000*1.21)^2/4*AU19 -> 91.256179 | BW19: 0 | BX19: 0.3 | BY19: =BW19*SUM(BJ19:BU19) -> 0 | BZ19: =MAX(BY19,BV19)*(1+BX19) -> 118.63303 | CA19: =IF(BE19="Sem","",IF(AND(BG19<=1.5,BI19<=1.5),2*BG19*AU19,"")) | CB19: =IF(BE19="Sem","",IF(AND(BG19<=1.5,BI19>1.5),2*BG19*AU19,"")) | CC19: =IF(BE19="Sem","",IF(AND(BG19>1.5,BG19<=3,BI19<=1.5),2*BG19*AU19,"")) | CD19: =IF(BE19="Sem","",IF(AND(BG19>1.5,BG19<=3,BI19>1.5),2*BG19*AU19,"")) | CE19: =IF(BE19="Sem","",IF(AND(BG19>3,BI19<=1.5),2*BG19*AU19,"")) | CF19: =IF(BE19="Sem","",IF(AND(BG19>3,BI19>1.5),2*BG19*AU19,"")) -> 909.664 | CG19: =IF(BC19<>0,"",IF(BH19<1.5,BH19*AU19,"")) | CH19: =IF(BC19<>0,"",IF(BH19>=1.5,BH19*AU19,"")) | CI19: Brita | CJ19: =IF(BC19=0,"",IF(BH19<1.5,BC19*BH19*AU19,"")) | CK19: =IF(BC19=0,"",IF(BH19>=1.5,BC19*BH19*AU19,"")) -> 59.52 | CL19: 0.3 | CM19: =SUM(CJ19:CK19)*(1+CL19) -> 77.376 | CN19: =IF(AND(BG19<=1.5,BI19<=0.8),SUM(BJ19:BU19)-BV19,"") | CO19: =IF(AND(BG19<=1.5,BI19>0.8,BI19<=1.5),SUM(BJ19:BU19)-BV19,"") | CP19: =IF(AND(BG19<=1.5,BI19>1.5),SUM(BJ19:BU19)-BV19,"") | CQ19: =IF(AND(BG19>1.5,BG19<=3,BI19<=0.8),SUM(BJ19:BU19)-BV19,"") | CR19: =IF(AND(BG19>1.5,BG19<=3,BI19>0.8,BI19<=1.5),SUM(BJ19:BU19)-BV19,"") | CS19: =IF(AND(BG19>1.5,BG19<=3,BI19>1.5),SUM(BJ19:BU19)-BV19,"") | CT19: =IF(AND(BG19>3,BG19<=4.5,BI19<=0.8),SUM(BJ19:BU19)-BV19,"") | CU19: =IF(AND(BG19>3,BG19<=4.5,BI19>0.8,BI19<=1.5),SUM(BJ19:BU19)-BV19,"") | CV19: =IF(AND(BG19>3,BG19<=4.5,BI19>1.5),SUM(BJ19:BU19)-BV19,"") -> 1053.556 | CW19: =IF(AND(BG19>4.5,BI19<=0.8),SUM(BJ19:BU19)-BV19,"") | CX19: =IF(AND(BG19>4.5,BI19>0.8,BI19<=1.5),SUM(BJ19:BU19)-BV19,"") | CY19: =IF(AND(BG19>4.5,BI19>1.5),SUM(BJ19:BU19)-BV19,"") | CZ19: =IFERROR(IF(AZ19="PA-1",HLOOKUP(AY19,$AV$27:$BF$28,2,FALSE)*AU19*AW19,AZ$28*AU19),0) -> 53.32 | DA19: =IF(AY19=400,AU19*AW19,0) -> 0 | DB19: =IF($AY19=600,$AU19,0) -> 0 | DC19: =IF(AND($AY19=600,$AZ19="PEAD"),$AU19*AW19,0) -> 0 | DD19: =IF($AY19=800,$AU19*AW19,0) -> 124 | DE19: =IF($AY19=1000,$AU19*AW19,0) -> 0 | DF19: =IF($AY19=1200,$AU19*AW19,0) -> 0 | DG19: =IF($AY19=1500,$AU19*AW19,0) -> 0
AT20: TUBO 40cm (BIGODES) | AU20: 252.8 | AV20: =U20 -> 0 | AW20: 1 | AX20: =V20 -> 0 | AY20: 400 | AZ20: PS-1 | BA20: 1 | BB20: 1.5 | BC20: 0 | BD20: 4 | BE20: =IF(BF20>1.25,"Com","Sem") -> Sem | BF20: =AVERAGE(BA20:BB20) -> 1.25 | BG20: =BF20+BC20+0.21*AY20/1000 -> 1.334 | BH20: =IF(AW20=1,2*AY20/1000,IF(AW20=2,((1.21*2*(AY20/1000))+0.4),IF(AW20=3,((3*1.21*(AY20/1000))+0.6),0))) -> 0.8 | BI20: =IF(BD20=0,BH20,BH20+2*(1/BD20)*BG20) -> 1.467 | BJ20: =IF(AND(BG20<=1.5,BI20<=0.8),(BI20+BH20)*BG20/2*AU20,"") | BK20: =IF(AND(BG20<=1.5,BI20>0.8,BI20<=1.5),(BI20+BH20)*BG20/2*AU20,"") -> 382.2561 | BL20: =IF(AND(BG20<=1.5,BI20>1.5),(BI20+BH20)*BG20/2*AU20,"") | BM20: =IF(AND(BG20>1.5,BG20<=3,BI20<=0.8),(BI20+BH20)*BG20/2*AU20,"") | BN20: =IF(AND(BG20>1.5,BG20<=3,BI20>0.8,BI20<=1.5),(BI20+BH20)*BG20/2*AU20,"") | BO20: =IF(AND(BG20>1.5,BG20<=3,BI20>1.5),(BI20+BH20)*BG20/2*AU20,"") | BP20: =IF(AND(BG20>3,BG20<=4.5,BI20<=0.8),(BI20+BH20)*BG20/2*AU20,"") | BQ20: =IF(AND(BG20>3,BG20<=4.5,BI20>0.8,BI20<=1.5),(BI20+BH20)*BG20/2*AU20,"") | BR20: =IF(AND(BG20>3,BG20<=4.5,BI20>1.5),(BI20+BH20)*BG20/2*AU20,"") | BS20: =IF(AND(BG20>4.5,BI20<=0.8),(BI20+BH20)*BG20/2*AU20,"") | BT20: =IF(AND(BG20>4.5,BI20>0.8,BI20<=1.5),(BI20+BH20)*BG20/2*AU20,"") | BU20: =IF(AND(BG20>4.5,BI20>1.5),(BI20+BH20)*BG20/2*AU20,"") | BV20: =PI()*(AY20/1000*1.21)^2/4*AU20 -> 46.511214 | BW20: 0 | BX20: 0.3 | BY20: =BW20*SUM(BJ20:BU20) -> 0 | BZ20: =MAX(BY20,BV20)*(1+BX20) -> 60.464578 | CA20: =IF(BE20="Sem","",IF(AND(BG20<=1.5,BI20<=1.5),2*BG20*AU20,"")) | CB20: =IF(BE20="Sem","",IF(AND(BG20<=1.5,BI20>1.5),2*BG20*AU20,"")) | CC20: =IF(BE20="Sem","",IF(AND(BG20>1.5,BG20<=3,BI20<=1.5),2*BG20*AU20,"")) | CD20: =IF(BE20="Sem","",IF(AND(BG20>1.5,BG20<=3,BI20>1.5),2*BG20*AU20,"")) | CE20: =IF(BE20="Sem","",IF(AND(BG20>3,BI20<=1.5),2*BG20*AU20,"")) | CF20: =IF(BE20="Sem","",IF(AND(BG20>3,BI20>1.5),2*BG20*AU20,"")) | CG20: =IF(BC20<>0,"",IF(BH20<1.5,BH20*AU20,"")) -> 202.24 | CH20: =IF(BC20<>0,"",IF(BH20>=1.5,BH20*AU20,"")) | CI20: - | CJ20: =IF(BC20=0,"",IF(BH20<1.5,BC20*BH20*AU20,"")) | CK20: =IF(BC20=0,"",IF(BH20>=1.5,BC20*BH20*AU20,"")) | CL20: 0 | CM20: =SUM(CJ20:CK20)*(1+CL20) -> 0 | CN20: =IF(AND(BG20<=1.5,BI20<=0.8),SUM(BJ20:BU20)-BV20,"") | CO20: =IF(AND(BG20<=1.5,BI20>0.8,BI20<=1.5),SUM(BJ20:BU20)-BV20,"") -> 335.74489 | CP20: =IF(AND(BG20<=1.5,BI20>1.5),SUM(BJ20:BU20)-BV20,"") | CQ20: =IF(AND(BG20>1.5,BG20<=3,BI20<=0.8),SUM(BJ20:BU20)-BV20,"") | CR20: =IF(AND(BG20>1.5,BG20<=3,BI20>0.8,BI20<=1.5),SUM(BJ20:BU20)-BV20,"") | CS20: =IF(AND(BG20>1.5,BG20<=3,BI20>1.5),SUM(BJ20:BU20)-BV20,"") | CT20: =IF(AND(BG20>3,BG20<=4.5,BI20<=0.8),SUM(BJ20:BU20)-BV20,"") | CU20: =IF(AND(BG20>3,BG20<=4.5,BI20>0.8,BI20<=1.5),SUM(BJ20:BU20)-BV20,"") | CV20: =IF(AND(BG20>3,BG20<=4.5,BI20>1.5),SUM(BJ20:BU20)-BV20,"") | CW20: =IF(AND(BG20>4.5,BI20<=0.8),SUM(BJ20:BU20)-BV20,"") | CX20: =IF(AND(BG20>4.5,BI20>0.8,BI20<=1.5),SUM(BJ20:BU20)-BV20,"") | CY20: =IF(AND(BG20>4.5,BI20>1.5),SUM(BJ20:BU20)-BV20,"") | CZ20: =IF(AZ20="PA-1",HLOOKUP(AY20,$AV$27:$BF$28,2,FALSE)*AU20*AW20,AZ$28*AU20) -> 4.595904 | DA20: =IF(AY20=400,AU20*AW20,0) -> 252.8 | DB20: =IF($AY20=600,$AU20,0) -> 0 | DC20: =IF(AND($AY20=600,$AZ20="PEAD"),$AU20*AW20,0) -> 0 | DD20: =IF($AY20=800,$AU20*AW20,0) -> 0 | DE20: =IF($AY20=1000,$AU20*AW20,0) -> 0 | DF20: =IF($AY20=1200,$AU20*AW20,0) -> 0 | DG20: =IF($AY20=1500,$AU20*AW20,0) -> 0
AT21: TOTAL | AU21: =SUM(AU14:AU20) -> 615.8 | AV21: - | AW21: - | AX21: - | AY21: - | AZ21: - | BA21: - | BB21: - | BC21: - | BD21: - | BE21: - | BF21: - | BG21: - | BH21: - | BI21: - | BJ21: =SUM(BJ14:BJ20) -> 0 | BK21: =SUM(BK14:BK20) -> 382.2561 | BL21: =SUM(BL14:BL20) -> 0 | BM21: =SUM(BM14:BM20) -> 0 | BN21: =SUM(BN14:BN20) -> 0 | BO21: =SUM(BO14:BO20) -> 886.98131 | BP21: =SUM(BP14:BP20) -> 0 | BQ21: =SUM(BQ14:BQ20) -> 0 | ... BV21: =SUM(BV14:BV20) -> 241.85647 | BW21: - | BX21: - | BY21: =SUM(BY14:BY20) -> 0 | BZ21: =SUM(BZ14:BZ20) -> 314.41341 | CA21: =SUM(CA14:CA20) -> 0 | CB21: =SUM(CB14:CB20) -> 0 | CC21: =SUM(CC14:CC20) -> 0 | CD21: =SUM(CD14:CD20) -> 1005.696 | CE21: =SUM(CE14:CE20) -> 0 | CF21: =SUM(CF14:CF20) -> 1022.24 | ... CH21: =SUM(CH14:CH20) -> 0 | CI21: - | CJ21: =SUM(CJ14:CJ20) -> 80.28 | CK21: =SUM(CK14:CK20) -> 67.2 | CL21: - | CM21: =SUM(CM14:CM20) -> 191.724 | CN21: =SUM(CN14:CN20) -> 0 | CO21: =SUM(CO14:CO20) -> 335.74489 | CP21: =SUM(CP14:CP20) -> 0 | CQ21: =SUM(CQ14:CQ20) -> 0 | CR21: =SUM(CR14:CR20) -> 0 | CS21: =SUM(CS14:CS20) -> 794.66722 | CT21: =SUM(CT14:CT20) -> 0 | ... DG21: =SUM(DG14:DG20) -> 0
AT23: 1) NOSSO USUAL PARA O TALUDE DE ESCAVAÇÃO É 1/4;
AT24: 2) PESO DOS TUBOS SÃO OS MESMOS ADOTADOS PELA DEIURB/AGESUL;
BF26: GALERIA
AT27: Diâmetro | AV27: 400 | AW27: 500 | AX27: 500 | AY27: 600 | AZ27: 600 PEAD | BA27: 800 | BB27: 900 | BC27: 1000 | BD27: 1200 | BE27: 1500 | BF27: 2000
AT28: Peso linear (t/m) | AV28: 0.1 | AW28: 0.2495 | AX28: 0.2495 | AY28: 0.313 | AZ28: =18.18/1000 -> 0.01818 | BA28: 0.43 | BB28: 0.7585 | BC28: 0.665 | BD28: 0.908 | BE28: 1.14 | BF28: 3.4
AT30: PLANILHA DE QUANTIDADES DE SERVIÇOS DA DRENAGEM PROFUNDA
AT31: DRENAGEM PROFUNDA - DRENO PROFUNDO COM TUBO PEAD | AV31: COMPRIMENTO (m) | AW31: TRANSP. BRITA DMT ATÉ 30KM (m³.km) | AX31: TRANSP. BRITA DMT EXC. 30KM (m³.km)
AV32: 180 | AW32: =TRUNC(AV32*0.8164*30,2) -> 4408.56 | AX32: =TRUNC(AV32*0.8164*(AV42-30),2) -> 5202.1
AU35: TRANSP. TUBOS DMT ATÉ 30Km: | AV35: =TRUNC($CZ$21*30,2) -> 4037.84 | AW35: t*Km
AU36: TRANSP. TUBOS DMT EXC. 30km: | AV36: =TRUNC(CZ21*(AV40-30),2) -> 18843.28 | AW36: t*Km
AU37: TRANSP. BOTA FORA ATÉ 30Km: | AV37: =TRUNC(BZ21*AV41,2) -> 1069 | AW37: m³*Km
AU38: TRANSP. BRITA (LASTRO DE BRITA) DMT ATÉ 30Km: | AV38: =TRUNC(CM21*30,2) -> 5751.72 | AW38: m³*Km
AU39: TRANSP. BRITA (LASTRO DE BRITA) DMT EXC. 30Km: | AV39: =TRUNC(CM21*(AV42-30),2) -> 6787.02 | AW39: m³*Km
AU40: DMT TUBOS: | AV40: =DMT!F11 -> 170 | AW40: Km
AU41: DMT BOTA FORA: | AV41: =DMT!F15 -> 3.4 | AW41: Km
AU42: DMT BRITA: | AV42: =DMT!F10 -> 65.4 | AW42: Km
A86: Coeficiente de Impermeabilização e Fator a
A88: Graus de Urbanização | B88: Uso do Solo | C88: Coeficiente de Impermeabilidade (C) | D88: Fator a
A89: 1 | B89: Áreas densamente urbanizadas | C89: 0.8 | D89: 0.058
A90: 2 | B90: Zonas residenciais urbanas | C90: 0.6 | D90: 0.043
A91: 3 | B91: Zonas suburbanas | C91: 0.4 | D91: 0.029
A92: 4 | B92: Zona Rural | C92: 0.25 | D92: 0.018
A95: Tempo de entrada em áreas urbanas
A97: Natureza da área a montante | B97: Declividade da sarjeta
B98: I <= 3% | C98: I > 3%
A99: Áreas densamente construídas | B99: 10 min | C99: 5 min
A100: Áreas residenciais | B100: 12 min | C100: 10 min
A101: Parques e jardins | B101: 15 min | C101: 12 min
N102: C2 | O102: C3 | P102: y d | Q102: C1
N103: 0.0152 | O103: 0.0237 | P103: 0.15 | Q103: 0.0739
A104: FH de 0.001 a 0.080 | N104: 0.0174 | O104: 0.0269 | P104: 0.16 | Q104: 0.0811
A105: FH | B105: RH/D | C105: y/D | N105: 0.0197 | O105: 0.0304 | P105: 0.17 | Q105: 0.0805
A106: 0.0001 | B106: 0.0066 | C106: 0.01 | N106: 0.0221 | O106: 0.034 | P106: 0.18 | Q106: 0.0961
A107: 0.0002 | B107: 0.0132 | C107: 0.02 | N107: 0.0246 | O107: 0.0377 | P107: 0.19 | Q107: 0.103
A108: 0.0005 | B108: 0.0197 | C108: 0.03 | N108: 0.0273 | O108: 0.0418 | P108: 0.2 | Q108: 0.111
A109: 0.0009 | B109: 0.0262 | C109: 0.04 | N109: 0.0302 | O109: 0.0461 | P109: 0.21 | Q109: 0.1199
A110: 0.0015 | B110: 0.0326 | C110: 0.05 | N110: 0.0331 | O110: 0.0304 | P110: 0.22 | Q110: 0.1261
A111: 0.0022 | B111: 0.0389 | C111: 0.06 | N111: 0.0361 | O111: 0.0549 | P111: 0.23 | Q111: 0.1366
A112: 0.0031 | B112: 0.0451 | C112: 0.07 | N112: 0.0394 | O112: 0.0597 | P112: 0.24 | Q112: 0.1449
A113: 0.0041 | B113: 0.0513 | C113: 0.08 | N113: 0.0427 | O113: 0.0646 | P113: 0.25 | Q113: 0.1535
A114: 0.0052 | B114: 0.0575 | C114: 0.09 | N114: 0.0432 | O114: 0.0698 | P114: 0.26 | Q114: 0.1623
A115: 0.0065 | B115: 0.0635 | C115: 0.1 | N115: 0.0498 | O115: 0.0752 | P115: 0.27 | Q115: 0.1711
A116: 0.008 | B116: 0.0695 | C116: 0.11 | N116: 0.0535 | O116: 0.0805 | P116: 0.28 | Q116: 0.18
A117: 0.0095 | B117: 0.0755 | C117: 0.12 | N117: 0.0573 | O117: 0.0862 | P117: 0.29 | Q117: 0.189
... A151: 0.135 | B151: 0.2366 | C151: 0.46 | N151: 0.2251 | O151: 0.3828 | P151: 0.63 | Q151: 0.522
A152: 0.1401 | B152: 0.2401 | C152: 0.47 | N152: 0.2305 | O152: 0.3949 | P152: 0.64 | Q152: 0,5310.
A153: 0.1453 | B153: 0.2435 | C153: 0.48 | N153: 0.2354 | O153: 0.4062 | P153: 0.65 | Q153: 0.54
A154: 0.1506 | B154: 0.2468 | C154: 0.49 | N154: 0.241 | O154: 0.4162 | P154: 0.66 | Q154: 0.55
A155: 0.1558 | B155: 0.25 | C155: 0.5 | N155: 0.2461 | O155: 0.4312 | P155: 0.67 | Q155: 0.559
A156: 0.1612 | B156: 0.2531 | C156: 0.51 | N156: 0.251 | O156: 0.4444 | P156: 0.68 | Q156: 0.569
A157: 0.1665 | B157: 0.2562 | C157: 0.52 | N157: 0.2561 | O157: 0.457 | P157: 0.69 | Q157: 0.578
A158: 0.1718 | B158: 0.2592 | C158: 0.53 | N158: 0.2607 | O158: 0.47 | P158: 0.7 | Q158: 0.587
A159: 0.1772 | B159: 0.2621 | C159: 0.54 | N159: 0.2659 | O159: 0.4831 | P159: 0.71 | Q159: 0.696
A160: 0.1826 | B160: 0.2649 | C160: 0.55 | N160: 0.2705 | O160: 0.4987 | P160: 0.72 | Q160: 0.605
A161: 0.1879 | B161: 0.2676 | C161: 0.56 | N161: 0.2751 | O161: 0.5108 | P161: 0.73 | Q161: 0.614
A162: 0.1933 | B162: 0.2703 | C162: 0.57 | N162: 0.2798 | O162: 0.524 | P162: 0.74 | Q162: 0.623
A163: 0.1987 | B163: 0.2728 | C163: 0.58 | N163: 0.2845 | O163: 0.54 | P163: 0.75 | Q163: 0.632
A164: 0.2041 | B164: 0.2753 | C164: 0.59 | N164: 0.2881 | O164: 0.5543 | P164: 0.76 | Q164: 0.64
... A177: 0.2705 | B177: 0.2988 | C177: 0.72 | N177: 0.33 | O177: 0.8017 | P177: 0.89 | Q177: 0.738
A178: 0.2752 | B178: 0.2998 | C178: 0.73
A179: 0.2798 | B179: 0.3008 | C179: 0.74
A180: 0.2842 | B180: 0.3017 | C180: 0.75
A181: 0.2886 | B181: 0.3024 | C181: 0.76
A182: 0.2928 | B182: 0.3031 | C182: 0.77
A183: 0.2969 | B183: 0.3036 | C183: 0.78
A184: 0.3009 | B184: 0.304 | C184: 0.79
A185: 0.3047 | B185: 0.3042 | C185: 0.8
A186: 0.3083 | B186: 0.3043 | C186: 0.81
A187: 0.3118 | B187: 0.3043 | C187: 0.82
A188: 0.3151 | B188: 0.3041 | C188: 0.83
A189: 0.3183 | B189: 0.3038 | C189: 0.84
... A205: 0.3117 | B205: 0.25 | C205: 1

Sheet DISP. DRENAGEM - JDML
B2: MEMORIAL DE CÁLCULO DE QUANTITATIVOS DE DISPOSITIVOS DE DRENAGEM
B3: DISPOSITIVO DE DRENAGEM | C3: QUANTIDADE | D3: UNIDADE | E3: CONSUMO UNITÁRIO DE BRITA (m³) | F3: CONSUMO TOTAL DE BRITA (m³) | G3: TRANSPORTE DE BRITA DMT ATÉ 30km (m³.km) | H3: TRANSPORTE DE BRITA DMT + 30km (m³.km)
B4: BOCA DE LOBO SIMPLES COMPLETA | C4: 4 | D4: un | E4: =TRUNC(0.729*0.5872,2) -> 0.42 | F4: =TRUNC(C4*E4,2) -> 1.68 | G4: =TRUNC(F4*30,2) -> 50.4 | H4: =TRUNC(F4*($D$34-30),2) -> 59.47
B5: BOCA DE LOBO DUPLA COMPLETA | C5: 4 | D5: un | E5: =TRUNC(1.272*0.5872,2) -> 0.74 | F5: =TRUNC(C5*E5,2) -> 2.96 | G5: =TRUNC(F5*30,2) -> 88.8 | H5: =TRUNC(F5*($D$34-30),2) -> 104.78
B6: BOCA DE LOBO TRIPLA COMPLETA | D6: un | E6: =TRUNC(1.815*0.5872,2) -> 1.06 | F6: =TRUNC(C6*E6,2) -> 0 | G6: =TRUNC(F6*30,2) -> 0 | H6: =TRUNC(F6*($D$34-30),2) -> 0
B7: BOCA DE LOBO SIMPLES SOMENTE GRELHA | D7: un | E7: =TRUNC(0.702*0.5872,2) -> 0.41 | F7: =TRUNC(C7*E7,2) -> 0 | G7: =TRUNC(F7*30,2) -> 0 | H7: =TRUNC(F7*($D$34-30),2) -> 0
B8: BOCA DE LOBO DUPLA SOMENTE GRELHA | D8: un | F8: =TRUNC(C8*E8,2) -> 0 | G8: =TRUNC(F8*30,2) -> 0 | H8: =TRUNC(F8*($D$34-30),2) -> 0
B9: GRELHAS PARA BOCA DE LOBO | C9: =(C4*1)+(C5*2) -> 12 | D9: un | E9: 0 | F9: 0 | G9: 0 | H9: 0
B10: POÇO DE VISITA TIPO 1 | C10: 3 | D10: un | E10: =TRUNC((1.74*0.5792)+(0.64*0.5872)+(1.023*1.1),2) -> 2.5 | F10: =TRUNC(C10*E10,2) -> 7.5 | G10: =TRUNC(F10*30,2) -> 225 | H10: =TRUNC(F10*($D$34-30),2) -> 265.5
B11: POÇO DE VISITA TIPO 2 | D11: un | E11: =TRUNC((2.27*0.5792)+(0.83*0.5872)+(1.24*1.1),2) -> 3.16 | F11: =TRUNC(C11*E11,2) -> 0 | G11: =TRUNC(F11*30,2) -> 0 | H11: =TRUNC(F11*($D$34-30),2) -> 0
B12: POÇO DE VISITA TIPO 3 | D12: un | E12: =TRUNC((2.86*0.5792)+(1.05*0.5872)+(1.59*1.1),2) -> 4.02 | F12: =TRUNC(C12*E12,2) -> 0 | G12: =TRUNC(F12*30,2) -> 0 | H12: =TRUNC(F12*($D$34-30),2) -> 0
B13: POÇO DE VISITA TIPO 4 | D13: un | E13: =TRUNC((3.98*0.5792)+(1.46*0.5872)+(2.11*1.1),2) -> 5.48 | F13: =TRUNC(C13*E13,2) -> 0 | G13: =TRUNC(F13*30,2) -> 0 | H13: =TRUNC(F13*($D$34-30),2) -> 0
B14: POÇO DE VISITA TIPO 5 | D14: un | E14: =TRUNC((5.18*0.5792)+(1.9*0.5872)+(2.65*1.1),2) -> 7.03 | F14: =TRUNC(C14*E14,2) -> 0 | G14: =TRUNC(F14*30,2) -> 0 | H14: =TRUNC(F14*($D$34-30),2) -> 0
B15: CHAMINÉ DE POÇO DE VISITA | C15: ='DRENAGEM - JDML'!DB18 -> 0.9 | D15: m | E15: 0 | F15: =TRUNC(C15*E15,2) -> 0 | G15: =TRUNC(F15*30,2) -> 0 | H15: =TRUNC(F15*($D$34-30),2) -> 0
B16: TAMPÃO DE POÇO DE VISITA | C16: 3 | D16: un | E16: 0 | F16: =TRUNC(C16*E16,2) -> 0 | G16: =TRUNC(F16*30,2) -> 0 | H16: =TRUNC(F16*($D$34-30),2) -> 0
B17: CAIXA DE TRANSIÇÃO TIPO 4 | D17: un | E17: =TRUNC(6.2*0.5934,2) -> 3.67 | F17: =TRUNC(C17*E17,2) -> 0 | G17: =TRUNC(F17*30,2) -> 0 | H17: =TRUNC(F17*($D$34-30),2) -> 0
B18: CAIXA DE LIGAÇÃO E PASSAGEM TIPO 2 | D18: un | E18: =TRUNC(1.35*0.5792,2) -> 0.78 | F18: =TRUNC(C18*E18,2) -> 0 | G18: =TRUNC(F18*30,2) -> 0 | H18: =TRUNC(F18*($D$34-30),2) -> 0
B19: CAIXA DE LIGAÇÃO E PASSAGEM TIPO 4 | C19: 0 | D19: un | E19: =TRUNC(2.44*0.5792,2) -> 1.41 | F19: =TRUNC(C19*E19,2) -> 0 | G19: =TRUNC(F19*30,2) -> 0 | H19: =TRUNC(F19*($D$34-30),2) -> 0
B20: CAIXA DE LIGAÇÃO E PASSAGEM TIPO 5 | C20: 0 | D20: un | E20: =TRUNC(3.41*0.5792,2) -> 1.97 | F20: =TRUNC(C20*E20,2) -> 0 | G20: =TRUNC(F20*30,2) -> 0 | H20: =TRUNC(F20*($D$34-30),2) -> 0
B21: DISSIPADOR TIPO 1 | C21: 0 | D21: un | E21: =TRUNC((0.9*0.579)+(8.24*0.587)+(3.119*1.1),2) -> 8.78 | F21: =TRUNC(C21*E21,2) -> 0 | G21: =TRUNC(F21*30,2) -> 0 | H21: =TRUNC(F21*($D$34-30),2) -> 0
B22: DISSIPADOR TIPO 2 | D22: un | E22: =TRUNC((1.3*0.579)+(12.48*0.587)+(4.039*1.1),2) -> 12.52 | F22: =TRUNC(C22*E22,2) -> 0 | G22: =TRUNC(F22*30,2) -> 0 | H22: =TRUNC(F22*($D$34-30),2) -> 0
B23: DISSIPADOR TIPO 3 | D23: un | E23: =TRUNC((1.8*0.579)+(17.6*0.587)+(5.024*1.1),2) -> 16.89 | F23: =TRUNC(C23*E23,2) -> 0 | G23: =TRUNC(F23*30,2) -> 0 | H23: =TRUNC(F23*($D$34-30),2) -> 0
B24: DISSIPADOR TIPO 4 | D24: un | E24: =TRUNC((2.4*0.579)+(23.72*0.587)+(6.116*1.1),2) -> 22.04 | F24: =TRUNC(C24*E24,2) -> 0 | G24: =TRUNC(F24*30,2) -> 0 | H24: =TRUNC(F24*($D$34-30),2) -> 0
B25: DISSIPADOR TIPO 5 | D25: un | E25: =TRUNC((3.7*0.579)+(39.14*0.587)+(8.694*1.1),2) -> 34.68 | F25: =TRUNC(C25*E25,2) -> 0 | G25: =TRUNC(F25*30,2) -> 0 | H25: =TRUNC(F25*($D$34-30),2) -> 0
B26: SARJETÃO DE CONCRETO | C26: =17+18+17 -> 52 | D26: m | E26: 0 | F26: =TRUNC(C26*E26,2) -> 0 | G26: =TRUNC(F26*30,2) -> 0 | H26: =TRUNC(F26*($D$34-30),2) -> 0
B27: CANALETA DE CONCRETO | D27: m | E27: =TRUNC(0.03*0.5872,2) -> 0.01 | F27: =TRUNC(C27*E27,2) -> 0 | H27: =TRUNC(F27*30,2) -> 0
B28: ENTRADA PARA DESCIDA D'ÁGUA | D28: un | E28: =TRUNC(0.14*0.5872,2) -> 0.08 | F28: =TRUNC(C28*E28,2) -> 0 | H28: =TRUNC(F28*30,2) -> 0
B29: DESCIDA D'ÁGUA | D29: m | E29: =TRUNC(0.137*0.5912,2) -> 0.08 | F29: =TRUNC(C29*E29,2) -> 0 | H29: =TRUNC(F29*30,2) -> 0
B30: DISSIPADOR DE ENERGIA TIPO DEB-1 | D30: un | E30: =TRUNC((0.42*0.5912)+0.21,2) -> 0.45 | F30: =TRUNC(C30*E30,2) -> 0 | H30: =TRUNC(F30*30,2) -> 0
B31: LAJE DE PROTEÇÃO DE TUBOS | D31: m³ | E31: =TRUNC(1*0.5872,2) -> 0.58 | F31: =TRUNC(C31*E31,2) -> 0 | H31: =TRUNC(F31*30,2) -> 0
B32: TOTAL | F32: =TRUNC(SUM(F4:F31),2) -> 12.14 | G32: =TRUNC(SUM(G4:G31),2) -> 364.2 | H32: =TRUNC(SUM(H4:H31),2) -> 429.75
C34: DMT BRITA: | D34: =DMT!$F$10 -> 65.4 | E34: km
C35: DMT GRELHA: | D35: =DMT!F14 -> 876.8 | E35: km
C36: Transporte caminão carroceria até 30km | D36: =IF(D35>30,TRUNC((C9*(GRELHA!K10/1000))*30,2),TRUNC((C7*(GRELHA!K10/1000))*D33,2)) -> 14.4 | E36: tkm
C37: Transporte caminão carroceria acima 30km | D37: =C9*0.04*(D35-30) -> 406.464 | E37: tkm

Sheet DISP. DRENAGEM - JDA-E2
B2: MEMORIAL DE CÁLCULO DE QUANTITATIVOS DE DISPOSITIVOS DE DRENAGEM
B3: DISPOSITIVO DE DRENAGEM | C3: QUANTIDADE | D3: UNIDADE | E3: CONSUMO UNITÁRIO DE BRITA (m³) | F3: CONSUMO TOTAL DE BRITA (m³) | G3: TRANSPORTE DE BRITA DMT ATÉ 30km (m³.km) | H3: TRANSPORTE DE BRITA DMT EXC 30km (m³.km)
B4: BOCA DE LOBO SIMPLES COMPLETA | C4: 20 | D4: un | E4: =TRUNC(0.729*0.5872,2) -> 0.42 | F4: =TRUNC(C4*E4,2) -> 8.4 | G4: =TRUNC(F4*30,2) -> 252 | H4: =TRUNC(F4*($D$32-30),2) -> 297.36
B5: BOCA DE LOBO DUPLA COMPLETA | C5: 2 | D5: un | E5: =TRUNC(1.272*0.5872,2) -> 0.74 | F5: =TRUNC(C5*E5,2) -> 1.48 | G5: =TRUNC(F5*30,2) -> 44.4 | H5: =TRUNC(F5*($D$32-30),2) -> 52.39
B6: BOCA DE LOBO TRIPLA COMPLETA | D6: un | E6: =TRUNC(1.815*0.5872,2) -> 1.06 | F6: =TRUNC(C6*E6,2) -> 0 | G6: =TRUNC(F6*30,2) -> 0 | H6: =TRUNC(F6*($D$32-30),2) -> 0
B7: GRELHAS | C7: =C4*1+C5*2 -> 24 | D7: un | E7: 0 | F7: 0 | G7: 0 | H7: 0
B8: POÇO DE VISITA TIPO 1 | C8: 6 | D8: un | E8: =TRUNC((1.74*0.5792)+(0.64*0.5872)+(1.023*1.1),2) -> 2.5 | F8: =TRUNC(C8*E8,2) -> 15 | G8: =TRUNC(F8*30,2) -> 450 | H8: =TRUNC(F8*($D$32-30),2) -> 531
B9: POÇO DE VISITA TIPO 2 | D9: un | E9: =TRUNC((2.27*0.5792)+(0.83*0.5872)+(1.24*1.1),2) -> 3.16 | F9: =TRUNC(C9*E9,2) -> 0 | G9: =TRUNC(F9*30,2) -> 0 | H9: =TRUNC(F9*($D$32-30),2) -> 0
B10: POÇO DE VISITA TIPO 3 | D10: un | E10: =TRUNC((2.86*0.5792)+(1.05*0.5872)+(1.59*1.1),2) -> 4.02 | F10: =TRUNC(C10*E10,2) -> 0 | G10: =TRUNC(F10*30,2) -> 0 | H10: =TRUNC(F10*($D$32-30),2) -> 0
B11: POÇO DE VISITA TIPO 4 | D11: un | E11: =TRUNC((3.98*0.5792)+(1.46*0.5872)+(2.11*1.1),2) -> 5.48 | F11: =TRUNC(C11*E11,2) -> 0 | G11: =TRUNC(F11*30,2) -> 0 | H11: =TRUNC(F11*($D$32-30),2) -> 0
B12: POÇO DE VISITA TIPO 5 | D12: un | E12: =TRUNC((5.18*0.5792)+(1.9*0.5872)+(2.65*1.1),2) -> 7.03 | F12: =TRUNC(C12*E12,2) -> 0 | G12: =TRUNC(F12*30,2) -> 0 | H12: =TRUNC(F12*($D$32-30),2) -> 0
B13: CHAMINÉ DE POÇO DE VISITA | D13: m | E13: 0 | F13: =TRUNC(C13*E13,2) -> 0 | G13: =TRUNC(F13*30,2) -> 0 | H13: =TRUNC(F13*($D$32-30),2) -> 0
B14: TAMPÃO DE POÇO DE VISITA | D14: un | E14: 0 | F14: =TRUNC(C14*E14,2) -> 0 | G14: =TRUNC(F14*30,2) -> 0 | H14: =TRUNC(F14*($D$32-30),2) -> 0
B15: CAIXA DE TRANSIÇÃO TIPO 4 | D15: un | E15: =TRUNC(6.2*0.5934,2) -> 3.67 | F15: =TRUNC(C15*E15,2) -> 0 | G15: =TRUNC(F15*30,2) -> 0 | H15: =TRUNC(F15*($D$32-30),2) -> 0
B16: CAIXA DE LIGAÇÃO E PASSAGEM TIPO 2 | D16: un | E16: =TRUNC(1.35*0.5792,2) -> 0.78 | F16: =TRUNC(C16*E16,2) -> 0 | G16: =TRUNC(F16*30,2) -> 0 | H16: =TRUNC(F16*($D$32-30),2) -> 0
B17: CAIXA DE LIGAÇÃO E PASSAGEM TIPO 4 | D17: un | E17: =TRUNC(2.44*0.5792,2) -> 1.41 | F17: =TRUNC(C17*E17,2) -> 0 | G17: =TRUNC(F17*30,2) -> 0 | H17: =TRUNC(F17*($D$32-30),2) -> 0
B18: CAIXA DE LIGAÇÃO E PASSAGEM TIPO 6 | D18: un | E18: =TRUNC(3.41*0.5792,2) -> 1.97 | F18: =TRUNC(C18*E18,2) -> 0 | G18: =TRUNC(F18*30,2) -> 0 | H18: =TRUNC(F18*($D$32-30),2) -> 0
B19: DISSIPADOR TIPO 1 | D19: un | E19: =TRUNC((0.9*0.579)+(8.24*0.587)+(3.119*1.1),2) -> 8.78 | F19: =TRUNC(C19*E19,2) -> 0 | G19: =TRUNC(F19*30,2) -> 0 | H19: =TRUNC(F19*($D$32-30),2) -> 0
B20: DISSIPADOR TIPO 2 | D20: un | E20: =TRUNC((1.3*0.579)+(12.48*0.587)+(4.039*1.1),2) -> 12.52 | F20: =TRUNC(C20*E20,2) -> 0 | G20: =TRUNC(F20*30,2) -> 0 | H20: =TRUNC(F20*($D$32-30),2) -> 0
B21: DISSIPADOR TIPO 3 | D21: un | E21: =TRUNC((1.8*0.579)+(17.6*0.587)+(5.024*1.1),2) -> 16.89 | F21: =TRUNC(C21*E21,2) -> 0 | G21: =TRUNC(F21*30,2) -> 0 | H21: =TRUNC(F21*($D$32-30),2) -> 0
B22: DISSIPADOR TIPO 4 | D22: un | E22: =TRUNC((2.4*0.579)+(23.72*0.587)+(6.116*1.1),2) -> 22.04 | F22: =TRUNC(C22*E22,2) -> 0 | G22: =TRUNC(F22*30,2) -> 0 | H22: =TRUNC(F22*($D$32-30),2) -> 0
B23: DISSIPADOR TIPO 5 | D23: un | E23: =TRUNC((3.7*0.579)+(39.14*0.587)+(8.694*1.1),2) -> 34.68 | F23: =TRUNC(C23*E23,2) -> 0 | G23: =TRUNC(F23*30,2) -> 0 | H23: =TRUNC(F23*($D$32-30),2) -> 0
B24: SARJETÃO DE CONCRETO | D24: m | E24: 0 | F24: =TRUNC(C24*E24,2) -> 0 | G24: =TRUNC(F24*30,2) -> 0 | H24: =TRUNC(F24*($D$32-30),2) -> 0
B25: CANALETA DE CONCRETO | D25: m | E25: =TRUNC(0.03*0.5872,2) -> 0.01 | F25: =TRUNC(C25*E25,2) -> 0 | G25: =TRUNC(F25*30,2) -> 0 | H25: =TRUNC(F25*($D$32-30),2) -> 0
B26: ENTRADA PARA DESCIDA D'ÁGUA | D26: un | E26: =TRUNC(0.14*0.5872,2) -> 0.08 | F26: =TRUNC(C26*E26,2) -> 0 | G26: =TRUNC(F26*30,2) -> 0 | H26: =TRUNC(F26*($D$32-30),2) -> 0
B27: DESCIDA D'ÁGUA | D27: m | E27: =TRUNC(0.137*0.5912,2) -> 0.08 | F27: =TRUNC(C27*E27,2) -> 0 | G27: =TRUNC(F27*30,2) -> 0 | H27: =TRUNC(F27*($D$32-30),2) -> 0
B28: DISSIPADOR DE ENERGIA TIPO DEB-1 | D28: un | E28: =TRUNC((0.42*0.5912)+0.21,2) -> 0.45 | F28: =TRUNC(C28*E28,2) -> 0 | G28: =TRUNC(F28*30,2) -> 0 | H28: =TRUNC(F28*($D$32-30),2) -> 0
B29: LAJE DE PROTEÇÃO DE TUBOS | D29: m³ | E29: =TRUNC(1*0.5872,2) -> 0.58 | F29: =TRUNC(C29*E29,2) -> 0 | G29: =TRUNC(F29*30,2) -> 0 | H29: =TRUNC(F29*($D$32-30),2) -> 0
B30: TOTAL | F30: =TRUNC(SUM(F4:F29),2) -> 24.88 | G30: =TRUNC(SUM(G4:G29),2) -> 746.4 | H30: =TRUNC(SUM(H4:H29),2) -> 880.75
C32: DMT BRITA: | D32: =DMT!F10 -> 65.4 | E32: km
C33: DMT GRELHAS: | D33: =DMT!F14 -> 876.8 | E33: km
C34: TRANSP. GRELHAS DMT ATÉ 30km: | D34: =IF(D33>30,TRUNC((C7*(GRELHA!K10/1000))*30,2),TRUNC((C7*(GRELHA!K10/1000))*D33,2)) -> 28.8 | E34: t.km
C35: TRANSP. GRELHAS PEAD DMT EXC 30km: | D35: =IF(D33>30,TRUNC((C7*(GRELHA!K10/1000))*(D33-30),2),0) -> 812.92 | E35: t.km

Sheet REMENDO - JDML
B2: MEMORIAL DE CÁLCULO DE RESTAURAÇÃO DO PAVIMENTO EXISTENTE
B3: Trecho | C3: REMENDO PROFUNDO DEVIDO A TRAVESSIA DE DRENAGEM
C4: Área Total (m²) | D4: Recorte do Pavimento (m) | E4: Carga, Manobra e Descarga - Material Demolido emp=30% (m³) | F4: Transporte - Material Demolido (m³.km) | G4: Regularização e Compactação - Sub-leito (m²) | H4: Preparo Fundo com Brita - Sub-leito e=0,30m (m³) | I4: Recomposição de Base e=0,15m (m³) | J4: Carga, Manobra e Descarga - Material de base (m³.km) | K4: Transporte - Material Pétreo DMT até 30km (m³.km) | L4: Transporte - Material Pétreo DMT exc. 30km (m³.km) | M4: Imprimação com EAI 1,2l/m² (m²) | N4: EAI (t) | O4: Transporte de EAI DMT até 30km (t.km) | P4: Transporte de EAI DMT exc. 30km (t.km) | Q4: Recomposição de Revestimento com CBUQ e=0,03m (m³) | R4: Aquisição CBUQ 2,5548t/m³ (t) | S4: Transporte de CBUQ DMT até 30km (m³.km) | T4: Transporte de CBUQ DMT EXC 30km (m³.km)
B5: R.Ubaldina A. de Oliveira | C5: 19.15 | D5: 20.75 | E5: =TRUNC(C5*0.03*1.3,2) -> 0.74 | F5: =TRUNC(E5*$C$10,2) -> 2.51 | G5: =C5 -> 19.15 | H5: -1 | I5: =TRUNC(C5*0.15,2) -> 2.87 | J5: =TRUNC(((H5*1.1)+(I5*1.3)),2) -> 2.63 | K5: =IF(C8>30,TRUNC(J5*30,2),TRUNC(J5*$C$9,2)) -> 78.9 | L5: =IF(C8>30,TRUNC(J5*(C8-30),2),0) -> 124 | M5: =C5 -> 19.15 | N5: =TRUNC((M5*0.0012),2) -> 0.02 | O5: =TRUNC((M5*0.0012)*30,2) -> 0.68 | P5: =TRUNC((M5*0.0012)*($C$11-30),2) -> 8.56 | Q5: =TRUNC(C5*0.03,2) -> 0.57 | R5: =TRUNC(Q5*2.5548,2) -> 1.45 | S5: =IF($C$12>30,TRUNC(Q5*30,2),TRUNC(Q5*$C$12,2)) -> 17.1 | T5: =IF($C$12>30,TRUNC(Q5*($C$12-30),2),0) -> 20.17
B6: R. Pedro Mascarenhas | C6: 20.6 | D6: 21.97 | E6: =TRUNC(C6*0.03*1.3,2) -> 0.8 | F6: =TRUNC(E6*$C$10,2) -> 2.72 | G6: =C6 -> 20.6 | H6: 0 | I6: =TRUNC(C6*0.15,2) -> 3.09 | J6: =TRUNC(((H6*1.1)+(I6*1.3)),2) -> 4.01 | K6: =IF(C9>30,TRUNC(J6*30,2),TRUNC(J6*$C$9,2)) -> 120.3 | L6: =IF(C9>30,TRUNC(J6*(C9-30),2),0) -> 141.95 | M6: =C6 -> 20.6 | N6: =TRUNC((M6*0.0012),2) -> 0.02 | O6: =TRUNC((M6*0.0012)*30,2) -> 0.74 | P6: =TRUNC((M6*0.0012)*($C$11-30),2) -> 9.21 | Q6: =TRUNC(C6*0.03,2) -> 0.61 | R6: =TRUNC(Q6*2.5548,2) -> 1.55 | S6: =IF($C$12>30,TRUNC(Q6*30,2),TRUNC(Q6*$C$12,2)) -> 18.3 | T6: =IF($C$12>30,TRUNC(Q6*($C$12-30),2),0) -> 21.59
B7: R. Franciele das N. Flores | C7: 37.4 | D7: 35.97 | E7: =TRUNC(C7*0.03*1.3,2) -> 1.45 | F7: =TRUNC(E7*$C$10,2) -> 4.93 | G7: =C7 -> 37.4 | H7: 0 | I7: =TRUNC(C7*0.15,2) -> 5.61 | J7: =TRUNC(((H7*1.1)+(I7*1.3)),2) -> 7.29 | K7: =IF(C10>30,TRUNC(J7*30,2),TRUNC(J7*$C$9,2)) -> 476.76 | L7: =IF(C10>30,TRUNC(J7*(C10-30),2),0) -> 0 | M7: =C7 -> 37.4 | N7: =TRUNC((M7*0.0012),2) -> 0.04 | O7: =TRUNC((M7*0.0012)*30,2) -> 1.34 | P7: =TRUNC((M7*0.0012)*($C$11-30),2) -> 16.73 | Q7: =TRUNC(C7*0.03,2) -> 1.12 | R7: =TRUNC(Q7*2.5548,2) -> 2.86 | S7: =IF($C$12>30,TRUNC(Q7*30,2),TRUNC(Q7*$C$12,2)) -> 33.6 | T7: =IF($C$12>30,TRUNC(Q7*($C$12-30),2),0) -> 39.64
B8: Totais | C8: =TRUNC(SUM(C5:C7),2) -> 77.15 | D8: =TRUNC(SUM(D5:D7),2) -> 78.69 | E8: =TRUNC(SUM(E5:E7),2) -> 2.99 | F8: =TRUNC(SUM(F5:F7),2) -> 10.16 | G8: =TRUNC(SUM(G5:G7),2) -> 77.15 | H8: =SUM(H6:H7) -> 0 | I8: =SUM(I5:I7) -> 11.57 | J8: =TRUNC(SUM(J5:J7),2) -> 13.93 | K8: =SUM(K5:K7) -> 675.96 | L8: =SUM(L5:L7) -> 265.95 | M8: =TRUNC(SUM(M5:M7),2) -> 77.15 | N8: =TRUNC(SUM(N5:N7),2) -> 0.08 | O8: =TRUNC(SUM(O5:O7),2) -> 2.76 | P8: =TRUNC(SUM(P5:P7),2) -> 34.5 | Q8: =TRUNC(SUM(Q5:Q7),2) -> 2.3 | R8: =TRUNC(SUM(R5:R7),2) -> 5.86 | S8: =TRUNC(SUM(S5:S7),2) -> 69 | T8: =TRUNC(SUM(T5:T7),2) -> 81.4
B9: DMT BASE: | C9: =DMT!F16 -> 65.4 | D9: km
B10: DMT BOTA-FORA: | C10: =DMT!F15 -> 3.4 | D10: km
B11: DMT EAI: | C11: =DMT!F9 -> 402.9 | D11: km
B12: DMT CBUQ: | C12: =DMT!F7 -> 65.4 | D12: km

Sheet RECAPEAMENTO - JDML
B2: MEMORIAL DE CÁLCULO DE RECAPEAMENTO
B3: Nome da Via | D3: Entre Ruas/Estaca Inicial | G3: Entre Ruas/Estaca Final | J3: Extensão (m) | K3: Largura Capa (m) | L3: Áreas Irregulares (m²) | M3: Área por Trecho (m²) | N3: Área Total (m²) | O3: Remendo Superficial/Tapa Buraco (m²) | P3: % | Q3: Remendo Profundo (m²) | R3: % | S3: Correção de Defeitos por Fresagem (m²) | T3: Espessura da fresagem (m) | U3: Volume da fresagem (m³) | V3: % | W3: Reperfilagem (m²) | X3: % | Y3: Bica Corrida (m³) | Z3: CBUQ (m³) | AA3: Emulsão EAI (t) | AB3: Bota-fora (m³) | AC3: Carga, manobra e descarga (fresagem) (m³) | AD3: Pintura de Ligação RR-2C (m²) | AE3: Reperfilagem e=2,0cm (m³) | AF3: Pintura de Ligação RR-2C - 2ª aplic. (m²) | AG3: RR-2C 0,45 l/m² (t) | AH3: Capa CBUQ e=3,0cm (m³) | AI3: Aquisição CBUQ 2,5548t/m³ (t)
B4: REPÚBLICA DO PARAGUAY | D4: RUA NATÁLIA DE O. LOPES | E4: + | G4: RUA VIRGÍLIO BENDIN | J4: 0 | K4: 0 | L4: 48.43 | N4: =TRUNC((J4*K4)+L4,2) -> 48.43 | Q4: =N4*R4 -> 0 | R4: 0 | S4: =N4 -> 48.43 | T4: 0.03 | U4: =TRUNC(S4*T4,2) -> 1.45 | V4: 0 | AC4: =U4*1.15 -> 1.6675 | AD4: =N4 -> 48.43 | AG4: =TRUNC((AD4+AF4)*0.00045,2) -> 0.02 | AH4: =TRUNC(AD4*0.03,2) -> 1.45 | AI4: =TRUNC(AH4*2.5548,2) -> 3.7
B5: FRANCIELE DAS NECES FLORES | D5: REPÚBLICA DO PARAGUAY | E5: + | G5: AIRTON SENNA DA SILVA | J5: 0 | K5: 0 | L5: =90.83 -> 90.83 | N5: =TRUNC((J5*K5)+L5,2) -> 90.83 | Q5: =N5*R5 -> 0 | R5: 0 | S5: =N5 -> 90.83 | T5: 0.03 | U5: =TRUNC(S5*T5,2) -> 2.72 | V5: 0 | AC5: =U5*1.15 -> 3.128 | AD5: =N5 -> 90.83 | AG5: =TRUNC((AD5+AF5)*0.00045,2) -> 0.04 | AH5: =TRUNC(AD5*0.03,2) -> 2.72 | AI5: =TRUNC(AH5*2.5548,2) -> 6.94
B6: PEDRO MASCARENHAS | D6: REPÚBLICA DO PARAGUAY | G6: AIRTON SENNA DA SILVA | H6: + | J6: 0 | K6: 0 | L6: 28.03 | N6: =TRUNC((J6*K6)+L6,2) -> 28.03 | Q6: =N6*R6 -> 0 | R6: 0 | S6: =N6 -> 28.03 | T6: 0.03 | U6: =TRUNC(S6*T6,2) -> 0.84 | V6: 0 | AC6: =U6*1.15 -> 0.966 | AD6: =N6 -> 28.03 | AG6: =TRUNC((AD6+AF6)*0.00045,2) -> 0.01 | AH6: =TRUNC(AD6*0.03,2) -> 0.84 | AI6: =TRUNC(AH6*2.5548,2) -> 2.14
B7: Totais | J7: =TRUNC(SUM(J4:J6),2) -> 0 | K7: =TRUNC(SUM(K4:K6),2) -> 0 | L7: =TRUNC(SUM(L4:L6),2) -> 167.29 | N7: =TRUNC(SUM(N4:N6),2) -> 167.29 | O7: =SUM(#REF!) -> #REF! | Q7: =SUM(Q4:Q6) -> 0 | S7: =SUM(S4:S6) -> 167.29 | U7: =SUM(U4:U6) -> 5.01 | W7: =SUM(#REF!) -> #REF! | Y7: =SUM(#REF!) -> #REF! | Z7: =SUM(#REF!) -> #REF! | AA7: =SUM(#REF!) -> #REF! | AB7: =SUM(#REF!) -> #REF! | AC7: =SUM(AC4:AC6) -> 5.7615 | AD7: =TRUNC(SUM(AD4:AD6),2) -> 167.29 | AE7: =SUM(AE4:AE6) -> 0 | AF7: =SUM(AF4:AF6) -> 0 | AG7: =TRUNC(SUM(AG4:AG6),2) -> 0.07 | AH7: =TRUNC(SUM(AH4:AH6),2) -> 5.01 | AI7: =TRUNC(SUM(AI4:AI6),2) -> 12.78
B9: TRANSP. RR-2C (DMT ATÉ 30km): | C9: =TRUNC(AG7*30,2) -> 2.1 | D9: t.km | W9: =TRUNC((0.0615*0.8046)+(0.003*1.15),2) -> 0.05 | X9: m³/m
B10: TRANSP. RR-2C (DMT EXC 30km): | C10: =TRUNC(AG7*(DMT!F8-30),2) -> 26.1 | D10: t.km | W10: =TRUNC(0.0615*0.5792,2) -> 0.03 | X10: m³/m
B11: TRANSP. CBUQ (DMT ATÉ 30km): | C11: =TRUNC((AH7)*30,2) -> 150.3 | D11: m³.km
B12: TRANSP. CBUQ (DMT EXC 30km): | C12: =TRUNC((AH7)*(DMT!F7-30),2) -> 177.35 | D12: m³.km
B13: TRANSP. BOTA-FORA FRESAGEM (DMT ATÉ 30km): | C13: =TRUNC(U7*1.3*DMT!F15,2) -> 22.14 | D13: m³.km

Sheet PAVIMENTAÇÃO - JDML
B2: MEMORIAL DE CÁLCULO DE PAVIMENTAÇÃO
B3: VIA | C3: ESTACAS | I3: EXTENSÃO (m) | J3: LARGURA | L3: ÁREAS DE REVESTIMENTO | O3: REGULARIZAÇÃO | Q3: TERRAPLENAGEM | T3: SUB-BASE | X3: BASE | AB3: IMPRIMAÇÃO | AD3: REVESTIMENTO ASFÁLTICO | AH3: SERVIÇOS COMPLEMENTARES
C4: Início | F4: Fim | O4: Largura (m²) | P4: Área (m²) | Q4: Vol. de Corte (m³) | R4: Vol. de Aterro (m³) | S4: Compensação (m³) | T4: Largura (m) | U4: Espessura (m) | V4: Área (m²) | W4: Volume (m³) | X4: Largura (m) | Y4: Espessura (m) | Z4: Área (m²) | AA4: Volume (m³) | AB4: Área (m²) | AC4: Peso (t) (0,0012t/m²) | AD4: Espessura (m) | AE4: Área (m²) | AF4: Volume (m³) | AG4: Peso (t) (2,5548 t/m³) | AH4: Guia (m) | AI4: Guia e Sarjeta (m) | AJ4: Tento (m)
J5: Via (m) | K5: Revestimento (m) | L5: Acréscimo (Raios, Limpa Rodas e Complementares) (m²) | M5: Descréscimo (Cruzamento) (m²) | N5: Total (m²)
B6: JOSÉ RUFINO AMARAL | C6: 0 | D6: + | E6: 0 | F6: 2 | G6: + | H6: 11.78 | I6: =(F6*20+H6)-(C6*20+E6) -> 51.78 | J6: 7 | K6: =+J6-0.6 -> 6.4 | L6: 4.7942 | M6: 0 | N6: =+K6*I6+L6-M6 -> 336.1862 | O6: =+J6+(2*0.22) -> 7.44 | P6: =O6*I6+1.1*L6-M6 -> 390.51682 | Q6: 125.51 | R6: 0 | S6: =Q6-(R6*1.3) -> 125.51 | T6: =J6+(2*0.12) -> 7.24 | U6: 0 | V6: 0 | W6: =V6*U6 -> 0 | X6: =J6+(2*0.12) -> 7.24 | Y6: 0.15 | Z6: =X6*I6+L6*1.1 -> 380.16082 | AA6: =Z6*Y6 -> 57.024123 | AB6: =N6 -> 336.1862 | AC6: =AB6*0.0012 -> 0.40342344 | AD6: 0.03 | AE6: =N6 -> 336.1862 | AF6: =+AE6*AD6 -> 10.085586 | AG6: =2.5548*AF6 -> 25.766655 | AH6: 0 | AI6: 128.66 | AJ6: 7
B7: REPÚBLICA DO PARAGUAY - TRECHO 1 | C7: 0 | D7: + | E7: 3.5 | F7: 38 | G7: + | H7: 11.32 | I7: =(F7*20+H7)-(C7*20+E7) -> 767.82 | J7: 7 | K7: =+J7-0.6 -> 6.4 | L7: =5.9+62.68+5.32+5.23+5.35+5.38+4.8+5.38+52.88 -> 152.92 | M7: 0 | N7: =+K7*I7+L7-M7 -> 5066.968 | O7: =+J7+(2*0.22) -> 7.44 | P7: =O7*I7+1.1*L7-M7 -> 5880.7928 | Q7: 1665.83 | R7: 193.22 | S7: =Q7-(R7*1.3) -> 1414.644 | T7: =J7+(2*0.12) -> 7.24 | U7: 0 | V7: 0 | W7: =V7*U7 -> 0 | X7: =J7+(2*0.12) -> 7.24 | Y7: 0.15 | Z7: =X7*I7+L7*1.1 -> 5727.2288 | AA7: =Z7*Y7 -> 859.08432 | AB7: =N7 -> 5066.968 | AC7: =AB7*0.0012 -> 6.0803616 | AD7: 0.03 | AE7: =N7 -> 5066.968 | AF7: =+AE7*AD7 -> 152.00904 | AG7: =2.5548*AF7 -> 388.3527 | AH7: 0 | AI7: =1219.34+16.04 -> 1235.38 | AJ7: 0
B8: REPÚBLICA DO PARAGUAY - TRECHO 2 | C8: 46 | D8: + | E8: 2.05 | F8: 55 | G8: + | H8: 15.92 | I8: =(F8*20+H8)-(C8*20+E8) -> 193.87 | J8: 7 | K8: =+J8-0.6 -> 6.4 | L8: =45.43+69.28 -> 114.71 | M8: 0 | N8: =+K8*I8+L8-M8 -> 1355.478 | O8: =+J8+(2*0.22) -> 7.44 | P8: =O8*I8+1.1*L8-M8 -> 1568.5738 | T8: =J8+(2*0.12) -> 7.24 | U8: 0 | V8: 0 | W8: =V8*U8 -> 0 | X8: =J8+(2*0.12) -> 7.24 | Y8: 0.15 | Z8: =X8*I8+L8*1.1 -> 1529.7998 | AA8: =Z8*Y8 -> 229.46997 | AB8: =N8 -> 1355.478 | AC8: =AB8*0.0012 -> 1.6265736 | AD8: 0.03 | AE8: =N8 -> 1355.478 | AF8: =+AE8*AD8 -> 40.66434 | AG8: =2.5548*AF8 -> 103.88926 | AH8: 0 | AI8: 396.26 | AJ8: 7
B9: CARLOS GONÇALVES | C9: 0 | D9: + | E9: 3.55 | F9: 2 | G9: + | H9: 6.09 | I9: =(F9*20+H9)-(C9*20+E9) -> 42.54 | J9: 7 | K9: =+J9-0.6 -> 6.4 | L9: 44.07 | M9: 0 | N9: =+K9*I9+L9-M9 -> 316.326 | O9: =+J9+(2*0.22) -> 7.44 | P9: =O9*I9+1.1*L9-M9 -> 364.9746 | Q9: 75.72 | R9: 0 | S9: =Q9-(R9*1.3) -> 75.72 | T9: =J9+(2*0.12) -> 7.24 | U9: 0 | V9: 0 | W9: =V9*U9 -> 0 | X9: =J9+(2*0.12) -> 7.24 | Y9: 0.15 | Z9: =X9*I9+L9*1.1 -> 356.4666 | AA9: =Z9*Y9 -> 53.46999 | AB9: =N9 -> 316.326 | AC9: =AB9*0.0012 -> 0.3795912 | AD9: 0.03 | AE9: =N9 -> 316.326 | AF9: =+AE9*AD9 -> 9.48978 | AG9: =2.5548*AF9 -> 24.24449 | AH9: 0 | AI9: 106.63 | AJ9: 0
B10: FRANCIELE DAS NECES FLORES - TRECHO 1 | C10: 0 | D10: + | E10: 3.55 | F10: 1 | G10: + | H10: 18.43 | I10: =(F10*20+H10)-(C10*20+E10) -> 34.88 | J10: 7 | K10: =+J10-0.6 -> 6.4 | L10: 0 | M10: 0 | N10: =+K10*I10+L10-M10 -> 223.232 | O10: =+J10+(2*0.22) -> 7.44 | P10: =O10*I10+1.1*L10-M10 -> 259.5072 | Q10: 81.47 | R10: 0 | S10: =Q10-(R10*1.3) -> 81.47 | T10: =J10+(2*0.12) -> 7.24 | U10: 0 | V10: 0 | W10: =V10*U10 -> 0 | X10: =J10+(2*0.12) -> 7.24 | Y10: 0.15 | Z10: =X10*I10+L10*1.1 -> 252.5312 | AA10: =Z10*Y10 -> 37.87968 | AB10: =N10 -> 223.232 | AC10: =AB10*0.0012 -> 0.2678784 | AD10: 0.03 | AE10: =N10 -> 223.232 | AF10: =+AE10*AD10 -> 6.69696 | AG10: =2.5548*AF10 -> 17.109393 | AH10: 0 | AI10: 103.77 | AJ10: 0
B11: PEDRO MASCARENHAS - TRECHO 1 | C11: 0 | D11: + | E11: 3.43 | F11: 2 | G11: + | H11: 7.56 | I11: =(F11*20+H11)-(C11*20+E11) -> 44.13 | J11: 8 | K11: =+J11-0.6 -> 7.4 | L11: 0 | M11: 0 | N11: =+K11*I11+L11-M11 -> 326.562 | O11: =+J11+(2*0.22) -> 8.44 | P11: =O11*I11+1.1*L11-M11 -> 372.4572 | Q11: 53.26 | R11: 0 | S11: =Q11-(R11*1.3) -> 53.26 | T11: =J11+(2*0.12) -> 8.24 | U11: 0 | V11: 0 | W11: =V11*U11 -> 0 | X11: =J11+(2*0.12) -> 8.24 | Y11: 0.15 | Z11: =X11*I11+L11*1.1 -> 363.6312 | AA11: =Z11*Y11 -> 54.54468 | AB11: =N11 -> 326.562 | AC11: =AB11*0.0012 -> 0.3918744 | AD11: 0.03 | AE11: =N11 -> 326.562 | AF11: =+AE11*AD11 -> 9.79686 | AG11: =2.5548*AF11 -> 25.029018 | AH11: 0 | AI11: 103.8 | AJ11: 0
B12: TOTAIS | I12: =SUM(I6:I11) -> 1135.02 | L12: =SUM(L6:L11) -> 316.4942 | M12: =SUM(M6:M11) -> 0 | N12: =SUM(N6:N11) -> 7624.7522 | P12: =TRUNC(SUM(P6:P11),2) -> 8836.82 | Q12: =TRUNC(SUM(Q6:Q11),2) -> 2001.79 | R12: =TRUNC(SUM(R6:R11),2) -> 193.22 | S12: =TRUNC(SUM(S6:S11),2) -> 1750.6 | W12: =SUM(W6:W11) -> 0 | Z12: =TRUNC(SUM(Z6:Z11),2) -> 8609.81 | AA12: =TRUNC(SUM(AA6:AA11),2) -> 1291.47 | AB12: =TRUNC(SUM(AB6:AB11),2) -> 7624.75 | AC12: =TRUNC(SUM(AC6:AC11),2) -> 9.14 | AE12: =TRUNC(SUM(AE6:AE11),2) -> 7624.75 | AF12: =TRUNC(SUM(AF6:AF11),2) -> 228.74 | AG12: =TRUNC(SUM(AG6:AG11),2) -> 584.39 | AH12: =TRUNC(SUM(AH6:AH11),2) -> 0 | AI12: =TRUNC(SUM(AI6:AI11),2) -> 2074.5 | AJ12: =TRUNC(SUM(AJ6:AJ11),2) -> 14
Q14: ESC, CARGA TRANSP. DMT 200M: | R14: =TRUNC(R12*1.3,2) -> 251.18 | S14: m³ | U14: AQUISIÇÃO MATERIAL SUB-BASE (EMP. 15%): | V14: =TRUNC(W12*1.15,2) -> 0 | W14: m³ | AD14: TRANSP. EAI DMT ATÉ 30km: | AE14: =TRUNC(AC12*30,2) -> 274.2 | AF14: t.km | AH14: BRITA MFC: | AI14: =TRUNC((0.0615*0.579*AI12)+(0.0285*0.579*AH12),2) -> 73.86 | AJ14: m³
Q15: ESCAVAÇÃO HORIZONTAL: | R15: =TRUNC(Q12-R14,2) -> 1750.61 | S15: m³ | U15: ESC. CARGA, MATERIAL SUB-BASE (EMP. 15%): | V15: =TRUNC(W12*1.15,2) -> 0 | W15: m³ | Y15: CARGA,MAN. E DESC. MAT. BASE : | Z15: =AA12*(0.53076+0.147+0.2606+0.52829) -> 1894.1345 | AA15: m³ | AD15: TRANSP. EAI DMT EXC. 30km: | AE15: =TRUNC(AC12*(DMT!F9-30),2) -> 3408.3 | AF15: t.km | AH15: BRITA TENTO: | AI15: =TRUNC(0.033*0.579*AJ12,2) -> 0.26 | AJ15: m³
Q16: COMPACTAÇÃO ATERRO: | R16: =R12 -> 193.22 | S16: m³ | U16: TRANSP. MATERIAL SUB-BASE (EMP. 30%): | V16: =TRUNC(W12*1.3*DMT!F16,2) -> 0 | W16: m³.km | Y16: TRANSP. MATERIAL BASE (EMP. 30%) até 30km: | Z16: =TRUNC(AA12*1.3*30,2) -> 50367.33 | AA16: m³.km | AH16: TRANS. BRITA (DMT ATÉ 30km): | AI16: =TRUNC((AI15+AI14)*30,2) -> 2223.6 | AJ16: m³.km
Q17: CARGA, MANOBRA DESCARGA BOTA-FORA (EMP. 15%): | R17: =TRUNC(S12*1.15,2) -> 2013.19 | S17: m³ | U17: EXECUÇÃO DE SUB-BASE: | V17: =W12 -> 0 | W17: m³ | Y17: TRANSP. MATERIAL BASE (EMP. 30%)+ 30KM: | Z17: =TRUNC(AA12*1.3*(DMT!F16-30),2) -> 59433.44 | AA17: m³.km | AD17: TRANSP. CBUQ DMT ATÉ 30km: | AE17: =TRUNC(AF12*30,2) -> 6862.2 | AF17: m³.km | AH17: TRANS. BRITA (DMT EXC. 30km): | AI17: =TRUNC((AI15+AI14)*(DMT!F10-30),2) -> 2623.84 | AJ17: m³.km
Q18: TRANSP. BOTA-FORA (EMP. 30%): | R18: =TRUNC(S12*1.3*DMT!F15,2) -> 7737.65 | S18: m³.km | Y18: EXECUÇÃO DE BASE: | Z18: =AA12 -> 1291.47 | AA18: m³ | AD18: TRANSP. CBUQ DMT EXC. 30km: | AE18: =TRUNC(AF12*(DMT!F7-30),2) -> 8097.39 | AF18: m³.km | AH18: CARGA, MATERIAL (BRITA): | AI18: =AI14+AI15 -> 74.12
Q19: ESPALHAMENTO BOTA-FORA : | R19: =S12 -> 1750.6 | S19: m³ | Y19: ÁREA DE ANCORAGEM DE BASE PARA CBUQ: | Z19: 0 | AA19: m²

Sheet PAVIMENTAÇÃO - JDA-E2
B2: JARDIM ANTUNES - CORONEL SAPUCAIA
B4: QUANTIFICAÇÃO GERAL DA PAVIMENTAÇÃO
B5: Rua | C5: ESTACAS | I5: Extensão | J5: Largura Via | K5: Largura Capa | L5: Áreas Complementares | M5: Áreas total de capa | N5: REGULARIZAÇÃO | P5: SUBLEITO | S5: BASE: BRITA (BGS) | W5: Pavimento Asfáltico | AE5: Complementares
C6: Início | F6: Fim | N6: Largura | O6: Área | P6: Vol. Corte | Q6: Vol. Aterro | R6: Vol. Compensado | S6: Largura | T6: Esp. Base: 15,00 cm | U6: Área Base | V6: Vol. Base | W6: Imprimação | Y6: Pintura de Ligação | AA6: Capa | AE6: Guia e Sarjeta MFC Tipo 1 | AF6: Tento
I7: (m) | J7: (m) | K7: (m) | L7: (m²) | M7: (m²) | N7: (m) | O7: (m²) | P7: (m³) | Q7: (m³) | R7: (m³) | S7: (m) | T7: (m) | U7: (m²) | V7: (m³) | W7: Área (m²) | X7: Peso (T) | Y7: Área (m²) | Z7: Peso (T) | AA7: Espessura (m) | AB7: Área (m²) | AC7: Volume (m³) | AD7: Peso (T) | AE7: (m) | AF7: (m)
B8: Rua Baltazar Saldanha | C8: 0 | D8: + | E8: 0 | F8: 4 | G8: + | H8: 7.66 | I8: =(F8*20+H8)-(C8*20+E8) -> 87.66 | J8: 7 | K8: =+J8-0.6 -> 6.4 | L8: 12.59 | M8: =+K8*I8+L8 -> 573.614 | N8: =+J8+(2*0.22) -> 7.44 | O8: =N8*I8+1.1*L8 -> 666.0394 | P8: 123.4 | Q8: 0.04 | R8: =P8-(Q8*1.3) -> 123.348 | S8: =+J8+(2*0.12) -> 7.24 | T8: 0.15 | U8: =S8*I8+L8*1.1 -> 648.5074 | V8: =U8*T8 -> 97.27611 | W8: =M8 -> 573.614 | X8: =W8*0.0012 -> 0.6883368 | Y8: =W8 -> 573.614 | Z8: =Y8*0.0005 -> 0.286807 | AA8: 0.03 | AB8: =M8 -> 573.614 | AC8: =+AB8*AA8 -> 17.20842 | AD8: =2.5548*AC8 -> 43.964071 | AE8: =87.7+87.77 -> 175.47 | AF8: 0
B9: Rua Clemenci Antunes | C9: 0 | D9: + | E9: 3 | F9: 21 | G9: + | H9: 8.85 | I9: =(F9*20+H9)-(C9*20+E9) -> 425.85 | J9: 7 | K9: =+J9-0.6 -> 6.4 | L9: =2.75+1.27+2.74+1.33-49.6+1.93+1.93+1.93+1.93-49+1.66+2.24+1.66+2.24-49.1 -> -124.09 | M9: =+K9*I9+L9 -> 2601.35 | N9: =+J9+(2*0.22) -> 7.44 | O9: =N9*I9+1.1*L9 -> 3031.825 | P9: 415.78 | Q9: 32.25 | R9: =P9-(Q9*1.3) -> 373.855 | S9: =+J9+(2*0.12) -> 7.24 | T9: 0.15 | U9: =S9*I9+L9*1.1 -> 2946.655 | V9: =U9*T9 -> 441.99825 | W9: =M9 -> 2601.35 | X9: =W9*0.0012 -> 3.12162 | Y9: =W9 -> 2601.35 | Z9: =Y9*0.0005 -> 1.300675 | AA9: 0.03 | AB9: =M9 -> 2601.35 | AC9: =+AB9*AA9 -> 78.0405 | AD9: =2.5548*AC9 -> 199.37787 | AE9: 860.2744 | AF9: 7
B10: Rua José Guiomar | C10: 0 | D10: + | E10: 6.52 | F10: 8 | G10: + | H10: 10.878 | I10: =(F10*20+H10)-(C10*20+E10) -> 164.358 | J10: 7 | K10: =+J10-0.6 -> 6.4 | L10: 0 | M10: =+K10*I10+L10 -> 1051.8912 | N10: =+J10+(2*0.22) -> 7.44 | O10: =N10*I10+1.1*L10 -> 1222.8235 | P10: 299.34 | Q10: 0 | R10: =P10-(Q10*1.3) -> 299.34 | S10: =+J10+(2*0.12) -> 7.24 | T10: 0.15 | U10: =S10*I10+L10*1.1 -> 1189.9519 | V10: =U10*T10 -> 178.49279 | W10: =M10 -> 1051.8912 | X10: =W10*0.0012 -> 1.2622694 | Y10: =W10 -> 1051.8912 | Z10: =Y10*0.0005 -> 0.5259456 | AA10: 0.03 | AB10: =M10 -> 1051.8912 | AC10: =+AB10*AA10 -> 31.556736 | AD10: =2.5548*AC10 -> 80.621149 | AE10: 309.9808 | AF10: 7
B11: Rua Batista Terra | C11: 0 | D11: + | E11: 6.59 | F11: 9 | G11: + | H11: 12.96 | I11: =(F11*20+H11)-(C11*20+E11) -> 186.37 | J11: 7 | K11: =+J11-0.6 -> 6.4 | L11: 0 | M11: =+K11*I11+L11 -> 1192.768 | N11: =+J11+(2*0.22) -> 7.44 | O11: =N11*I11+1.1*L11 -> 1386.5928 | P11: 802.16 | Q11: 0 | R11: =P11-(Q11*1.3) -> 802.16 | S11: =+J11+(2*0.12) -> 7.24 | T11: 0.15 | U11: =S11*I11+L11*1.1 -> 1349.3188 | V11: =U11*T11 -> 202.39782 | W11: =M11 -> 1192.768 | X11: =W11*0.0012 -> 1.4313216 | Y11: =W11 -> 1192.768 | Z11: =Y11*0.0005 -> 0.596384 | AA11: 0.03 | AB11: =M11 -> 1192.768 | AC11: =+AB11*AA11 -> 35.78304 | AD11: =2.5548*AC11 -> 91.418511 | AE11: 358.5721 | AF11: 7
B12: Rua Fortunato de Oliveira | C12: 0 | D12: + | E12: 6.62 | F12: 9 | G12: + | H12: 11.04 | I12: =(F12*20+H12)-(C12*20+E12) -> 184.42 | J12: 7 | K12: =+J12-0.6 -> 6.4 | L12: 0 | M12: =+K12*I12+L12 -> 1180.288 | N12: =+J12+(2*0.22) -> 7.44 | O12: =N12*I12+1.1*L12 -> 1372.0848 | P12: 325.54 | Q12: 2.95 | R12: =P12-(Q12*1.3) -> 321.705 | S12: =+J12+(2*0.12) -> 7.24 | T12: 0.15 | U12: =S12*I12+L12*1.1 -> 1335.2008 | V12: =U12*T12 -> 200.28012 | W12: =M12 -> 1180.288 | X12: =W12*0.0012 -> 1.4163456 | Y12: =W12 -> 1180.288 | Z12: =Y12*0.0005 -> 0.590144 | AA12: 0.03 | AB12: =M12 -> 1180.288 | AC12: =+AB12*AA12 -> 35.40864 | AD12: =2.5548*AC12 -> 90.461993 | AE12: 356.0303 | AF12: 7
B13: Totais | I13: =SUM(I8:I12) -> 1048.658 | M13: =SUM(M8:M12) -> 6599.9112 | O13: =SUM(O8:O12) -> 7679.3655 | P13: =SUM(P8:P12) -> 1966.22 | Q13: =SUM(Q8:Q12) -> 35.24 | R13: =SUM(R8:R12) -> 1920.408 | V13: =SUM(V8:V12) -> 1120.4451 | W13: =SUM(W8:W12) -> 6599.9112 | X13: =SUM(X8:X12) -> 7.9198934 | Y13: =SUM(Y8:Y12) -> 6599.9112 | Z13: =SUM(Z8:Z12) -> 3.2999556 | AB13: =SUM(AB8:AB12) -> 6599.9112 | AC13: =SUM(AC8:AC12) -> 197.99734 | AD13: =SUM(AD8:AD12) -> 505.84359 | AE13: =SUM(AE8:AE12) -> 2060.3276 | AF13: =SUM(AF8:AF12) -> 28
O15: ESC. MATERIAL: | P15: =R13 -> 1920.408 | Q15: m³ | T15: TRANSP. DE MATERIAL - BASE (DMT ATÉ 30 Km): | U15: =TRUNC(U17*1.3*30,2) -> 64088.73 | V15: m³*Km | W15: EAI - IMPRIMAÇÃO (0,0012 T/m²): | Y15: =W13 -> 6599.9112 | Z15: m² | AD15: BRITA MFC: | AE15: =TRUNC((0.0615*0.579*AE13),2) -> 73.36 | AF15: m³
O16: CARGA, MATERIAL (emp. 15%): | P16: =R13*1.15 -> 2208.4692 | Q16: m³ | T16: TRANSP. DE MATERIAL - BASE (DMT EXC. 30 Km): | U16: =TRUNC(U17*1.3*(DMT!F16-30),2) -> 75624.7 | V16: m³*Km | W16: TRANS. EAI (DMT ATÉ 30km): | Y16: =TRUNC(X13*30,2) -> 237.59 | Z16: T*Km | AD16: BRITA TENTO: | AE16: =TRUNC(0.033*0.579*AF13,2) -> 0.53 | AF16: m³
O17: TRANSP. DE MATERIAL PARA BOTA-FORA (emp. 30%) (DMT ATÉ 30 Km): | P17: =R13*1.3*DMT!F15 -> 8488.2034 | Q17: m³*Km | T17: Carga e Manobra da BRITA - BASE: | U17: =V13*(0.53076+0.147+0.2606+0.52829) -> 1643.3008 | V17: m³*KM | W17: TRANS. EAI (DMT EXC. 30km): | Y17: =TRUNC(X13*(DMT!F9-30),2) -> 2953.32 | Z17: T³*Km | AD17: TRANS. BRITA (DMT ATÉ 30km): | AE17: =TRUNC((AE16+AE15)*30,2) -> 2216.7 | AF17: m³*Km
O18: ESPALHAMENTO (VOLUME COMPENSADO): | P18: =TRUNC(R13,2) -> 1920.4 | Q18: m³ | W18: RR-2C - PINT. DE LIG. (0,0005 T/m²): | Y18: =Y13 -> 6599.9112 | Z18: m² | AD18: TRANS. BRITA (DMT EXC. 30km): | AE18: =TRUNC((AE15+AE16)*(DMT!F10-30),2) -> 2615.7 | AF18: m³*Km
O19: ESC, CARGA E TRANS. 50 A 200M/ ESPALHAMENTO: | P19: =P13-R13 -> 45.812 | Q19: m³ | W19: TRANS. RR-2C (DMT ATÉ 30km): | Y19: =TRUNC(Z13*30,2) -> 98.99 | Z19: T*Km | AD19: CARGA, MATERIAL (BRITA): | AE19: =AE15+AE16 -> 73.89
O20: COMPACTAÇÃO DE ATERRO: | P20: =Q13 -> 35.24 | Q20: m³ | W20: TRANS. RR-2C (DMT EXC. 30km): | Y20: =TRUNC(Z13*(DMT!F8-30),2) -> 1230.55 | Z20: T³*Km
W21: CBUQ - CAPA: | Y21: =AC13 -> 197.99734 | Z21: m³
W22: TRANS. CBUQ (DMT ATÉ 30km): | Y22: =TRUNC(AC13*30,2) -> 5939.92 | Z22: m³*Km
W23: TRANS. CBUQ (DMT EXC. 30km): | Y23: =TRUNC(AC13*1.3*(DMT!F7-30),2) -> 9111.83 | Z23: m³*Km

Sheet CALÇADA E ACESS. - JDML
B2: MEMORIAL DE CÁLCULO DE CALÇADA E ACESSIBILIDADE
B3: Rua | C3: Entre | F3: Lado | G3: Comp. de Quadra | H3: Largura de Calçada | I3: Largura de Grama | J3: Área de Calçamento | K3: Área de Grama | L3: Comp. de Piso Tátil | M3: Áreas Irregulares | P3: Rampas | U3: Preparo de Solo | V3: Preparo de Solo - Carga e Descarga do Bota-fora (emp. 10%) | W3: Transporte Bota-Fora DMT até 30 km | X3: Área Total de Grama | Y3: Comprimento Total de Piso Tátil | Z3: Área Total de Piso Tátil (0,40 x 0,40m) | AA3: Transporte Piso Tátil DMT até 30 km | AB3: Transporte Piso Tátil DMT exc. 30 km | AC3: Área Total de Concreto | AD3: Espessura da Calçada | AE3: Volume Total de Concreto - Calçadas | AF3: Espessura da Calçada sob Piso Tátil | AG3: Volume Total de Concreto - sob Piso Tátil | AH3: Volume Total de Concreto
M4: Área de Concreto | N4: Área de Grama | O4: Comp. de Piso Tátil | P4: Quantidade Unitária | Q4: Área de Concreto Unitária | R4: Comp. de Piso Tátil Unitário | S4: Área Total de Concreto | T4: Comp. Total de Piso Tátil
G5: (m) | H5: (m) | I5: (m) | J5: (m²) | K5: (m²) | L5: (m) | M5: (m²) | N5: (m²) | O5: (m) | P5: (und) | Q5: (m²) | R5: (m) | S5: (m²) | T5: (m) | U5: (m²) | V5: (m³) | W5: (m³.km) | X5: (m²) | Y5: (m) | Z5: (m²) | AA5: (t.km) | AB5: (t.km) | AC5: (m²) | AD5: (m) | AE5: (m³) | AF5: (m) | AG5: (m³) | AH5: (m³)
B6: JOSÉ RUFINO AMARAL | C6: REPUBLICA DO PARAGUAY | D6: e | E6: AIRTON SENNA DA SILVA | F6: LD | G6: 0 | H6: 1.2 | M6: 8.59 | P6: 3 | Q6: =(0.4+1.8+1.5+1.8+0.4)*H6 -> 7.08 | R6: =H6+1.5+H6 -> 3.9 | S6: =(P6*Q6) -> 21.24 | T6: =(P6*R6) -> 11.7 | U6: =SUM(M6:M7) -> 8.59 | V6: =TRUNC(U6*0.1,2) -> 0.85 | W6: =TRUNC(V6*$C$31,2) -> 2.89 | X6: =(K6+K7)+(N6+N7) -> 0 | Y6: =SUM(T6:T7) -> 19.5 | Z6: =TRUNC(0.4*Y6,2) -> 7.8 | AA6: =TRUNC(Z6*$C$33*0.001*30,2) -> 14.62 | AB6: =TRUNC(Z6*$C$33*0.001*($C$32-30),2) -> 68.25 | AC6: =U6-X6-Z6 -> 0.79 | AD6: 0.07 | AE6: =TRUNC(AC6*AD6,2) -> 0.05 | AF6: =AD6-0.025 -> 0.045 | AG6: =TRUNC(Z6*AF6,2) -> 0.35 | AH6: =AE6+AG6 -> 0.4
C7: REPUBLICA DO PARAGUAY | D7: e | E7: AIRTON SENNA DA SILVA | F7: LE | G7: 0 | H7: 1.2 | M7: 0 | P7: 2 | Q7: =(0.4+1.8+1.5+1.8+0.4)*H7 -> 7.08 | R7: =H7+1.5+H7 -> 3.9 | S7: =(P7*Q7) -> 14.16 | T7: =(P7*R7) -> 7.8
B8: CARLOS GONÇALVES | C8: REPUBLICA DO PARAGUAY | D8: e | E8: AIRTON SENNA DA SILVA | F8: LD | G8: 0 | H8: 1.2 | M8: 8.3575 | P8: 2 | Q8: =(0.4+1.8+1.5+1.8+0.4)*H8 -> 7.08 | R8: =H8+1.5+H8 -> 3.9 | S8: =(P8*Q8) -> 14.16 | T8: =(P8*R8) -> 7.8 | U8: =SUM(M8:M9) -> 16.6528 | V8: =TRUNC(U8*0.1,2) -> 1.66 | W8: =TRUNC(V8*$C$31,2) -> 5.64 | X8: =(K8+K9)+(N8+N9) -> 0 | Y8: =SUM(T8:T9) -> 15.6 | Z8: =TRUNC(0.4*Y8,2) -> 6.24 | AA8: =TRUNC(Z8*$C$33*0.001*30,2) -> 11.7 | AB8: =TRUNC(Z8*$C$33*0.001*($C$32-30),2) -> 54.6 | AC8: =U8-X8-Z8 -> 10.4128 | AD8: 0.07 | AE8: =TRUNC(AC8*AD8,2) -> 0.72 | AF8: =AD8-0.025 -> 0.045 | AG8: =TRUNC(Z8*AF8,2) -> 0.28 | AH8: =AE8+AG8 -> 1
C9: REPUBLICA DO PARAGUAY | D9: e | E9: AIRTON SENNA DA SILVA | F9: LE | G9: 0 | H9: 1.2 | M9: 8.2953 | P9: 2 | Q9: =(0.4+1.8+1.5+1.8+0.4)*H9 -> 7.08 | R9: =H9+1.5+H9 -> 3.9 | S9: =(P9*Q9) -> 14.16 | T9: =(P9*R9) -> 7.8
B10: FRANCIELE DAS N. FLORES | C10: REPUBLICA DO PARAGUAY | D10: e | E10: AIRTON SENNA DA SILVA | F10: LD | G10: 0 | H10: 1.2 | M10: 4.5305 | P10: 2 | Q10: =(0.4+1.8+1.5+1.8+0.4)*H10 -> 7.08 | R10: =H10+1.5+H10 -> 3.9 | S10: =(P10*Q10) -> 14.16 | T10: =(P10*R10) -> 7.8 | U10: =SUM(M10:M11) -> 9.2396 | V10: =TRUNC(U10*0.1,2) -> 0.92 | W10: =TRUNC(V10*$C$31,2) -> 3.12 | X10: =(K10+K11)+(N10+N11) -> 0 | Y10: =SUM(T10:T11) -> 15.6 | Z10: =TRUNC(0.4*Y10,2) -> 6.24 | AA10: =TRUNC(Z10*$C$33*0.001*30,2) -> 11.7 | AB10: =TRUNC(Z10*$C$33*0.001*($C$32-30),2) -> 54.6 | AC10: =U10-X10-Z10 -> 2.9996 | AD10: 0.07 | AE10: =TRUNC(AC10*AD10,2) -> 0.2 | AF10: =AD10-0.025 -> 0.045 | AG10: =TRUNC(Z10*AF10,2) -> 0.28 | AH10: =AE10+AG10 -> 0.48
C11: REPUBLICA DO PARAGUAY | D11: e | E11: AIRTON SENNA DA SILVA | F11: LE | G11: 0 | H11: 1.2 | M11: 4.7091 | P11: 2 | Q11: =(0.4+1.8+1.5+1.8+0.4)*H11 -> 7.08 | R11: =H11+1.5+H11 -> 3.9 | S11: =(P11*Q11) -> 14.16 | T11: =(P11*R11) -> 7.8
B12: PEDRO MASCARENHAS | C12: REPUBLICA DO PARAGUAY | D12: e | E12: AIRTON SENNA DA SILVA | F12: LD | G12: 0 | H12: 1.2 | M12: 4.5581 | P12: 2 | Q12: =(0.4+1.8+1.5+1.8+0.4)*H12 -> 7.08 | R12: =H12+1.5+H12 -> 3.9 | S12: =(P12*Q12) -> 14.16 | T12: =(P12*R12) -> 7.8 | U12: =SUM(M12:M13) -> 9.4097 | V12: =TRUNC(U12*0.1,2) -> 0.94 | W12: =TRUNC(V12*$C$31,2) -> 3.19 | X12: =(K12+K13)+(N12+N13) -> 0 | Y12: =SUM(T12:T13) -> 15.6 | Z12: =TRUNC(0.4*Y12,2) -> 6.24 | AA12: =TRUNC(Z12*$C$33*0.001*30,2) -> 11.7 | AB12: =TRUNC(Z12*$C$33*0.001*($C$32-30),2) -> 54.6 | AC12: =U12-X12-Z12 -> 3.1697 | AD12: 0.07 | AE12: =TRUNC(AC12*AD12,2) -> 0.22 | AF12: =AD12-0.025 -> 0.045 | AG12: =TRUNC(Z12*AF12,2) -> 0.28 | AH12: =AE12+AG12 -> 0.5
C13: REPUBLICA DO PARAGUAY | D13: e | E13: AIRTON SENNA DA SILVA | F13: LE | G13: 0 | H13: 1.2 | M13: 4.8516 | P13: 2 | Q13: =(0.4+1.8+1.5+1.8+0.4)*H13 -> 7.08 | R13: =H13+1.5+H13 -> 3.9 | S13: =(P13*Q13) -> 14.16 | T13: =(P13*R13) -> 7.8
B14: NATÁLIA O. LOPES | C14: REPUBLICA DO PARAGUAY | D14: e | E14: AIRTON SENNA DA SILVA | F14: LD | G14: 0 | H14: 1.2 | M14: 4.8764 | P14: 2 | Q14: =(0.4+1.8+1.5+1.8+0.4)*H14 -> 7.08 | R14: =H14+1.5+H14 -> 3.9 | S14: =(P14*Q14) -> 14.16 | T14: =(P14*R14) -> 7.8 | U14: =SUM(M14:M15) -> 9.4003 | V14: =TRUNC(U14*0.1,2) -> 0.94 | W14: =TRUNC(V14*$C$31,2) -> 3.19 | X14: =(K14+K15)+(N14+N15) -> 0 | Y14: =SUM(T14:T15) -> 15.6 | Z14: =TRUNC(0.4*Y14,2) -> 6.24 | AA14: =TRUNC(Z14*$C$33*0.001*30,2) -> 11.7 | AB14: =TRUNC(Z14*$C$33*0.001*($C$32-30),2) -> 54.6 | AC14: =U14-X14-Z14 -> 3.1603 | AD14: 0.07 | AE14: =TRUNC(AC14*AD14,2) -> 0.22 | AF14: =AD14-0.025 -> 0.045 | AG14: =TRUNC(Z14*AF14,2) -> 0.28 | AH14: =AE14+AG14 -> 0.5
C15: REPUBLICA DO PARAGUAY | D15: e | E15: AIRTON SENNA DA SILVA | F15: LE | G15: 0 | H15: 1.2 | M15: 4.5239 | P15: 2 | Q15: =(0.4+1.8+1.5+1.8+0.4)*H15 -> 7.08 | R15: =H15+1.5+H15 -> 3.9 | S15: =(P15*Q15) -> 14.16 | T15: =(P15*R15) -> 7.8
B16: REPÚBLICA DO PARAGUAY | C16: JOSÉ RUFINO AMARAL | D16: e | E16: CARLOS GONÇALVES | F16: LD | G16: 0 | H16: 1.2 | M16: 8.89 | P16: 2 | Q16: =(0.4+1.8+1.5+1.8+0.4)*H16 -> 7.08 | R16: =H16+1.5+H16 -> 3.9 | S16: =(P16*Q16) -> 14.16 | T16: =(P16*R16) -> 7.8 | U16: =SUM(M16:M29) -> 218.6533 | V16: =TRUNC(U16*0.1,2) -> 21.86 | W16: =TRUNC(V16*$C$31,2) -> 74.32 | X16: =(K16+K17)+(N16+N17) -> 0 | Y16: =SUM(T16:T29) -> 124.8 | Z16: =TRUNC(0.4*Y16,2) -> 49.92 | AA16: =TRUNC(Z16*$C$33*0.001*30,2) -> 93.6 | AB16: =TRUNC(Z16*$C$33*0.001*($C$32-30),2) -> 436.8 | AC16: =U16-X16-Z16 -> 168.7333 | AD16: 0.07 | AE16: =TRUNC(AC16*AD16,2) -> 11.81 | AF16: =AD16-0.025 -> 0.045 | AG16: =TRUNC(Z16*AF16,2) -> 2.24 | AH16: =AE16+AG16 -> 14.05
C17: JOSÉ RUFINO AMARAL | D17: e | E17: CARLOS GONÇALVES | F17: LE | G17: 0 | H17: 1.2 | M17: 16.85 | P17: 2 | Q17: =(0.4+1.8+1.5+1.8+0.4)*H17 -> 7.08 | R17: =H17+1.5+H17 -> 3.9 | S17: =(P17*Q17) -> 14.16 | T17: =(P17*R17) -> 7.8
C18: CARLOS GONÇALVES | D18: e | E18: FRANCIELE DAS N. FLORES | F18: LD | G18: 0 | H18: 1.2 | M18: 20.96 | P18: 2 | Q18: =(0.4+1.8+1.5+1.8+0.4)*H18 -> 7.08 | R18: =H18+1.5+H18 -> 3.9 | S18: =(P18*Q18) -> 14.16 | T18: =(P18*R18) -> 7.8
C19: CARLOS GONÇALVES | D19: e | E19: FRANCIELE DAS N. FLORES | F19: LE | G19: 0 | H19: 1.2 | M19: 17.26 | P19: 2 | Q19: =(0.4+1.8+1.5+1.8+0.4)*H19 -> 7.08 | R19: =H19+1.5+H19 -> 3.9 | S19: =(P19*Q19) -> 14.16 | T19: =(P19*R19) -> 7.8
C20: FRANCIELE DAS N. FLORES | D20: e | E20: PEDRO MASCARENHAS | F20: LD | G20: 0 | H20: 1.2 | M20: 20.4 | P20: 2 | Q20: =(0.4+1.8+1.5+1.8+0.4)*H20 -> 7.08 | R20: =H20+1.5+H20 -> 3.9 | S20: =(P20*Q20) -> 14.16 | T20: =(P20*R20) -> 7.8
C21: FRANCIELE DAS N. FLORES | D21: e | E21: PEDRO MASCARENHAS | F21: LE | G21: 0 | H21: 1.2 | M21: 16.711 | P21: 2 | Q21: =(0.4+1.8+1.5+1.8+0.4)*H21 -> 7.08 | R21: =H21+1.5+H21 -> 3.9 | S21: =(P21*Q21) -> 14.16 | T21: =(P21*R21) -> 7.8
C22: PEDRO MASCARENHAS | D22: e | E22: UBALDINA A. DE OLIVEIRA | F22: LD | G22: 0 | H22: 1.2 | M22: 21.8749 | P22: 2 | Q22: =(0.4+1.8+1.5+1.8+0.4)*H22 -> 7.08 | R22: =H22+1.5+H22 -> 3.9 | S22: =(P22*Q22) -> 14.16 | T22: =(P22*R22) -> 7.8
C23: PEDRO MASCARENHAS | D23: e | E23: UBALDINA A. DE OLIVEIRA | F23: LE | G23: 0 | H23: 1.2 | M23: 11.22 | P23: 2 | Q23: =(0.4+1.8+1.5+1.8+0.4)*H23 -> 7.08 | R23: =H23+1.5+H23 -> 3.9 | S23: =(P23*Q23) -> 14.16 | T23: =(P23*R23) -> 7.8
C24: UBALDINA A. DE OLIVEIRA | D24: e | E24: NATÁLIA O. LOPES | F24: LD | G24: 0 | H24: 1.2 | M24: 21.23 | P24: 2 | Q24: =(0.4+1.8+1.5+1.8+0.4)*H24 -> 7.08 | R24: =H24+1.5+H24 -> 3.9 | S24: =(P24*Q24) -> 14.16 | T24: =(P24*R24) -> 7.8
C25: UBALDINA A. DE OLIVEIRA | D25: e | E25: NATÁLIA O. LOPES | F25: LE | G25: 0 | H25: 1.2 | M25: 10.26 | P25: 2 | Q25: =(0.4+1.8+1.5+1.8+0.4)*H25 -> 7.08 | R25: =H25+1.5+H25 -> 3.9 | S25: =(P25*Q25) -> 14.16 | T25: =(P25*R25) -> 7.8
C26: NATÁLIA O. LOPES | D26: e | E26: VIRGÍLIO BEDIN | F26: LD | G26: 0 | H26: 1.2 | M26: 22.128 | P26: 2 | Q26: =(0.4+1.8+1.5+1.8+0.4)*H26 -> 7.08 | R26: =H26+1.5+H26 -> 3.9 | S26: =(P26*Q26) -> 14.16 | T26: =(P26*R26) -> 7.8
C27: NATÁLIA O. LOPES | D27: e | E27: VIRGÍLIO BEDIN | F27: LE | G27: 0 | H27: 1.2 | M27: 18.6094 | P27: 3 | Q27: =(0.4+1.8+1.5+1.8+0.4)*H27 -> 7.08 | R27: =H27+1.5+H27 -> 3.9 | S27: =(P27*Q27) -> 21.24 | T27: =(P27*R27) -> 11.7
C28: JOÃO FRANCISCO SIMÃO | D28: e | E28: GERALDO EZEQUIEL | F28: LD | G28: 0 | H28: 1.2 | M28: 0 | P28: 3 | Q28: =(0.4+1.8+1.5+1.8+0.4)*H28 -> 7.08 | R28: =H28+1.5+H28 -> 3.9 | S28: =(P28*Q28) -> 21.24 | T28: =(P28*R28) -> 11.7
C29: JOÃO FRANCISCO SIMÃO | D29: e | E29: GERALDO EZEQUIEL | F29: LE | G29: 0 | H29: 1.2 | M29: 12.26 | P29: 4 | Q29: =(0.4+1.8+1.5+1.8+0.4)*H29 -> 7.08 | R29: =H29+1.5+H29 -> 3.9 | S29: =(P29*Q29) -> 28.32 | T29: =(P29*R29) -> 15.6
I30: TOTAIS | J30: =SUM(J6:J29) -> 0 | K30: =SUM(K6:K29) -> 0 | L30: =SUM(L6:L29) -> 0 | M30: =SUM(M6:M29) -> 271.9457 | N30: =SUM(N6:N29) -> 0 | O30: =SUM(O6:O29) -> 0 | P30: =SUM(P6:P29) -> 53 | S30: =SUM(S6:S29) -> 375.24 | T30: =SUM(T6:T29) -> 206.7 | U30: =SUM(U6:U29) -> 271.9457 | V30: =SUM(V6:V29) -> 27.17 | W30: =SUM(W6:W29) -> 92.35 | X30: =SUM(X6:X29) -> 0 | Y30: =SUM(Y6:Y29) -> 206.7 | Z30: =SUM(Z6:Z29) -> 82.68 | ... AC30: =SUM(AC6:AC29) -> 189.2657 | AD30: - | AE30: =SUM(AE6:AE29) -> 13.22 | AF30: - | AG30: =SUM(AG6:AG29) -> 3.71 | AH30: =SUM(AH6:AH29) -> 16.93
B31: DMT BOTA-FORA: | C31: =DMT!F15 -> 3.4 | D31: km
B32: DMT PISO TÁTIL: | C32: =DMT!F13 -> 170 | D32: km
B33: PESO PISO TÁTIL: | C33: 62.5 | D33: kg/m²
U35: Movimentação de terra | AA35: Resumo Piso Tátil | AF35: Concreto
V36: Área Preparo do Terreno: | W36: =U30 -> 271.9457 | X36: m² | AB36: Total Metros: | AC36: =Z30 -> 82.68 | AD36: m² | AG36: Área Total a ser Concretada: | AH36: =AH30 -> 16.93 | AI36: m²
B37: NOTAS: | V37: Carga e descarga: | W37: =V30 -> 27.17 | X37: m³ | AB37: Peso: | AC37: 62.5 | AD37: kgf/m² | AG37: Espessura das Calçadas: | AH37: 0.07 | AI37: m
B38: 1- Preencher coluna de Comp. de Quadra somente em projetos que consideram calçada e acessibilidade na extensão total da quadra. | V38: DMT Bota-Fora: | W38: =C31 -> 3.4 | X38: km | AB38: Transporte de piso tátil (DMT até 30km): | AC38: =TRUNC(Z30*AC37*30*0.001,2) -> 155.02 | AD38: t.km | AG38: Volume de Concreto: | AH38: =TRUNC(AH37*AH36,2) -> 1.18 | AI38: m³
V39: Transporte bota fora (DMT até 30km): | W39: =TRUNC(W38*W37,2) -> 92.37 | X39: m³.km | AB39: Transporte de piso tátil (DMT exc. 30km): | AC39: =TRUNC(Z30*AC37*(AC40-30)*0.001,2) -> 723.45 | AD39: t.km | AG39: Área a ser Concretada SOB Piso Tátil: | AH39: =Z30 -> 82.68 | AI39: m²
V40: Área de Grama: | W40: =AF32 -> 0 | X40: m² | AB40: DMT: | AC40: =C32 -> 170 | AD40: km | AG40: Espessura das Calçadas SOB Piso Tátil: | AH40: =AH37-0.025 -> 0.045 | AI40: m
AG41: Volume de Concreto SOB Piso Tátil: | AH41: =TRUNC(AH40*AH39,2) -> 3.72 | AI41: m³
AG42: Volume Total de Concreto: | AH42: =AH41+AH38 -> 4.9 | AI42: m³
AG43: Demolição de Calçada Existente: | AH43: 0 | AI43: m²

Sheet CALÇADA - JDA-E2
B2: QUANTIFICAÇÃO DE CALÇADAS E ACESSIBILIDADE
B3: Rua | C3: Entre | F3: Lado | G3: Comp. de Quadras (m) | H3: Largura de Calçadas (m) | I3: Largura de Grama (m) | J3: Cruzamentos e Desvios | M3: Rampas | Q3: Preparo de Solo (m²) | R3: Área Total de Grama (m²) | S3: Comprimento Total de Piso Tátil (m) | T3: Área Total de Piso Tátil (m²) | U3: Área Total de Concreto (m²)
J4: Área de Concreto (m²) | K4: Área de grama (m²) | L4: Comp. de Piso Tátil (m) | M4: Quant. de Und. | N4: Tipo | O4: Área Total (m²) | P4: Comp. de Piso Tátil (m)
B5: Rua José Guiomar | C5: Rua Selvino Maciel da Silva | D5: e | E5: Rua Clemência Antunes | F5: LE | G5: 0 | H5: 1.2 | I5: 0 | J5: 11.01 | K5: =I5*G5 -> 0 | L5: 0 | M5: 2 | N5: 1 | O5: =5.5*1.2 -> 6.6 | P5: =1.2+1.2+1.5 -> 3.9 | Q5: =((O5*M5)+(O6*M6)+(G5*(H5+I5))+J5) -> 24.21 | R5: =I5+K5 -> 0 | S5: =L5+M5*P5+M6*P6 -> 7.8 | T5: =0.2*S5 -> 1.56 | U5: =(Q5-R5-T5) -> 22.65
M6: 0 | N6: 2 | O6: =6.5*1.2 -> 7.8 | P6: =1.2+1.2+2.5 -> 4.9
F7: LD | G7: 0 | H7: 1.2 | I7: 0 | J7: 8.25 | K7: =I7*G7 -> 0 | L7: 0 | M7: 2 | N7: 1 | O7: =5.5*1.2 -> 6.6 | P7: =1.2+1.2+1.5 -> 3.9 | Q7: =((O7*M7)+(O8*M8)+(G7*(H7+I7))+J7) -> 21.45 | R7: =I7+K7 -> 0 | S7: =L7+M7*P7+M8*P8 -> 7.8 | T7: =0.2*S7 -> 1.56 | U7: =(Q7-R7-T7) -> 19.89
M8: 0 | N8: 2 | O8: =6.5*1.2 -> 7.8 | P8: =1.2+1.2+2.5 -> 4.9
C9: Rua Clemência Antunes | D9: e | E9: Rua Adolf Antunes Rosa | F9: LE | G9: 0 | H9: 1.2 | I9: 0 | J9: 9.15 | K9: =I9*G9 -> 0 | L9: 0 | M9: 2 | N9: 1 | O9: =5.5*1.2 -> 6.6 | P9: =1.2+1.2+1.5 -> 3.9 | Q9: =((O9*M9)+(O10*M10)+(G9*(H9+I9))+J9) -> 22.35 | R9: =I9+K9 -> 0 | S9: =L9+M9*P9+M10*P10 -> 7.8 | T9: =0.2*S9 -> 1.56 | U9: =(Q9-R9-T9) -> 20.79
M10: 0 | N10: 2 | O10: =6.5*1.2 -> 7.8 | P10: =1.2+1.2+2.5 -> 4.9
F11: LD | G11: 0 | H11: 1.2 | I11: 0 | J11: 11.91 | K11: =I11*G11 -> 0 | L11: 0 | M11: 2 | N11: 1 | O11: =5.5*1.2 -> 6.6 | P11: =1.2+1.2+1.5 -> 3.9 | Q11: =((O11*M11)+(O12*M12)+(G11*(H11+I11))+J11) -> 25.11 | R11: =I11+K11 -> 0 | S11: =L11+M11*P11+M12*P12 -> 7.8 | T11: =0.2*S11 -> 1.56 | U11: =(Q11-R11-T11) -> 23.55
M12: 0 | N12: 2 | O12: =6.5*1.2 -> 7.8 | P12: =1.2+1.2+2.5 -> 4.9
B13: Rua Batista Terra | C13: Rua Selvino Maciel da Silva | D13: e | E13: Rua Clemência Antunes | F13: LE | G13: 0 | H13: 1.2 | I13: 0 | J13: 4.52 | K13: =I13*G13 -> 0 | L13: 0 | M13: 2 | N13: 1 | O13: =5.5*1.2 -> 6.6 | P13: =1.2+1.2+1.5 -> 3.9 | Q13: =((O13*M13)+(O14*M14)+(G13*(H13+I13))+J13) -> 17.72 | R13: =I13+K13 -> 0 | S13: =L13+M13*P13+M14*P14 -> 7.8 | T13: =0.2*S13 -> 1.56 | U13: =(Q13-R13-T13) -> 16.16
M14: 0 | N14: 2 | O14: =6.5*1.2 -> 7.8 | P14: =1.2+1.2+2.5 -> 4.9
F15: LD | G15: 0 | H15: 1.2 | I15: 0 | J15: 4.58 | K15: =I15*G15 -> 0 | L15: 0 | M15: 2 | N15: 1 | O15: =5.5*1.2 -> 6.6 | P15: =1.2+1.2+1.5 -> 3.9 | Q15: =((O15*M15)+(O16*M16)+(G15*(H15+I15))+J15) -> 17.78 | R15: =I15+K15 -> 0 | S15: =L15+M15*P15+M16*P16 -> 7.8 | T15: =0.2*S15 -> 1.56 | U15: =(Q15-R15-T15) -> 16.22
M16: 0 | N16: 2 | O16: =6.5*1.2 -> 7.8 | P16: =1.2+1.2+2.5 -> 4.9
C17: Rua Clemência Antunes | D17: e | E17: Rua Adolf Antunes Rosa | F17: LE | G17: 0 | H17: 1.2 | I17: 0 | J17: 4.53 | K17: =I17*G17 -> 0 | L17: 0 | M17: 2 | N17: 1 | O17: =5.5*1.2 -> 6.6 | P17: =1.2+1.2+1.5 -> 3.9 | Q17: =((O17*M17)+(O18*M18)+(G17*(H17+I17))+J17) -> 17.73 | R17: =I17+K17 -> 0 | S17: =L17+M17*P17+M18*P18 -> 7.8 | T17: =0.2*S17 -> 1.56 | U17: =(Q17-R17-T17) -> 16.17
M18: 0 | N18: 2 | O18: =6.5*1.2 -> 7.8 | P18: =1.2+1.2+2.5 -> 4.9
F19: LD | G19: 0 | H19: 1.2 | I19: 0 | J19: 4.53 | K19: =I19*G19 -> 0 | L19: 0 | M19: 2 | N19: 1 | O19: =5.5*1.2 -> 6.6 | P19: =1.2+1.2+1.5 -> 3.9 | Q19: =((O19*M19)+(O20*M20)+(G19*(H19+I19))+J19) -> 17.73 | R19: =I19+K19 -> 0 | S19: =L19+M19*P19+M20*P20 -> 7.8 | T19: =0.2*S19 -> 1.56 | U19: =(Q19-R19-T19) -> 16.17
M20: 0 | N20: 2 | O20: =6.5*1.2 -> 7.8 | P20: =1.2+1.2+2.5 -> 4.9
B21: Rua Fortunato de Oliveira | C21: Rua Selvino Maciel da Silva | D21: e | E21: Rua Clemência Antunes | F21: LE | G21: 0 | H21: 1.2 | I21: 0 | J21: 5.87 | K21: =I21*G21 -> 0 | L21: 0 | M21: 2 | N21: 1 | O21: =5.5*1.2 -> 6.6 | P21: =1.2+1.2+1.5 -> 3.9 | Q21: =((O21*M21)+(O22*M22)+(G21*(H21+I21))+J21) -> 19.07 | R21: =I21+K21 -> 0 | S21: =L21+M21*P21+M22*P22 -> 7.8 | T21: =0.2*S21 -> 1.56 | U21: =(Q21-R21-T21) -> 17.51
M22: 0 | N22: 2 | O22: =6.5*1.2 -> 7.8 | P22: =1.2+1.2+2.5 -> 4.9
F23: LD | G23: 0 | H23: 1.2 | I23: 0 | J23: 4.8 | K23: =I23*G23 -> 0 | L23: 0 | M23: 2 | N23: 1 | O23: =5.5*1.2 -> 6.6 | P23: =1.2+1.2+1.5 -> 3.9 | Q23: =((O23*M23)+(O24*M24)+(G23*(H23+I23))+J23) -> 18 | R23: =I23+K23 -> 0 | S23: =L23+M23*P23+M24*P24 -> 7.8 | T23: =0.2*S23 -> 1.56 | U23: =(Q23-R23-T23) -> 16.44
M24: 0 | N24: 2 | O24: =6.5*1.2 -> 7.8 | P24: =1.2+1.2+2.5 -> 4.9
C25: Rua Clemência Antunes | D25: e | E25: Rua Adolf Antunes Rosa | F25: LE | G25: 0 | H25: 1.2 | I25: 0 | J25: 6.31 | K25: =I25*G25 -> 0 | L25: 0 | M25: 2 | N25: 1 | O25: =5.5*1.2 -> 6.6 | P25: =1.2+1.2+1.5 -> 3.9 | Q25: =((O25*M25)+(O26*M26)+(G25*(H25+I25))+J25) -> 19.51 | R25: =I25+K25 -> 0 | S25: =L25+M25*P25+M26*P26 -> 7.8 | T25: =0.2*S25 -> 1.56 | U25: =(Q25-R25-T25) -> 17.95
M26: 0 | N26: 2 | O26: =6.5*1.2 -> 7.8 | P26: =1.2+1.2+2.5 -> 4.9
F27: LD | G27: 0 | H27: 1.2 | I27: 0 | J27: 7.27 | K27: =I27*G27 -> 0 | L27: 0 | M27: 2 | N27: 1 | O27: =5.5*1.2 -> 6.6 | P27: =1.2+1.2+1.5 -> 3.9 | Q27: =((O27*M27)+(O28*M28)+(G27*(H27+I27))+J27) -> 20.47 | R27: =I27+K27 -> 0 | S27: =L27+M27*P27+M28*P28 -> 7.8 | T27: =0.2*S27 -> 1.56 | U27: =(Q27-R27-T27) -> 18.91
M28: 0 | N28: 2 | O28: =6.5*1.2 -> 7.8 | P28: =1.2+1.2+2.5 -> 4.9
B29: Rua Clêmecio Antunes | C29: Rua Baltazar Saldanha | D29: e | E29: Rua José Guiomar | F29: LE | G29: 0 | H29: 1.2 | I29: 0 | J29: 0 | K29: =I29*G29 -> 0 | L29: 0 | M29: 2 | N29: 1 | O29: =5.5*1.2 -> 6.6 | P29: =1.2+1.2+1.5 -> 3.9 | Q29: =((O29*M29)+(O30*M30)+(G29*(H29+I29))+J29) -> 13.2 | R29: =I29+K29 -> 0 | S29: =L29+M29*P29+M30*P30 -> 7.8 | T29: =0.2*S29 -> 1.56 | U29: =(Q29-R29-T29) -> 11.64
M30: 0 | N30: 2 | O30: =6.5*1.2 -> 7.8 | P30: =1.2+1.2+2.5 -> 4.9
F31: LD | G31: 0 | H31: 1.2 | I31: 0 | J31: 0 | K31: =I31*G31 -> 0 | L31: 0 | M31: 2 | N31: 1 | O31: =5.5*1.2 -> 6.6 | P31: =1.2+1.2+1.5 -> 3.9 | Q31: =((O31*M31)+(O32*M32)+(G31*(H31+I31))+J31) -> 13.2 | R31: =I31+K31 -> 0 | S31: =L31+M31*P31+M32*P32 -> 7.8 | T31: =0.2*S31 -> 1.56 | U31: =(Q31-R31-T31) -> 11.64
M32: 0 | N32: 2 | O32: =6.5*1.2 -> 7.8 | P32: =1.2+1.2+2.5 -> 4.9
C33: Rua José Guiomar | D33: e | E33: Rua Batista Terra | F33: LE | G33: 0 | H33: 1.2 | I33: 0 | J33: 0 | K33: =I33*G33 -> 0 | L33: 0 | M33: 2 | N33: 1 | O33: =5.5*1.2 -> 6.6 | P33: =1.2+1.2+1.5 -> 3.9 | Q33: =((O33*M33)+(O34*M34)+(G33*(H33+I33))+J33) -> 13.2 | R33: =I33+K33 -> 0 | S33: =L33+M33*P33+M34*P34 -> 7.8 | T33: =0.2*S33 -> 1.56 | U33: =(Q33-R33-T33) -> 11.64
M34: 0 | N34: 2 | O34: =6.5*1.2 -> 7.8 | P34: =1.2+1.2+2.5 -> 4.9
F35: LD | G35: 0 | H35: 1.2 | I35: 0 | J35: 0 | K35: =I35*G35 -> 0 | L35: 0 | M35: 2 | N35: 1 | O35: =5.5*1.2 -> 6.6 | P35: =1.2+1.2+1.5 -> 3.9 | Q35: =((O35*M35)+(O36*M36)+(G35*(H35+I35))+J35) -> 13.2 | R35: =I35+K35 -> 0 | S35: =L35+M35*P35+M36*P36 -> 7.8 | T35: =0.2*S35 -> 1.56 | U35: =(Q35-R35-T35) -> 11.64
M36: 0 | N36: 2 | O36: =6.5*1.2 -> 7.8 | P36: =1.2+1.2+2.5 -> 4.9
C37: Rua Batista Terra | D37: e | E37: Rua Fortunato de Oliveira | F37: LE | G37: 0 | H37: 1.2 | I37: 0 | J37: 0 | K37: =I37*G37 -> 0 | L37: 0 | M37: 2 | N37: 1 | O37: =5.5*1.2 -> 6.6 | P37: =1.2+1.2+1.5 -> 3.9 | Q37: =((O37*M37)+(O38*M38)+(G37*(H37+I37))+J37) -> 13.2 | R37: =I37+K37 -> 0 | S37: =L37+M37*P37+M38*P38 -> 7.8 | T37: =0.2*S37 -> 1.56 | U37: =(Q37-R37-T37) -> 11.64
M38: 0 | N38: 2 | O38: =6.5*1.2 -> 7.8 | P38: =1.2+1.2+2.5 -> 4.9
F39: LD | G39: 0 | H39: 1.2 | I39: 0 | J39: 0 | K39: =I39*G39 -> 0 | L39: 0 | M39: 2 | N39: 1 | O39: =5.5*1.2 -> 6.6 | P39: =1.2+1.2+1.5 -> 3.9 | Q39: =((O39*M39)+(O40*M40)+(G39*(H39+I39))+J39) -> 13.2 | R39: =I39+K39 -> 0 | S39: =L39+M39*P39+M40*P40 -> 7.8 | T39: =0.2*S39 -> 1.56 | U39: =(Q39-R39-T39) -> 11.64
M40: 0 | N40: 2 | O40: =6.5*1.2 -> 7.8 | P40: =1.2+1.2+2.5 -> 4.9
C41: Rua Fortunato de Oliveira | D41: e | E41: Rua Benigno Vasconcelos | F41: LE | G41: 0 | H41: 1.2 | I41: 0 | J41: 0 | K41: =I41*G41 -> 0 | L41: 0 | M41: 2 | N41: 1 | O41: =5.5*1.2 -> 6.6 | P41: =1.2+1.2+1.5 -> 3.9 | Q41: =((O41*M41)+(O42*M42)+(G41*(H41+I41))+J41) -> 13.2 | R41: =I41+K41 -> 0 | S41: =L41+M41*P41+M42*P42 -> 7.8 | T41: =0.2*S41 -> 1.56 | U41: =(Q41-R41-T41) -> 11.64
M42: 0 | N42: 2 | O42: =6.5*1.2 -> 7.8 | P42: =1.2+1.2+2.5 -> 4.9
F43: LD | G43: 0 | H43: 1.2 | I43: 0 | J43: 0 | K43: =I43*G43 -> 0 | L43: 0 | M43: 2 | N43: 1 | O43: =5.5*1.2 -> 6.6 | P43: =1.2+1.2+1.5 -> 3.9 | Q43: =((O43*M43)+(O44*M44)+(G43*(H43+I43))+J43) -> 13.2 | R43: =I43+K43 -> 0 | S43: =L43+M43*P43+M44*P44 -> 7.8 | T43: =0.2*S43 -> 1.56 | U43: =(Q43-R43-T43) -> 11.64
M44: 0 | N44: 2 | O44: =6.5*1.2 -> 7.8 | P44: =1.2+1.2+2.5 -> 4.9
B45: Rua Baltazar Saldanha | C45: Rua João Basílio Oliveira | D45: e | E45: Rua Emílio Canan | F45: LE | G45: 0 | H45: 1.2 | I45: 0 | K45: =I45*G45 -> 0 | L45: 0 | M45: 2 | N45: 1 | O45: =5.5*1.2 -> 6.6 | P45: =1.2+1.2+1.5 -> 3.9 | Q45: =((O45*M45)+(O46*M46)+(G45*(H45+I45))+J45) -> 13.2 | R45: =I45+K45 -> 0 | S45: =L45+M45*P45+M46*P46 -> 7.8 | T45: =0.2*S45 -> 1.56 | U45: =(Q45-R45-T45) -> 11.64
M46: 0 | N46: 2 | O46: =6.5*1.2 -> 7.8 | P46: =1.2+1.2+2.5 -> 4.9
F47: LD | G47: 0 | H47: 1.2 | I47: 0 | J47: 4.42 | K47: =I47*G47 -> 0 | L47: 0 | M47: 2 | N47: 1 | O47: =5.5*1.2 -> 6.6 | P47: =1.2+1.2+1.5 -> 3.9 | Q47: =((O47*M47)+(O48*M48)+(G47*(H47+I47))+J47) -> 17.62 | R47: =I47+K47 -> 0 | S47: =L47+M47*P47+M48*P48 -> 7.8 | T47: =0.2*S47 -> 1.56 | U47: =(Q47-R47-T47) -> 16.06
M48: 0 | N48: 2 | O48: =6.5*1.2 -> 7.8 | P48: =1.2+1.2+2.5 -> 4.9
B49: Total | G49: =SUM(G9:G28) -> 0 | J49: =SUM(J5:J48) -> 87.15 | K49: =SUM(K5:K48) -> 0 | M49: =SUM(M5:M48) -> 44 | Q49: =SUM(Q5:Q48) -> 377.55 | R49: =SUM(R5:R48) -> 0 | S49: =SUM(S5:S48) -> 171.6 | T49: =SUM(T5:T48) -> 34.32 | U49: =SUM(U5:U48) -> 343.23
G52: Movimentação de terra | M52: Resumo Piso Tátil | R52: Concreto
H53: Área Preparo do Terreno: | I53: =Q49 -> 377.55 | J53: m² | N53: Total Metros: | O53: =T49 -> 34.32 | P53: m² | S53: Área Total a ser Concretada: | T53: =U49 -> 343.23 | U53: m²
H54: Carga e descarga: | I54: =TRUNC(I53*0.1,2) -> 37.75 | J54: m³ | N54: Peso: | O54: 62.5 | P54: kgf/m² | S54: Espessura das Calçadas: | T54: 0.07 | U54: m
H55: DMT Bota-Fora: | I55: =DMT!F15 -> 3.4 | J55: km | N55: Transporte de piso tátil (DMT até 30km): | O55: =TRUNC(T49*O54*30*0.001,2) -> 64.35 | P55: t.km | S55: Volume de Concreto: | T55: =TRUNC(T54*T53,2) -> 24.02 | U55: m³
H56: Transporte bota fora (DMT até 30km): | I56: =TRUNC(I55*I54,2) -> 128.35 | J56: m³.km | N56: Transporte de piso tátil (DMT exc. 30km): | O56: =TRUNC(T49*O54*(O57-30)*0.001,2) -> 300.3 | P56: t.km | S56: Área a ser Concretada SOB Piso Tátil: | T56: =T49 -> 34.32 | U56: m²
H57: Área de Grama: | I57: =R49 -> 0 | J57: m² | N57: DMT: | O57: =DMT!F13 -> 170 | P57: km | S57: Espessura das Calçadas SOB Piso Tátil: | T57: =T54-0.025 -> 0.045 | U57: m
S58: Volume de Concreto SOB Piso Tátil: | T58: =TRUNC(T57*T56,2) -> 1.54 | U58: m³
S59: Volume Total de Concreto: | T59: =T58+T55 -> 25.56 | U59: m³
S60: Demolição de Calçada Existente: | T60: 0 | U60: m²

Sheet SINALIZAÇÃO - JDML
B2: QUANTIDADE DA SINALIZAÇÃO HORIZONTAL (PINTURA MECANIZADA)
B3: NOME | C3: SINALIZAÇÃO HORIZONTAL | D3: COR | E3: TIPO | F3: ESPESSURA | G3: QUANTIDADE | H3: ÁREA TOTAL
B4: LINHA SIMPLES SECCIONADA LMS-2(1x2x0.10) | D4: AMARELA | E4: MECANIZADA | F4: 0.1 | G4: 486.28 | H4: =F4*G4 -> 48.628
B5: LINHA SIMPLES CONTÍNUA | D5: AMARELA | E5: MECANIZADA | F5: 0.1 | G5: 864.67 | H5: =F5*G5 -> 86.467
B6: LINHA SIMPLES SECCIONADA LMS-2(1x2x0.10) | D6: BRANCA | E6: MECANIZADA | F6: 0.1 | G6: 0 | H6: =F6*G6 -> 0
B7: LINHA SIMPLES CONTÍNUA | D7: BRANCA | E7: MECANIZADA | F7: 0.1 | G7: 0 | H7: =F7*G7 -> 0
B8: LCA-CANALIZAÇÃO | D8: BRANCA | E8: MECANIZADA | F8: 0.1 | G8: 0 | H8: =G8*F8 -> 0
B9: ZEBRADO DE ÁREA NÃO UTILIZÁVEL | D9: BRANCA | E9: MECANIZADA | F9: 0.3 | G9: 0 | H9: =G9*F9 -> 0
B10: ZEBRADO DE ÁREA NÃO UTILIZÁVEL | D10: AMARELA | E10: MECANIZADA | F10: 0.3 | G10: 0 | H10: =G10*F10 -> 0
B11: LINHA SIMPLES CONTÍNUA-CICLOVIA | D11: VERMELHA | E11: MECANIZADA | F11: 0.1 | G11: 0 | H11: =G11*F11 -> 0
B12: LINHA SIMPLES CONTÍNUA-CICLOVIA | D12: BRANCA | E12: MECANIZADA | F12: 0.2 | G12: 0 | H12: =G12*F12 -> 0
B13: QUANTIDADE DA SINALIZAÇÃO HORIZONTAL (PINTURA MANUAL)
B14: NOME | C14: SINALIZAÇÃO HORIZONTAL | D14: COR | E14: ÁREA UNITÁRIA | F14: ESPESSURA | G14: QUANTIDADE | H14: ÁREA TOTAL
B15: PARADA OBRIGATÓRIA | D15: BRANCA | E15: 1.45 | F15: 0 | G15: 10 | H15: =E15*G15 -> 14.5
B16: LINHA DE RETENÇÃO | D16: BRANCA | E16: - | F16: 0.4 | G16: 94.27 | H16: =F16*G16 -> 37.708
B17: LINHA DE RETENÇÃO - 0,30 M | D17: BRANCA | E17: - | F17: 0.3 | G17: 0 | H17: =F17*G17 -> 0
B18: FAIXA DE PEDESTRE | D18: BRANCA | E18: =4*0.4 -> 1.6 | F18: 0.4 | G18: =(2*7)+(2*8) -> 30 | H18: =G18*E18 -> 48
B19: SENTIDO DE CIRCULAÇÃO DA VIA | D19: BRANCA | E19: 1.1 | F19: - | G19: 26 | H19: =E19*G19 -> 28.6
B20: SÍMBOLO "DÊ A PREFERÊNCIA" | D20: BRANCA | E20: 1.6 | F20: - | G20: 0 | H20: =G20*E20 -> 0
B21: LINHA DE "DÊ A PREFERÊNCIA" | D21: BRANCA | E21: - | F21: 0.4 | G21: 0 | H21: =F21*G21 -> 0
B22: MOF-MUDANÇA DE FAIXA-5m | D22: BRANCA | E22: 3.84 | F22: - | G22: 0 | H22: =G22*E22 -> 0
B23: SIMBOLO "BICICLETA" - 1,5m - CICLOVIA | D23: BRANCA | E23: 0.28 | F23: - | G23: 0 | H23: =G23*E23 -> 0
B24: SENTIDO DE CIRCULAÇÃO DA VIA - CICLOVIA | D24: BRANCA | E24: 0.34 | F24: - | G24: 0 | H24: =G24*E24 -> 0
B25: CRUZAMENTO RODOCICLOVIÁRIO | D25: VERMELHO | E25: - | F25: - | G25: 0 | H25: =G25 -> 0
B26: TAXÃO BI- ESPAÇADOS 1M - CIUCLOVIA | D26: - | E26: - | F26: - | G26: 0 | H26: =ROUND(G26,0) -> 0 | I26: UNIDADES
B27: TOTAL DE PINTURA DE EIXO VIÁRIO MECANIZADA: | G27: =TRUNC(SUM(G4:G12),2)-G10-G9 -> 1350.95 | H27: m
B28: TOTAL DE PINTURA DE FAIXA DE PEDESTRE, ZEBRADO E LINHA DE RETENÇÃO: | G28: =H16+H18+H21+H17+H10+H9 -> 85.708 | H28: m²
B29: TOTAL DE PINTURA DE SÍMBOLOS E TEXTO: | G29: =H15+H19+H22+H20+H23+H24 -> 43.1 | H29: m²
B30: TOTAL DE PINTURA DE SÍMBOLOS E TEXTO - CICLOVA: | G30: =H23+H24 -> 0 | H30: m²
B31: TAXÃO BI-ESPAÇADOS 1M - CICLOVIA | G31: =H26 -> 0 | H31: Unidades
B32: TOTAL DE PINTURA DE CRUZAMENTO RODOCICLOVIÁRIO: | G32: =H25 -> 0 | H32: m²
B34: QUANTIDADE DA SINALIZAÇÃO VERTICAL
B35: NOME | C35: PLACA | D35: CÓDIGO | E35: DIMENS. | F35: QUANT. | G35: ÁREA UNITARIA | H35: ÁREA TOTAL
B36: PARADA OBRIGATÓRIA | D36: R-1 | E36: L0,25 | F36: 10 | G36: 0.3 | H36: =G36*F36 -> 3
B37: VELOCIDADE MÁXIMA | D37: R-19 | E37: D0,50 | F37: 8 | G37: 0.196 | H37: =G37*F37 -> 1.568
B38: FAIXA DE PEDESTRE | D38: A-32B | E38: L0,45 | F38: 0 | G38: =0.45*0.45 -> 0.2025 | H38: =G38*F38 -> 0
B39: RUA SEM SAÍDA | D39: A-45 | E39: L0,45 | F39: 0 | G39: =0.45*0.45 -> 0.2025 | H39: =G39*F39 -> 0
B40: SENTIDO PROIBIDO | D40: R-3 | E40: D0,50 | F40: 0 | G40: 0.196 | H40: =G40*F40 -> 0
B41: SENTIDO DE CIRCULAÇÃO DA VIA | D41: R-24A | E41: D0,50 | F41: 0 | G41: 0.196 | H41: =G41*F41 -> 0
B42: PROIBIDO VIRAR À DIREITA | D42: R-4B | E42: D0,50 | F42: 0 | G42: 0.2 | H42: =G42*F42 -> 0
B43: PROIBIDO VIRAR À ESQUERDA | D43: R-4B | E43: D0,50 | F43: 0 | G43: 0.2 | H43: =G43*F43 -> 0
B44: DUPLO SENTIDO DE CIRCULAÇÃO | D44: R-28 | E44: D0,50 | F44: 0 | G44: 0.2 | H44: =G44*F44 -> 0
B45: SENTIDO CIRCULAR OBRIGATÓRIO | D45: R-25B | E45: D0,50 | F45: 0 | G45: 0.2 | H45: =G45*F45 -> 0
B46: TOTAL DE PLACAS (ATÉ 0,36 m²): | F46: =SUM(F36:F45) -> 18 | G46: =SUM(F36:F45) -> 18 | H46: und
B47: TOTAL DE PLACAS (> 0,36 m²): | F47: =SUM(F37:F46) -> 26 | G47: 0 | H47: und
B48: IDENTIFICAÇÃO DE LOGRADOURO
B49: NOME | C49: PLACA | D49: DIMENS. | E49: QUANT. | F49: POSTES | G49: ÁREA UNITARIA | H49: ÁREA TOTAL
B50: PLACA LOGRADOURO | D50: 0,45x0,20 | E50: 20 | F50: =E50/2 -> 10 | G50: =0.45*0.2 -> 0.09 | H50: =+E50*G50 -> 1.8
B51: TOTAL DE PLACA DE LOGRADOURO: | G51: =E50 -> 20 | H51: und
B52: TOTAL DE SUPORTE DE PLACA DE LOGRADOURO: | G52: =F50 -> 10 | H52: und

Sheet SINALIZAÇÃO - JDA-E2
B2: JARDIM ANTUNES - CORONEL SAPUCAIA
B4: QUANTIFICAÇÃO DA SINALIZAÇÃO VERTICAL E HORIZONTAL
B5: SINALIZAÇÃO HORIZONTAL (PINTURA MECANIZADA)
B6: NOME | C6: SINALIZAÇÃO HORIZONTAL | D6: COR | E6: TIPO | F6: ESPESSURA | G6: QUANTIDADE | H6: ÁREA TOTAL
B7: FAIXA TRACEJADA | D7: AMARELA | E7: MECANIZADA | F7: 0.1 | G7: =426.27/3 -> 142.09 | H7: =F7*G7 -> 14.209
B8: FAIXA CONTÍNUA | D8: AMARELA | E8: MECANIZADA | F8: 0.1 | G8: 737.25 | H8: =F8*G8 -> 73.725
B9: TOTAL | G9: =SUM(G7:G8) -> 879.34
B10: SINALIZAÇÃO HORIZONTAL (PINTURA MANUAL)
B11: PINTURA DE FAIXA DE PEDESTRE, ZEBRADO E LINHA DE RETENÇÃO
B12: NOME | C12: SINALIZAÇÃO HORIZONTAL | D12: COR | E12: ÁREA UNITÁRIA | F12: LARGURA | G12: QUANTIDADE | H12: ÁREA TOTAL
B13: LINHA DE RETENÇÃO | D13: BRANCA | E13: - | F13: 0.4 | G13: 79 | H13: =F13*G13 -> 31.6
B14: FAIXA DE PEDESTRE | D14: BRANCA | E14: =4*0.4 -> 1.6 | F14: 0.4 | G14: 620 | H14: =F14*G14 -> 248
B15: TOTAL | H15: =SUM(H13:H14) -> 279.6
B16: PINTURA DE SÍMBOLOS E TEXTO
B17: SENTIDO DE CIRCULAÇÃO DA VIA | D17: BRANCA | E17: 1.1 | F17: - | G17: 22 | H17: =E17*G17 -> 24.2
B18: PARADA OBRIGATÓRIA | D18: BRANCA | E18: 2.92 | F18: 1.45 | G18: 16 | H18: =E18*G18 -> 46.72
B19: TOTAL | H19: =SUM(H17:H18) -> 70.92
B20: SINALIZAÇÃO VERTICAL
B21: NOME | C21: PLACA | D21: CÓDIGO | E21: DIMENS. | F21: QUANT. | G21: ÁREA UNITARIA | H21: ÁREA TOTAL
B22: PARADA OBRIGATÓRIA | D22: R-1 | E22: L0,35 | F22: 16 | G22: 0.59 | H22: =G22*F22 -> 9.44
B23: VELOCIDADE MÁXIMA | D23: R-19 | E23: D0,60 | F23: 12 | G23: 0.36 | H23: =G23*F23 -> 4.32
B24: TOTAL | F24: =SUM(F22:F23) -> 28
B25: IDENTIFICAÇÃO DE LOGRADOURO
B26: NOME | C26: PLACA | D26: DIMENS. | E26: QUANT. | F26: POSTES | G26: ÁREA UNITARIA | H26: ÁREA TOTAL
B27: PLACA LOGRADOURO | D27: 0,45x0,25 | E27: 0 | F27: 0 | G27: =0.45*0.25 -> 0.1125 | H27: =+E27*G27 -> 0
B28: IDENTIFICAÇÃO DE LOGRADOURO | K28: '
B29: NOME | C29: PLACA | D29: DIMENS. | E29: QUANT. | F29: POSTES | G29: ÁREA UNITARIA | H29: ÁREA TOTAL
B30: PLACA LOGRADOURO | D30: 0,45x0,25 | E30: 8 | F30: =E30/2 -> 4 | G30: =0.45*0.25 -> 0.1125 | H30: =+E30*G30 -> 0.9
